Workbook

Sheet CK GASTOS OSN PD MES 1
A1: MINISTERIO DE CULTURA JUVENTUD Y DEPORTES
A2: CENTRO NACIONAL DE LA MUSICA
A3: PRODUCCION OSN | Y3: =+X42+AG36+AG38 -> 0 | CR3: 1538061.4
A4: INFORME DE EJECUCION PRESUPUESTARIO 2024, EGRESOS | H4: 43099.35 | CR4: 7828.5
CN5: 200 | CO5: 202
A6: FECHA | B6: DOCTO # | C6: DETALLE PAGO | D6: 0.01.01 | E6: 0.01.05 | F6: 0.02.01 | G6: 0.02.04 | H6: 0.03.01 | I6: 0.03.02 | J6: 0.03.03 | K6: 0.03.04 | L6: 0.03.99 | M6: 0.04.01 | N6: 0.04.05 | O6: 0.05.01 | P6: 0.05.02 | Q6: 0.05.03 | R6: 0.05.05 | S6: 1.01.01 | T6: 1.01.02 | U6: 1.01.03 | V6: 1.01.04 | W6: 1.01.99 | X6: 1.02.01 | Y6: 1.02.02 | Z6: 1.02.03 | AA6: 1.02.04 | AB6: 1.03.01 | AC6: 1.03.02 | AD6: 1.03.03 | AE6: 1.03.04 | AF6: 1.03.05 | AG6: 1.03.06 | AH6: 1.04.02 | AI6: 1.04.03 | AJ6: 1.04.04 | AK6: 1.04.05 | AL6: 1.04.06 | AM6: 1.04.99 | AN6: 1.05.01 | AO6: 1.05.02 | AP6: 1.05.03 | AQ6: 1.05.04 | AR6: 1.06.01 | AS6: 1.07.01 | AT6: 1.07.02 | AU6: 1.07.03 | AV6: 1.08.01 | AW6: 1.08.04 | AX6: 1.08.05 | AY6: 1.08.06 | AZ6: 1.08.07 | BA6: 1.08.08. | BB6: 1.08.99 | BC6: 1.09.02 | BD6: 1.09.99 | BE6: 1.99.02 | BF6: 1.99.99 | BG6: 2.01.01 | BH6: 2.01.02 | BI6: 2.01.04 | BJ6: 2.01.99 | BK6: 2.02.03 | BL6: 2.03.01 | BM6: 2.03.03 | BN6: 2.03.04 | BO6: 2.03.05 | BP6: 2.03.06 | BQ6: 2.03.99 | BR6: 2.04.01 | BS6: 2.04.02 | BT6: 2.99.01 | BU6: 2.99.03 | BV6: 2.99.04 | BW6: 2.99.05 | BX6: 2.99.06 | BY6: 2.99.07 | BZ6: 2.99.99 | CA6: 3.04.05 | CB6: 5.01.01 | CC6: 5.01.02 | CD6: 5.01.03 | CE6: 5.01.04 | CF6: 5.01.05 | CG6: 5.01.07 | CH6: 5.01.99 | CI6: 5.02.01 | CJ6: 5.02.99 | CK6: 5.99.03 | CL6: 5.99.99 | CM6: 6.01.02 | CN6: 6.01.03 | CO6: 6.01.03 | CP6: 6.02.99 | CQ6: 6.03.01 | CR6: 6.03.99 | CS6: 6.04.01 | CT6: 6.07.01 | CU6: 9.02.01
A8: 45582 | B8: 36227087-4 | C8: RICARDO RUBI CAJA CHICA #22 1.05.01 | AN8: 840
A9: 45582 | B9: 36227087-4 | C9: RICARDO RUBI CAJA CHICA #22 1.08.01 | AV9: 4200
A10: 45582 | B10: 36227087-4 | C10: RICARDO RUBI CAJA CHICA #22 2.04.01 | BR10: 64000
A11: 45582 | B11: 36227087-4 | C11: RICARDO RUBI CAJA CHICA #22 2.99.04 | BV11: 21450
A12: 45582 | B12: 36227087-4 | C12: RICARDO RUBI CAJA CHICA #22 2.99.06 | BX12: 7200.01
A14: 45583 | B14: 36227088-1 | C14: RICARDO RUBI CAJA CHICA #23 1.05.01 | AN14: 1675
A15: 45583 | B15: 36227088-1 | C15: RICARDO RUBI CAJA CHICA #23 1,08,05 | AX15: 10825
A16: 45583 | B16: 36227088-1 | C16: RICARDO RUBI CAJA CHICA #23 2,01,01 | BG16: 9000
A17: 45583 | B17: 36227088-1 | C17: RICARDO RUBI CAJA CHICA #23 2,03,01 | BL17: 1000
A18: 45583 | B18: 36227088-1 | C18: RICARDO RUBI CAJA CHICA #23 2,03,03 | BM18: 14300
A19: 45583 | B19: 36227088-1 | C19: RICARDO RUBI CAJA CHICA #23 2,99,01 | BT19: 1800
A20: 45583 | B20: 36227088-1 | C20: RICARDO RUBI CAJA CHICA #23 2,99,06 | BX20: 3000
A21: 45583 | B21: 36227088-1 | C21: RICARDO RUBI CAJA CHICA #23 1,08,07 | AZ21: 22399.56
A23: 45596 | C23: RICARDO RUBI CAJA CHICA #23 1,05,01 | AN23: 2015
C24: RICARDO RUBI CAJA CHICA #23 1,99,99 | BF24: 7926.95
C25: RICARDO RUBI CAJA CHICA #23 2,01,01 | BG25: 31500
C26: RICARDO RUBI CAJA CHICA #23 2,03,01 | BL26: 1840
C27: RICARDO RUBI CAJA CHICA #23 2,03,05 | BO27: 10000
C28: RICARDO RUBI CAJA CHICA #23 2,03,06 | BP28: 940
B30: 0.01.01 | C30: Sueldos para cargos fijos | D30: 21799888
B31: 0.03.01 | C31: Retribución por años servidos | H31: 8263244.1
B32: 0.03.99 | C32: Otros incentivos salariales | L32: 3455073.6
B33: 0.03.03 | C33: Prohibicion
B34: 0.02.01 | C34: Tiempo extraordinario
B35: 0.03.02 | C35: Restricción al ejercicio liberal de la profesión | I35: 1864586.1
B36: 6.03.99 | C36: Otras prestaciones | CR36: 190493.9
C37: Otras prestaciones INM | CR37: 343640.55
B38: 0.01.05 | C38: Suplencias
B40: 00-004-05 | C40: Aporte Patronal BPDC | N40: 335825
B41: 00-004-01 | C41: Enferm y Maternidad | M41: 9207483
B42: 00-005-01 | C42: Invalidez, Vejez y Muerte | O42: 3640351
B43: 00-005-02 | C43: Fondo Pens Complementaria | P43: 2014957
B44: 00-005-03 | C44: Fondo de capitalización Laboral | Q44: 1007479
C46: ND CC AYA BANCOBCR // AYA 0003402713 | X46: 757680
C47: PAGO DE VISA-AUTOMAT (COMBUSTIBLE) | BG47: 175000
C48: COMISION BANCARIA | AG48: 6270
C49: COMISION BANCARIA | AG49: 10330
A50: SPMA-328-2024 | B50: ORD 177V-2024 | C50: VIATICOS | AO50: 5000
A51: SPMA-328-2024 | B51: ORD176V-2024 | C51: VIATICOS | AO51: 5000
A52: ORD509285 | B52: SPMA-341-2024 | C52: ICE 509285 | AA52: 887805.26
A53: ORDSEC-2872 | B53: SPMA-341-2024 | C53: INS SPMA-341-2024 | AR53: 446259
A54: ORD178V | B54: SPMA-344-2024 | C54: VIATICOS | AO54: 5000
A55: ORD179V | B55: SPMA-344-2024 | C55: VIATICOS | AO55: 5000
A56: ORD180V | B56: SPMA-344-2024 | C56: VIATICOS | AO56: 10000
A57: ORD181V | B57: SPMA-344-2024 | C57: VIATICOS | AO57: 10000
A58: ORD182V-2024 | B58: SPMA-344-2024 | C58: VIATICOS | AO58: 42800
A59: ORD183V | B59: SPMA-344-2024 | C59: VIATICOS | AO59: 42800
A60: ORD184V | B60: SPMA-344-2024 | C60: VIATICOS | AO60: 42800
A61: ORD185V | B61: SPMA-344-2024 | C61: VIATICOS | AO61: 42800
A62: ORD186V | B62: SPMA-344-2024 | C62: VIATICOS | AO62: 122200
A63: ORD187V | B63: SPMA-351-2024 | C63: VIATICOS | AO63: 5000
A64: ORD188V | B64: SPMA-351-2024 | C64: VIATICOS | AO64: 5000
A65: ORD189V | B65: SPMA-351-2024 | C65: VIATICOS | AO65: 5000
... A67: ORD191V | B67: SPMA-351-2024 | C67: VIATICOS | AO67: 5000
A69: DEVENGO
A71: ORD2446 | B71: SPMA-415-2024 | C71: EL RULETERO SOCIEDAD ANONIMA | AN71: 124300
A72: ORD2447 | B72: SPMA-415-2024 | C72: EL RULETERO SOCIEDAD ANONIMA | AN72: 180800
A73: ORD390 | B73: SPMA-368-2024 | C73: CARLOS EDUARDO MORA ZUÑIGA | AM73: 779932.8
A74: ORD186443 | C74: RADIOGRAFICA COSTARRICENSE SOCIEDAD ANONIMA -dolar- | AG74: 400986.56
A75: ORD41112 | B75: SPMA-368-2024 | C75: DESATUR COROBICI SOCIEDAD ANONIMA -dolares- | AO75: 395810.02
A76: ORD24079 | B76: SPMA-377-2024 | C76: GLOBALTEC TECHNOLOGIES GMZS SOCIEDAD ANONIMA | AZ76: 230014.08
A77: ORD41113 | B77: SPMA-368-2024 | C77: DESATUR COROBICI SOCIEDAD ANONIMA -dolares- | AO77: 307174.68
A78: ORD2452 | B78: SPMA-415-2024 | C78: EL RULETERO SOCIEDAD ANONIMA | AN78: 73450
A79: ORD585 | B79: SPMA-368-2024 | C79: DATA TELL TRES MIL DE COSTA RICA **Dolares | CF79: 2262098.6
A80: ORD4229 | C80: DESATUR COROBICI SOCIEDAD ANONIMA -dolares- | AO80: 43815.75
A81: ORD215 | B81: SPMA-380-2024 | C81: MUDANZAS INTERNACIONALES 7 MARES S.A. | AE81: 732918
A82: ORD488 | B82: SPMA-368-2024 | C82: GRUPO ACTIVA UNO A UNO MAS SOCIEDAD ANONIMA | AV82: 568279.82
A83: ORD494 | B83: SPMA-368-2024 | C83: GRUPO ACTIVA UNO A UNO MAS SOCIEDAD ANONIMA | AV83: 62991.85
A84: ORD001-2025 | C84: SHARON MARGARET LAVERY | AM84: 1969.2
A85: ORD001-2024 | C85: SHARON MARGARET LAVERY | AM85: 3658562.6
A86: ORD5311 | B86: SPMA-377-2024 | C86: LUTHERIA SAN AGUSTIN SOCIEDAD DE RESPONSABILIDAD LIMITADA | BS86: 919861
A87: ORD001-2025 | C87: MARK ANDREW KOSOWER dólar | AM87: 3778372.8
A88: ORD41312 | B88: SPMA-377-2024 | C88: DESATUR COROBICI SOCIEDAD ANONIMA -dolares- | AO88: 306958.41
A89: ORD2398 | B89: SPMA-377-2024 | C89: GUSTAVO ADOLFO ARAYA SALGADO | BV89: 252080.4
A90: ORD192V | B90: SPMA-368-2024 | C90: JUAN CARLOS DE LOS ANGELES MORA SEQUEIRA | AO90: 5000
A91: ORD193V | B91: SPMA-368-2024 | C91: GEINER SEVILLA GODINEZ | AO91: 5000
A92: ORD194V | B92: SPMA-368-2024 | C92: MIGUEL EDUARDO FALLAS CAMACHO | AO92: 5000
A93: ORD258 | B93: SPMA-368-2024 | C93: WILLIAM PEDRO GUZMAN BERMUDEZ | BB93: 499400
A94: ORD2495 | B94: SPMA-415-2024 | C94: EL RULETERO SOCIEDAD ANONIMA | AN94: 180800
A95: ORD76 | B95: SPMA-380-2024 | C95: GIANCARLO RODRIGUEZ TORRES | AM95: 1149425.3
A96: ORD4 | B96: SPMA-377-2024 | C96: MARIANELA MORA ARAYA | AM96: 1149425.3
A97: ORD8360 | B97: SPMA-377-2024 | C97: FIEUYEA SOCIEDAD ANONIMA | AX97: 160206.88
A99: II quincena | B99: 0.01.01 | C99: Sueldos para cargos fijos | D99: 22907650
A100: II quincena | B100: 0.03.01 | C100: Retribución por años servidos | H100: 7750875.2
A101: II quincena | B101: 0.03.99 | C101: Otros incentivos salariales | L101: 3459506
A102: II quincena | B102: 0.03.03 | C102: Prohibicion
A103: II quincena | B103: 0.02.01 | C103: Tiempo extraordinario
A104: II quincena | B104: 0.03.02 | C104: Restricción al ejercicio liberal de la profesión | I104: 1859385
A105: II quincena | B105: 6.03.99 | C105: Otras prestaciones
A106: II quincena | C106: Otras prestaciones INM
A107: II quincena | B107: 0.01.05 | C107: Suplencias
A109: ajustes cln | B109: 0.01.01 | C109: Sueldos para cargos fijos | D109: 439684.38
A110: ajustes cln | B110: 0.03.02 | C110: Restricción al ejercicio liberal de la profesión | I110: 78175
A111: ajustes cln | B111: 6.03.99 | C111: Otras prestaciones | CR111: 28482.35
...

Sheet CK GASTOS OSN PD MES 2
A1: MINISTERIO DE CULTURA JUVENTUD Y DEPORTES
A2: CENTRO NACIONAL DE LA MUSICA | I2: 3057745 | J2: 513051.25 | K2: =+I2+J2 -> 3570796.2
A3: PRODUCCION OSN | I3: 3015546.2 | J3: 513051.25 | K3: =+I3+J3 -> 3528597.5 | CR3: 48920.3
A4: =+'CK GASTOS OSN PD MES 1'!A4 -> INFORME DE EJECUCION PRESUPUESTARIO 2024, EGRESOS | K4: =+K2+K3 -> 7099393.8 | AO4: 44629.41 | AX4: 1716619.9 | CR4: 591 298,75
CN5: 200 | CO5: 202
A6: FECHA | B6: DOCTO # | C6: DETALLE PAGO | D6: 0.01.01 | E6: 0.01.05 | F6: 0.02.01 | G6: 0.02.04 | H6: 0.03.01 | I6: 0.03.02 | J6: 0.03.03 | K6: 0.03.04 | L6: 0.03.99 | M6: 0.04.01 | N6: 0.04.05 | O6: 0.05.01 | P6: 0.05.02 | Q6: 0.05.03 | R6: 0.05.05 | S6: 1.01.01 | T6: 1.01.02 | U6: 1.01.03 | V6: 1.01.04 | W6: 1.01.99 | X6: 1.02.01 | Y6: 1.02.02 | Z6: 1.02.03 | AA6: 1.02.04 | AB6: 1.03.01 | AC6: 1.03.02 | AD6: 1.03.03 | AE6: 1.03.04 | AF6: 1.03.05 | AG6: 1.03.06 | AH6: 1.04.02 | AI6: 1.04.03 | AJ6: 1.04.04 | AK6: 1.04.05 | AL6: 1.04.06 | AM6: 1.04.99 | AN6: 1.05.01 | AO6: 1.05.02 | AP6: 1.05.03 | AQ6: 1.05.04 | AR6: 1.06.01 | AS6: 1.07.01 | AT6: 1.07.02 | AU6: 1.07.03 | AV6: 1.08.01 | AW6: 1.08.04 | AX6: 1.08.05 | AY6: 1.08.06 | AZ6: 1.08.07 | BA6: 1.08.08. | BB6: 1.08.99 | BC6: 1.09.02 | BD6: 1.09.99 | BE6: 1.99.02 | BF6: 1.99.99 | BG6: 2.01.01 | BH6: 2.01.02 | BI6: 2.01.04 | BJ6: 2.01.99 | BK6: 2.02.03 | BL6: 2.03.01 | BM6: 2.03.03 | BN6: 2.03.04 | BO6: 2.03.05 | BP6: 2.03.06 | BQ6: 2.03.99 | BR6: 2.04.01 | BS6: 2.04.02 | BT6: 2.99.01 | BU6: 2.99.03 | BV6: 2.99.04 | BW6: 2.99.05 | BX6: 2.99.06 | BY6: 2.99.07 | BZ6: 2.99.99 | CA6: 3.04.05 | CB6: 5.01.01 | CC6: 5.01.02 | CD6: 5.01.03 | CE6: 5.01.04 | CF6: 5.01.05 | CG6: 5.01.07 | CH6: 5.01.99 | CI6: 5.02.01 | CJ6: 5.02.99 | CK6: 5.99.03 | CL6: 5.99.99 | CM6: 6.01.02 | CN6: 6.01.03 | CO6: 6.01.03 | CP6: 6.02.99 | CQ6: 6.03.01 | CR6: 6.03.99 | CS6: 6,04,01 | CT6: 6.07.01 | CU6: 9.02.01
A8: 45583 | B8: 36227091-0 | C8: RICARDO RUBI CAJA CHICA #25 1.05.02 | AO8: 200
A9: 45583 | B9: 36227091-0 | C9: RICARDO RUBI CAJA CHICA #25 2.01.01 | BG9: 75669
A11: 45583 | C11: RICARDO RUBI CAJA CHICA #26 1.05.02 | AO11: 14060
A12: 45583 | C12: RICARDO RUBI CAJA CHICA #26 1.08.99 | BB12: 132000
A13: 45583 | C13: RICARDO RUBI CAJA CHICA #26 1.08.07 | AZ13: 9944
A15: 45618 | C15: RICARDO RUBI CAJA CHICA #27 1.04.99 | AM15: 85000
A16: 45618 | C16: RICARDO RUBI CAJA CHICA #27 1.05.02 | AO16: 700
A17: 45618 | C17: RICARDO RUBI CAJA CHICA #27 1.08.08 | BA17: 10499.96
A18: 45618 | C18: RICARDO RUBI CAJA CHICA #27 1.09.99 | BD18: 53230.91
A19: 45618 | C19: RICARDO RUBI CAJA CHICA #27 2.03.04 | BN19: 6394.13
A20: 45618 | C20: RICARDO RUBI CAJA CHICA #27 2.04.01 | BR20: 13899.99
A22: APORTE PATRONAL LEY N°17 CONSTITUTIVA DE LA CCSS 1,57% (octubre) | CN22: 1186850.7
A23: APORTE PATRONAL LEY N°17 CONSTITUTIVA DE LA CCSS 0,25% (octubre) | CO23: 188988.96
A25: I QUINCENA | B25: 0.01.01 | C25: Sueldos para cargos fijos | D25: 23171026
A26: I QUINCENA | B26: 0.03.01 | C26: Retribución por años servidos | H26: 7743578.7
A27: I QUINCENA | B27: 0.03.99 | C27: Otros incentivos salariales | L27: 3442458.5
A28: I QUINCENA | B28: 0.03.03 | C28: Prohibicion
A29: I QUINCENA | B29: 0.02.01 | C29: Tiempo extraordinario
A30: I QUINCENA | B30: 0.03.02 | C30: Restricción al ejercicio liberal de la profesión | I30: 1859385
A31: I QUINCENA | B31: 6.03.99 | C31: Otras prestaciones | CR31: 117697.8
A32: I QUINCENA | C32: Otras prestaciones INM
A34: I QUINCENA | B34: 0.03.02 | C34: Restricción al ejercicio liberal de la profesión ( INM ) | I34: 78175
A35: I QUINCENA | B35: 6.03.99 | C35: Otras prestaciones ( INM ) | CR35: 121507.45
A36: II QUINCENA | B36: 6.03.99 | C36: Otras prestaciones ( INM ) | CR36: 43379.5
A37: I QUINCENA | B37: 0.03.02 | C37: Restricción al ejercicio liberal de la profesión ( OSN AC ) | I37: 1633236.2
A38: I QUINCENA | B38: 0.01.01 | C38: Sueldos para cargos fijos CLN | D38: 2021459
A39: II QUINCENA | B39: 0.03.02 | C39: Restricción al ejercicio liberal de la profesión ( INM ) | I39: 78175
A41: II QUINCENA | B41: 0.01.01 | C41: Sueldos para cargos fijos | D41: 23241414
A42: II QUINCENA | B42: 0.03.01 | C42: Retribución por años servidos | H42: 7718104.8
A43: II QUINCENA | B43: 0.03.99 | C43: Otros incentivos salariales | L43: 3413288.4
A44: II QUINCENA | B44: 0.03.03 | C44: Prohibicion
A45: II QUINCENA | B45: 0.02.01 | C45: Tiempo extraordinario
A46: II QUINCENA | B46: 0.03.02 | C46: Restricción al ejercicio liberal de la profesión | I46: 1817186
A47: II QUINCENA | B47: 6.03.99 | C47: Otras prestaciones | CR47: 169725.55
A49: ASEMICULTURA | R49: 172608.29
B51: 16419592 | C51: PAGO DE VISA-AUTOMAT COMBUSTIBLE | BG51: 190000
B53: 00-004-05 | C53: Aporte Patronal BPDC | N53: 356802
B54: 00-004-01 | C54: Enferm y Maternidad | M54: 6600819
B55: 00-005-01 | C55: Invalidez, Vejez y Muerte | O55: 3867723
B56: 00-005-02 | C56: Fondo Pens Complementaria | P56: 2140809
B57: 00-005-03 | C57: Fondo de capitalización Laboral | Q57: 1070402
B59: 00-004-01 | C59: Enferm y Maternidad TRASLADO INM | M59: 2964061
B60: 00-004-05 | C60: Aporte Patronal BPDC TRASLADO DE INM | N60: 13149
B62: 00-004-05 | C62: Aporte Patronal BPDC TRASLADO DEL CLN | N62: 20696
B63: 00-005-01 | C63: Invalidez, Vejez y Muerte TRASLADO DEL CLN | O63: 224693
B64: 00-005-02 | C64: Fondo Pens Complementaria TRASLADO DEL CLN | P64: 124196
B65: 00-005-03 | C65: Fondo de capitalización Laboral TRASLADO DEL CLN | Q65: 62098
C67: COMISION BANCARIA | AG67: 4630
A68: SPMA-368-2024 | B68: 203V | C68: SANTIAGO ARAYA VARGAS | AO68: 5000
A69: SPMA-368-2024 | B69: 202V | C69: SANTIAGO ARAYA VARGAS | AO69: 5000
A70: SPMA-368-2024 | B70: 204 | C70: DANNY LEON | AO70: 5000
A71: SPMA-377-2024 | B71: CERT 170 | C71: RECLAMO ADMINISTRATIVO MERCASA | BW71: 68186
A72: SPMA-378-2024 | B72: 203V | C72: JUAN CARLOS MORA SEQUEIRA | AO72: 5000
A73: SPMA-378-2024 | B73: 204V | C73: GEINER SEVILLA | AO73: 5000
A74: SPMA-378-2024 | B74: 205V | C74: DANNY LEON | AO74: 5000
A75: SPMA-378-2024 | B75: 206V | C75: MIGUEL FALLAS | AO75: 5000
A76: SPMA-378-2024 | B76: 207V | C76: SANTIAGO ARAYA VARGAS | AO76: 5000
A78: SPMA-380-2024 | B78: 338 | C78: TECNOLOGIAS ECO SOST | AM78: 186553.71
A79: SPMA-380-2024 | B79: 70 | C79: SOFIA CORRALES LARA | AM79: 999999.71
A80: SPMA-380-2024 | B80: 2756 | C80: JPICADO | AS80: 1000000
A81: SPMA-380-2024 | B81: 187848 | C81: RACSA | AG81: 393328.22
A82: SPMA-387-2024 | B82: 208L C | C82: SANTIAGO ANDRES ARAYA VARGAS | AO82: 5000
A83: SPMA-387-2024 | B83: 209L C | C83: SANTIAGO ANDRES ARAYA VARGAS | AO83: 5000
A84: SPMA-387-2024 | B84: 210L C | C84: SANTIAGO ANDRES ARAYA VARGAS | AO84: 5000
A85: SPMA-387-2024 | B85: 211L C | C85: GREIVIN JOSE GUERRERO SOSA | AO85: 5000
A86: SPMA-387-2024 | B86: 212L C | C86: ANDRES TOBIAS CUBILLO TENORIO | AO86: 5000
A87: SPMA-387-2024 | B87: 213L C | C87: SANTIAGO ANDRES ARAYA VARGAS | AO87: 5000
A88: SPMA-388-2024 | B88: PE-326-1 | C88: POLIZAS DE SEGUROS VEHICULOS | AR88: 75961
A89: SPMA-388-2024 | B89: PE-326-2 | C89: POLIZAS DE SEGUROS VEHICULOS | AR89: 108151
A90: SPMA-380-2024 | B90: 4717 C | C90: RADIOGRAFICA COSTARRICENSE SOCIEDAD ANONIMA -dolar- | BT90: 34037.93
A91: SPMA-391-2024 | B91: DCIR-01CO | C91: INS SEGURO MARCHAMO | AR91: 3681.25
A92: SPMA-391-2024 | B92: 41486 | C92: DESATUR COROBICI SOCIEDAD ANONIMA -dolares- | AO92: 260899.11
A93: SPMA-391-2024 | B93: 41502 | C93: DESATUR COROBICI SOCIEDAD ANONIMA -dolares- | AO93: 304313.99
A94: SPMA-391-2024 | B94: 415 | C94: CARLOS EDUARDO MORA ZUÑIGA | AM94: 454960.8
A95: SPMA-391-2024 | B95: 126 | C95: ALEJANDRO GUTIERREZ MENA | AM95: 2260000
A96: SPMA-415-2024 | B96: 2512 C | C96: EL RULETERO SOCIEDAD ANONIMA | AN96: 1582000
A97: SPMA-415-2024 | B97: 2513 C | C97: EL RULETERO SOCIEDAD ANONIMA | AN97: 180800
A98: SPMA-415-2024 | B98: 2514 C | C98: EL RULETERO SOCIEDAD ANONIMA | AN98: 90400
A99: SPMA-415-2024 | B99: 2517 C | C99: EL RULETERO SOCIEDAD ANONIMA | AN99: 180800
A100: SPMA-406-2024 | B100: 505 C | C100: GRUPO ACTIVA UNO A UNO MAS SOCIEDAD ANONIMA | AV100: 20961.5
A101: SPMA-406-2024 | B101: 506 C | C101: GRUPO ACTIVA UNO A UNO MAS SOCIEDAD ANONIMA | AV101: 316765.36
A102: SPMA-406-2024 | B102: 507 C | C102: GRUPO ACTIVA UNO A UNO MAS SOCIEDAD ANONIMA | AV102: 78198.69
A103: 0001-2024 C | B103: F: 31 | C103: EMILDA MARIA ALEJANDRA FLORES GARCIA -dolares- | AM103: 980110.64
A104: 001-2024 C | B104: F:29 | C104: DANIELA NAVARRO MORA DOLARES | AM104: 2109527.9
A105: DEVENGO
A106: 14731 C | B106: SPMA-403-2024 | C106: DISTRIBUIDORA K & R KARO SOCIEDAD ANONIMA DOLARES | CF106: 1125519.3
A107: 1687 C | B107: SPMA-403-2024 | C107: DISTRIBUIDORA GRUPO MULTISA SOCIEDAD ANONIMA dólar | AZ107: 82151.31
A108: 20 C | B108: SPMA-403-2024 | C108: JOSE ARTURO CHACON GRANADOS | AM108: 1149425.2
A109: 214V C | B109: SPMA-406-2024 | C109: MIGUEL EDUARDO FALLAS CAMACHO | AO109: 20000
A110: 215V C | B110: SPMA-406-2024 | C110: JUAN CARLOS DE LOS ANGELES MORA SEQUEIRA | AO110: 20000
A111: 216V C | B111: SPMA-406-2024 | C111: GEINER SEVILLA GODINEZ | AO111: 20000
A112: 217L C | B112: SPMA-406-2024 | C112: LAURA TATIANA JIMENEZ TASSARA | AO112: 5000
A113: 218L C | B113: SPMA-406-2024 | C113: SANTIAGO ANDRES ARAYA VARGAS | AO113: 5000
A114: 219L C | B114: SPMA-406-2024 | C114: SANTIAGO ANDRES ARAYA VARGAS | AO114: 5000
...

Sheet CK GASTOS OSN PD MES 3
A1: MINISTERIO DE CULTURA JUVENTUD Y DEPORTES
A2: CENTRO NACIONAL DE LA MUSICA
A3: PRODUCCION OSN
A4: =+'CK GASTOS OSN PD MES 1'!A4 -> INFORME DE EJECUCION PRESUPUESTARIO 2024, EGRESOS
A6: FECHA | B6: DOCTO # | C6: DETALLE PAGO | D6: 0.01.01 | E6: 0.01.05 | F6: 0.02.01 | G6: 0.02.04 | H6: 0.03.01 | I6: 0.03.02 | J6: 0.03.03 | K6: 0.03.04 | L6: 0.03.99 | M6: 0.04.01 | N6: 0.04.05 | O6: 0.05.01 | P6: 0.05.02 | Q6: 0.05.03 | R6: 0.05.05 | S6: 1.01.01 | T6: 1.01.02 | U6: 1.01.03 | V6: 1.01.04 | W6: 1.01.99 | X6: 1.02.01 | Y6: 1.02.02 | Z6: 1.02.03 | AA6: 1.02.04 | AB6: 1.03.01 | AC6: 1.03.02 | AD6: 1.03.03 | AE6: 1.03.04 | AF6: 1.03.05 | AG6: 1.03.06 | AH6: 1.04.02 | AI6: 1.04.03 | AJ6: 1.04.04 | AK6: 1.04.05 | AL6: 1.04.06 | AM6: 1.04.99 | AN6: 1.05.01 | AO6: 1.05.02 | AP6: 1.05.03 | AQ6: 1.05.04 | AR6: 1.06.01 | AS6: 1.07.01 | AT6: 1.07.02 | AU6: 1.07.03 | AV6: 1.08.01 | AW6: 1.08.04 | AX6: 1.08.05 | AY6: 1.08.06 | AZ6: 1.08.07 | BA6: 1.08.08. | BB6: 1.08.99 | BC6: 1.09.02 | BD6: 1.09.99 | BE6: 1.99.02 | BF6: 1.99.99 | BG6: 2.01.01 | BH6: 2.01.02 | BI6: 2.01.04 | BJ6: 2.01.99 | BK6: 2.02.03 | BL6: 2.03.01 | BM6: 2.03.03 | BN6: 2.03.04 | BO6: 2.03.05 | BP6: 2.03.06 | BQ6: 2.03.99 | BR6: 2.04.01 | BS6: 2.04.02 | BT6: 2.99.01 | BU6: 2.99.03 | BV6: 2.99.04 | BW6: 2.99.05 | BX6: 2.99.06 | BY6: 2.99.07 | BZ6: 2.99.99 | CA6: 3.04.05 | CB6: 5.01.01 | CC6: 5.01.02 | CD6: 5.01.03 | CE6: 5.01.04 | CF6: 5.01.05 | CG6: 5.01.07 | CH6: 5.01.99 | CI6: 5.02.01 | CJ6: 5.02.99 | CK6: 5.99.03 | CL6: 5.99.99 | CM6: 6.01.02 | CN6: 6.01.03 | CO6: 6.01.03 | CP6: 6.02.99 | CQ6: 6.03.01 | CR6: 6,03,99 | CS6: 6.04.01 | CT6: 6,06,01 | CU6: 9.02.01
A9: 45643 | B9: 36227094-1 | C9: RICARDO RUBI CAJA CHICA #28 1,05,01 | AN9: 1950
A10: 45643 | B10: 36227094-1 | C10: RICARDO RUBI CAJA CHICA #28 1,08,99 | BB10: 167999.99
A11: 45643 | B11: 36227094-1 | C11: RICARDO RUBI CAJA CHICA #28 2,99,99 | BZ11: 1699.99
A12: 45643 | B12: 36227094-1 | C12: RICARDO RUBI CAJA CHICA #28 2,99,03 | BU12: 5800.07
A13: 45643 | B13: 36227094-1 | C13: RICARDO RUBI CAJA CHICA #28 2,99,04 | BV13: 4999.6
A15: 45643 | B15: 36227095-6 | C15: RICARDO RUBI CAJA CHICA #29 1,05,01 | AN15: 700
A16: 45643 | B16: 36227095-6 | C16: RICARDO RUBI CAJA CHICA #29 1,08,05 | AX16: 34949.77
A17: 45643 | B17: 36227095-6 | C17: RICARDO RUBI CAJA CHICA #29 1,99,99 | BF17: 85000
A19: 45643 | B19: 36227096-2 | C19: RICARDO RUBI CAJA CHICA #30 2,02,03 | BK19: 22462.5
A20: 45643 | B20: 36227096-2 | C20: RICARDO RUBI CAJA CHICA #30 2,99,03 | BU20: 65500
A21: 45643 | B21: 36227096-2 | C21: RICARDO RUBI CAJA CHICA #30 2,01,01 | BG21: 25000
A22: 45643 | B22: 36227096-2 | C22: RICARDO RUBI CAJA CHICA #30 1,05,01 | AN22: 13780.22
A24: APORTE PATRONAL LEY N°17 CONSTITUTIVA DE LA CCSS 1,57% (noviembre) I QUINCENA | CN24: 568598.24
A25: APORTE PATRONAL LEY N°17 CONSTITUTIVA DE LA CCSS 0,25% (noviembre) I QUINCENA | CO25: 90541.12
A27: APORTE PATRONAL LEY N°17 CONSTITUTIVA DE LA CCSS 1,57% (noviembre) I QUINCENA CLN | CN27: 65891.87
A28: APORTE PATRONAL LEY N°17 CONSTITUTIVA DE LA CCSS 0,25% (noviembre) I QUINCENA CLN | CO28: 10492.34
A30: APORTE PATRONAL LEY N°17 CONSTITUTIVA DE LA CCSS 1,57% (noviembre) II QUINCENA | CN30: 568182.9
A31: APORTE PATRONAL LEY N°17 CONSTITUTIVA DE LA CCSS 0,25% (noviembre) II QUINCENA | CO31: 90474.98
C33: ND CC AYA BANCOBCR // AYA 0003402713 | X33: 12861
A35: ASEMICULTURA | R35: 458255.92
C37: AGUINALDOS | J37: 76038494
A39: CLN | B39: 00-004-05 | C39: Aporte Patronal BPDC | N39: 20984
A40: CLN | B40: 00-004-01 | C40: Enferm y Maternidad | M40: 388216
A41: CLN | B41: 00-005-01 | C41: Invalidez, Vejez y Muerte | O41: 227474
A42: CLN | B42: 00-005-02 | C42: Fondo Pens Complementaria | P42: 125908
A43: CLN | B43: 00-005-03 | C43: Fondo de capitalización Laboral | Q43: 62954
A45: INM | B45: 00-004-05 | C45: Aporte Patronal BPDC | N45: 165740
A46: INM | B46: 00-004-01 | C46: Enferm y Maternidad | M46: 3067926
A47: OSN AC | B47: 00-004-01 | C47: Enferm y Maternidad | M47: 2171448
A48: PRODUCCION OSN | B48: 00-004-05 | C48: Aporte Patronal BPDC | N48: 362032
A49: PRODUCCION OSN | B49: 00-004-01 | C49: Enferm y Maternidad | M49: 6697596
A50: PRODUCCION OSN | B50: 00-005-01 | C50: Invalidez, Vejez y Muerte | O50: 3924429
A51: PRODUCCION OSN | B51: 00-005-02 | C51: Fondo Pens Complementaria | P51: 2172192
A52: PRODUCCION OSN | B52: 00-005-03 | C52: Fondo de capitalización Laboral | Q52: 1086099
B54: 0.01.01 | C54: Sueldos para cargos fijos
B55: 0.03.01 | C55: Retribución por años servidos
B56: 0.03.99 | C56: Otros incentivos salariales
B57: 0.03.03 | C57: Prohibicion
B58: 0.02.01 | C58: Tiempo extraordinario
A59: II QUINCENA OSN AC | B59: 0.03.02 | C59: Restricción al ejercicio liberal de la profesión | I59: 444986.26
C61: Otras prestaciones INM
B62: 0.01.05 | C62: Suplencias
A63: II QUINCENA | B63: 6.03.99 | C63: Otras prestaciones | CR63: 3770
A65: CLN | B65: 0.01.01 | C65: Sueldos para cargos fijos | D65: 2028459
A66: I Q INM | B66: 6.03.99 | C66: Otras prestaciones | CR66: 6406.8
B67: 0.03.99 | C67: Otros incentivos salariales
B68: 0.03.03 | C68: Prohibicion
B70: 0.03.02 | C70: Restricción al ejercicio liberal de la profesión
B71: 6.03.99 | C71: Otras prestaciones
C72: Otras prestaciones INM
B73: 0.01.05 | C73: Suplencias
A75: II Q PROD | B75: 0.01.01 | C75: Sueldos para cargos fijos | D75: 24355933
A76: II Q PROD | B76: 0.03.02 | C76: Restricción al ejercicio liberal de la profesión | I76: 759385
A77: II Q PROD | B77: 6.03.99 | C77: Otras prestaciones | CR77: 66130.15
A78: II Q PROD | B78: 0.03.99 | C78: Otros incentivos salariales | L78: 2338467
A80: I Q INM | B80: 0.03.02 | C80: Restricción al ejercicio liberal de la profesión | I80: 78175
A81: I Q INM | B81: 6.03.99 | C81: Otras prestaciones | CR81: 32720.65
A82: I Q AC | B82: 0.03.99 | C82: Otros incentivos salariales | L82: 176748.7
A83: CLN | B83: 0.03.01 | C83: Retribución por años servidos | H83: 43100
A84: I Q | B84: 0.01.01 | C84: Sueldos para cargos fijos | D84: 24294655
A85: I Q | B85: 0.03.01 | C85: Retribución por años servidos | H85: 6899104.5
A86: IQ | B86: 0.03.99 | C86: Otros incentivos salariales | L86: 3560557
A87: I Q | B87: 0.03.02 | C87: Restricción al ejercicio liberal de la profesión | I87: 759385
B88: 6.03.99 | C88: Otras prestaciones | CR88: 140061.75
C89: COMISION BANCARIA | AG89: 4554
A90: SPMA-406 | B90: 221L | C90: DANNY LEON | AO90: 5000
A91: SPMA-415 | B91: 235 | C91: GRUPO CORPORATIVO B Y C DEL ESTE | AI91: 1462500
A92: SPMA-415 | B92: ORDSEC-3607 | C92: INS | AR92: 100297
A93: SPMA-415 | B93: ORD4843 | C93: RACSA | BT93: 98330
A94: SPMA-419 | B94: ORD264L | C94: VIATICOS | AO94: 5000
A95: SPMA-419 | B95: ORD265L | C95: VIATICOS | AO95: 10000
A96: SPMA-419 | B96: ORD266L | C96: VIATICOS | AO96: 10000
A97: SPMA-419 | B97: ORD267L | C97: VIATICOS | AO97: 5000
A98: SPMA-419 | B98: ORD268L | C98: VIATICOS | AO98: 15000
A99: SPMA-419 | B99: ORD269L | C99: VIATICOS | AO99: 5000
A100: SPMA-419 | B100: ORD270L | C100: VIATICOS | AO100: 5000
A101: SPMA-424 | B101: ORD189265 | C101: Comisiones y gastos por serv.financieros | AG101: 116376.83
A102: SPMA-424 | B102: ORD520769 | C102: Servicio de telecomunicaciones | AA102: =867345.71-279283.06 -> 588062.65
A103: SPMA-424 | B103: ORD41863 | C103: Viáticos dentro del país | AO103: 301394.01
A104: SPMA-424 | B104: ORD41864 | C104: DESATOUR | AO104: 85894.13
A105: SPMA-424 | B105: ORD189265 | C105: Comisiones y gastos por serv.financieros | AG105: 274721.55
A106: SPMA-424 | B106: ORD7921 | C106: Mant. y rep. de equipo y mob. de oficina | AZ106: 621500
A107: SPMA-424 | B107: ORD8478 | C107: Mant. y rep. de equipo de transporte | AX107: 87801
A108: SPMA-424 | B108: ORD426 | C108: Otros servicios de gestión y apoyo | AM108: 454960.8
A109: SPMA-425 | B109: VARIOS | C109: VIATICOS | AO109: 10600
A111: DEVENGO
B112: ORD314 | C112: Viáticos dentro del país | AO112: 5000
B113: ORD316 | C113: Viáticos dentro del país | AO113: 5000
B114: ORD4643 | C114: DESATOUR | AO114: 43619.63
B115: ORD4644 | C115: Viáticos dentro del país | AO115: 86021.25
B116: ORD4645 | C116: Viáticos dentro del país | AO116: 43010.63
B117: ORD22253 | C117: Mantenimiento y reparación de otros equi | BB117: 25689.18
B118: ORD510 | C118: GRUPO ACTIVA | AV118: 807950
B119: ORD001-25 | C119: Otros servicios de gestión y apoyo | AM119: 104545
B120: ORD001-2024 | C120: Otros servicios de gestión y apoyo | AM120: 104378.14
...

Sheet Cert.OSN PD
A1: MINISTERIO DE CULTURA JUVENTUD Y DEPORTES | AL1: andres salado | AM1: 3791581.8 | AP1: =+AO1-AO2 -> 0
A2: CENTRO NACIONAL DE LA MUSICA | AH2: =82500-24750 -> 57750 | AI2: 6265 | AK2: 337 231,95 | AL2: sara ferrandez | AM2: 2375914.7 | AN2: 339264 | AR2: =3096216.2-AM9 -> 482990.78 | CD2: bos | CF2: =63630.25-15963.53 -> 47666.72
A3: PRODUCCION OSN | AD3: 732980 | AH3: =+AH2*670 -> 38692500 | AI3: 594 | AL3: paolo bortolamiola | AM3: 464474.73 | AN3: 339264 | BP3: 25790 | BT3: 163719.83 | CD3: =+CF4-CD239 -> 79597.96 | CP3: =+CP4-5615034.84 -> 22131.66
A4: INFORME DE EJECUCION PRESUPUESTARIO 2022, EGRESOS | D4: 0 | E4: 3.326434e+08 | H4: 37907146 | M4: 1437328 | O4: ¢842.197,00 | P4: 466161 | Q4: 233080 | AI4: =+AI2*AI3 -> 3721410 | AK4: =0.61+0.05 -> 0.66 | AL4: wiliam | AM4: 2143033.5 | AN4: 4066560 | AO4: 176672.94 | AP4: =900000/12 -> 75000 | AU4: 25156.1 | CE4: 800000 | CF4: 79597.96 | CP4: =2106138.3+762078.2+2768950 -> 5637166.5
D5: 2 768 950,00 | AL5: leikop | AM5: 3768639.6 | AN5: 4204800 | AO5: =+AO4+AL37 -> -3060.66 | BC5: 32330 | BS5: =+BS81+BS234+BS244 -> 43911.4 | BT5: =+BT263+#REF!+#REF!+#REF!+BT159 -> #REF! | CD5: 15963.53
AN7: -131142.6
Z8: 640544.06
AL9: simon porter | AM9: 2613225.4 | CE9: =+#REF!-CE4 -> #REF! | CM9: 200 | CN9: 202
A10: FECHA | B10: CERT # | C10: DETALLE PAGO | D10: 0.01.01 | E10: 0.01.05 | F10: 0.02.01 | G10: 0.02.04 | H10: 0.03.01 | I10: 0.03.02 | J10: 0.03.03 | K10: 0.03.04 | L10: 0.03.99 | M10: 0.04.01 | N10: 0.04.05 | O10: 0.05.01 | P10: 0.05.02 | Q10: 0.05.03 | R10: 1.01.01 | S10: 1.01.02 | T10: 1.01.03 | U10: 1.01.04 | V10: 1.01.99 | W10: 1.02.01 | X10: 1.02.02 | Y10: 1.02.03 | Z10: 1.02.04 | AA10: 1.03.01 | AB10: 1.03.02 | AC10: 1.03.03 | AD10: 1.03.04 | AE10: 1.03.05 | AF10: 1.03.06 | AG10: 1.04.02 | AH10: 1.04.03 | AI10: 1.04.04 | AJ10: 1.04.05 | AK10: 1.04.06 | AL10: 1.04.99 | AM10: 1.05.01 | AN10: 1.05.02 | AO10: 1.05.03 | AP10: 1.05.04 | AQ10: 1.06.01 | AR10: 1.07.01 | AS10: 1.07.02 | AT10: 1.07.03 | AU10: 1.08.01 | AV10: 1.08.04 | AW10: 1.08.05 | AX10: 1.08.06 | AY10: 1.08.07 | AZ10: 1.08.08. | BA10: 1.08.99 | BB10: 1.09.02 | BC10: 1.09.99 | BD10: 1.99.02 | BE10: 1.99.99 | BF10: 2.01.01 | BG10: 2.01.02 | BH10: 2.01.04 | BI10: 2.01.99 | BJ10: 2.02.03 | BK10: 2.03.01 | BL10: 2.03.03 | BM10: 2.03.04 | BN10: 2.03.05 | BO10: 2.03.06 | BP10: 2.03.99 | BQ10: 2.04.01 | BR10: 2.04.02 | BS10: 2.99.01 | BT10: 2.99.03 | BU10: 2.99.04 | BV10: 2.99.05 | BW10: 2.99.06 | BX10: 2.99.07 | BY10: 2.99.99 | BZ10: 3.04.05 | CA10: 5.01.01 | CB10: 5.01.02 | CC10: 5.01.03 | CD10: 5.01.04 | CE10: 5.01.05 | CF10: 5.01.07 | CG10: 5.01.99 | CH10: 5.02.01 | CI10: 5.02.99 | CJ10: 5.99.03 | CK10: 5.99.99 | CL10: 6.01.02 | CM10: 6.01.03 | CN10: 6.01.03 | CO10: 6.02.99 | CP10: 6.03.01 | CQ10: 6.03.99 | CR10: 6.06.01 | CS10: 6,04.01
A13: 45302 | B13: 01 | C13: CONTRATACION UTILERIA DEL INM Y OSN | AL13: 2000000
A14: 45303 | B14: 02 | C14: TRANSPORTE DE PERSONAS | AM14: 9500000
A15: 45320 | B15: 05 | C15: CONTRATACION EDITUS 4 CONCIERTOS DEL 12 AL 22 DE FEBRERO | AL15: 7910000
A16: 45320 | B16: 06 | C16: CONTRATACION ALEJANDRO GUTIERREZ CONCIERTOS DE SAX FES DEL 26 AL 1 DE MARZO | AL16: 3955000
C17: LIQUIDACION #06 | AL17: -2260000
A18: 45607 | B18: 06 AJUSTE | C18: ALEJANDRO GUTIERREZ | AL18: =2260000-106668.7 -> 2153331.3
A19: 45320 | B19: 08 | C19: RECLAMO ADMINISTRATIVO POR REAJUSTE DE PRECIOS MUEBLES CROMETAL S.A | CD19: 152593.74
C20: SE CADUCA CERTI 08 | CD20: -42664.39
A21: 45320 | B21: 09 | C21: TRANSPORTE DE INSTRUMENTOS PARA EL 2024 | AD21: 7000000
A22: 45322 | B22: 12 | C22: VIATICOS FUNCIONARIO CNM | AN22: 1000000
AN23: -376500
A24: 45331 | B24: 20 | C24: TELECOMUNICACIONES CNM | Z24: =11839774-4000000 -> 7839774
C25: CADUCAR SALDO #20 OSN 1
A26: 45331 | B26: 21 | C26: REPARACIONES Y MANTENIMIENTO DEL EDIFICIO | AU26: 4930288.9
C27: SE CADUCA CERTIFICACION 21 | AU27: -11.31
A28: 45334 | B28: 22 | C28: CONTRATACION ANDRES SALADO DIRECTOR I CTO TO 8 Y 10 DE MARZO | AL28: 5056725
C29: SE CADUCA CERTI 22 (resto el monto caducado y resto el diferencial cambiario para que al sumarlo me de exactamente el monto incluido de la factura.) | AL29: =-596040.5 -> -596040.5
C30: CADUCA LA ORDEN 556 | AL30: -11913.75
A31: 45331 | B31: 22-1 | C31: PRESTACIONES LEGALES JAIME DEL VALLE | CP31: 5682236
A32: 45334 | B32: 23 | C32: CONTRATACION SARA FERRANDEZ SOLISTA INVITADA I CTO TO 8 Y 10 MARZO | AL32: 3168690
C33: SE CADUCA CERTI 23 | AL33: -373496.2
C34: CADUCA LA ORDEN 555 | AL34: -7465.5
A35: 45334 | B35: 24 | C35: CONTRATACION SERVICIOS PROFESIONALES DOS ARTISTAS JOSE ARTURO CHACHON E IVETTE ORTIZ II CTO TO OSN Y 50 ANIVERSARIO CSN | AL35: 4520000
A36: 45334 | B36: 25 | C36: SERVICIOS WILLIAM MORROW DAVENPORT SOLISTA II CTO TO OSN Y 50 ANIVERSARIO CSN | AL36: 2698830
C37: SE CADUCA CERTI 25 | AL37: -179733.6
A38: 45337 | B38: 26 | C38: COMBUSTIBLE VEHICULOS INSTITUCIONALES CNM | BF38: 2900000
C39: CAJA CHICA | BJ39: 3400
A40: 45341 | B40: 29 | C40: SERVICIO DE HOSPEDAJE Y ALIMENTACION DE LOS INVITADOS INTERNACIONALES PARA UN APROXIMADAO DE 168 NOCHES | AN40: 8151000
A41: 45343 | B41: 30 | C41: MANTENIMIENTO Y REPARACION DE VEHICULOS | AW41: 3000000
C42: LIQUIDACION 1,08,05 | AW42: -44428.63
A43: 45358 | B43: 33 | C43: CANCELACION POLIZA VEHICULAR PRIMER SEMESTRE 01-01-AUM-4385-111 | AQ43: 1471660
A45: 45358 | B45: 35 | C45: Viáticos dentro del país para la gira de la OSN y personal de apoyo, para un total de 59 funcionarios a Ciudad Quesada y Liberia del 18 al 21 | AN45: 5082200
C46: SE CADUCA CERTI 35 | AN46: -1058.85
A47: 45358 | B47: 36 | C47: liquidación de viáticos dentro del país de Javier León, Marianela Bonilla, Isaac Aguirre y Lexi Quesada, estudiantes del INM, que participaron como músicos extras para las presentaciones de la Orquesta Sinfónica Nacional con Editus en el mes de feb | AN47: 60000
A48: 45358 | B48: 37 | C48: CANCELAR LA COMPRA DE 01 ESCRITORIO Y 02 SILLAS TIPO OFICINISTA | CD48: 300000
C49: SE CADUCA CERTI 37 | CD49: =-107810.59 -> -107810.59
A50: 45358 | B50: 39 | C50: COMPRA DE EQUIPO DE COMPUTO. | CE50: 4000000
C51: liquidacion #39 | CE51: -1204517.6
A52: 45358 | B52: 40 | C52: COMPRA DE TONER PARA IMPRESORAS | BH52: =300000-0.39 -> 299999.61
A53: 45358 | B53: 42 | C53: CONTRATACION DE IMPRENTA NACIONAL | AA53: 200000
A54: 45358 | B54: 43 | C54: MANTENIMIENTO DE IMPRESORAS NO ARRENDADAS | AY54: 200000
C55: SE CADUCA CERTI 43 | AY55: -30500
A56: 45358 | B56: 44 | C56: MANTENIMIENTO DE AIRES ACONDICIONADOS | AY56: 800000
C57: SE CADUCA CERTI 44 remanente | AY57: -624340.34
AY58: -91520
A59: 45610 | B59: 44 AJUST | C59: MANTENIMIENTO DE AIRE ACONDICIONADO | AY59: 83000
A60: 45358 | B60: 45 | C60: CONTRATO DE FUMIGACION | AL60: 450000
C61: liquidacion certi 45 | AL61: -76892.56
A62: 45359 | B62: 46 | C62: RELOG MARCADOR PARA CNM Y AIRE ACONDICIONADO AULA T18 | CD62: 1000000
B63: AJUSTE | C63: AJUSTE DE CERTIFICACION 46 | CD63: 100000
A64: 45520 | C64: caduco de certificacion #46 | CD64: -1100000
A65: 45359 | B65: 47 | C65: CONOS DE SEGURIDAD | BW65: 90000
A66: 45533 | C66: SE CADUCA CERTIFICACION 47 | BW66: -39150
A67: 45359 | B67: 48 | C67: 120 RESMAS DE PAPEL | BT67: 150000
A69: 45359 | B69: 49 | C69: CAMISETAS PARA CNM | BU69: 255000
C70: LIQUIDACION 2,99,04 | BU70: -2919.6
A71: 45359 | B71: 50 | C71: AGUA EMBOTELLADA | BJ71: 90000
C72: SE CADUCA CERTIFICACION 50 | BJ72: -20081.25
C73: CAJA CHICA 1.08.99 | BA73: 220350
A74: 45478 | B74: 52 ajuste | C74: ajuste por 500,000 para afinacion de pianos | BA74: 500000
A75: 45363 | B75: 53 | C75: ANULADA COMPRA DE PEODUCTOS DE CARTON | BT75: -175000
A76: 45364 | B76: 57 | C76: CONTRATACION PAOLO BORTOLAMEOLLI DIRECTOR II CTO TO 5 Y 7 DE ABRIL | AL76: 587852
C77: SE CADUCA CERTI 57 | AL77: -37530.48
A78: 45364 | B78: 58 | C78: COMPRA DE MINI REFRI, MICROS Y ENFRIADORES | CG78: 1000000
B79: CERTI 58 | C79: SE CADUCA CERIFICACION 58 | CG79: -171710
C81: CAJA CHICA 2.99.01 | BS81: =17000+5600 -> 22600
C82: CAJA CHICA 2.02.03 | BJ82: =10200+10200 -> 20400
C83: CAJA CHICA 2.04.02 | BR83: =60500+5800+7825.75 -> 74125.75
C84: CAJA CHICA 2.03.99 | BP84: =25790+30618.75+18500 -> 74908.75
B85: 1050 | C85: CAJA CHICA 1.05.01
C86: CAJA CHICA 1.03.03 | AC86: 16500
A87: 45370 | B87: 59 | C87: MANTENIMIENTO DE AIRE ACONDICIONADO | AY87: 400000
C88: liquidacion ord 578 cert #59 | AY88: -4500
A89: 45370 | B89: 60 | C89: PAGO DE PRÓRROGA de su póliza: 01-01-RT-225830-00 de Riesgos del Trabajo correspondiente al período del 01/01/2024 al 31/12/2024 | AQ89: 2671912
A90: 45371 | B90: 61 | C90: CERTIFICACION DE CONTENIDO PRESUPUESTARIO PARTIDA 1.07,01
A91: 45373 | B91: 63 | C91: REPARACION DEL AIRE DEL SERVIDOR E INSTALACION DE AIRE EN AULA T9 | AU91: 889395
C92: liquidacion ord 574 cert #63 | AU92: -0.25
C93: ajuste caja chica | AC93: 21000
A94: ABRIL
C95: AJUSTE Jaime Del Valle Solano, cedula 3-0524-0485, el cual se acogió al derecho de pensión
A96: 45386 | B96: 64 | C96: CONTRATACION SIMONE PORTER INVITADO III CTO TO 3 Y 5 MAYO | AL96: 3275532.1
C97: SE CADUCA CERTI 64 | AL97: -179315.95
C98: ORD 64 (3.096.216,20) EN EL BOS | AL98: -482990.78
A99: 45391 | B99: 65 | C99: CONTRATACION MARK LAYCOCK INVITADO III CTO TO 3 Y 5 MAYO (AJUSTE) | AL99: 4718822.9
C100: SE CADUCA CERTI 65 | AL100: -253642.48
A101: 45387 | B101: 66 | C101: SERVICIO DE SEGURIDAD DE JULIO A DICIEMBRE 2024 | AK101: 10000000
A102: 45392 | B102: 67 | C102: PAGO DEL USO DEL SICOP | AF102: 5000000
A103: 45469 | B103: 103 | C103: PAGO SICOP | AF103: 170000
A104: 45405 | B104: H-005-2024 | C104: MODIFICACION DGPN H-005 ABRIL 2024 (0.01.01-1.07.03-1.08.08-1.99.99- INCLUIDA
A106: 45414 | B106: 70 | C106: REPARACION DE AULAS, MAYA PERIMETRAL Y CAMBIO DE TOMAS | AU106: 247685
C107: liquidacion ord 604 | AU107: -205744.75
...

Sheet OSN PD
A1: CENTRO NACIONAL DE LA MÚSICA
A2: PRESUPUESTO ORDINARIO 2024
A3: EGRESOS
A4: ORQUESTA SINFONICA NACIONAL
A5: PRODUCCION
C7: P R E S U P U E S T O 2 0 2 4 | G7: ACUMULADO | H7: OCTUBRE | I7: NOVIEMBRE | J7: DICIEMBRE | K7: IV ESTE TRIMESTRE | L7: TOTAL | M7: CERTIFICADO TOTAL | N7: COMPROMISOS | O7: DISPONIBLE SEGÚN EJECUCION | P7: DISPONIBLE SEGUN EJE CERTIFICADA | Q7: DISPONIBLE CON COMPROMISOS | R7: CUADRO DE MODIFICACIONES INTERNAS | AT7: CUADRO DE MODIFICACIONES E=TERNAS | AZ7: CUADRO DE PRESUPUESTO E=TRAORDINARIO
A8: PARTIDAS Y SUBPARTIDAS | C8: PRESUPUESTO ORDINARIO | D8: PRESUPUESTO EXTRAORDINARIOS | E8: TOTAL MODIFICACIONES INT. - E=T. | F8: PRESUPUESTO FINAL | R8: INTERNA Nº 1 1er. Modificación Presupuestaria (DGPN-H-008) | S8: INTERNA Nº 2 DGPN-H-003 | T8: INTERNA Nº 3 DGPN-H-005 | U8: INTERNA Nº 4 DGPN H-006 | V8: EXTERNA Nº 5 DGPN H-0014 ARTICULO 4 | W8: EXTERNA Nº 6 DGPN H-0014 ARTICULO 2 | X8: EXTERNA Nº 7 DGPN H-0902 | Y8: INTERNA Nº 8 | Z8: INTERNA Nº 9 | AA8: INTERNA Nº10 | AB8: INTERNA Nº 11 | AC8: INTERNA Nº12 | AD8: INTERNA Nº 13 | AE8: INTERNA Nº 14 | AF8: INTERNA Nº 15 | AG8: INTERNA Nº 16 | AH8: INTERNA Nº 17 | AI8: INTERNA Nº 18 | AJ8: INTERNA Nº 19 | AK8: INTERNA Nº 20 | AL8: INTERNA Nº 21 | AM8: INTERNA Nº 22 | AN8: INTERNA Nº 23 | AO8: INTERNA Nº 24 | AP8: INTERNA Nº 25 | AQ8: INTERNA Nº 26 | AR8: N°8 | AS8: TOTAL MODIFICACION INTERNA | AT8: E=TERNA Nº 01 | AU8: E=TERNA Nº 02 | AV8: E=TERNA Nº 03 | AW8: E=TERNA Nº 04 | AX8: E=TERNA Nº05 | AY8: TOTAL MODIFICACION E=TERNA | AZ8: E=TRAORD H-014 ARTICULO #2 | BA8: E=TRAORD DECRETO H-17 | BB8: E=TRAORD agosto | BC8: E=TRAORD Nº 004 | BD8: E=TRAORD Nº 005 | BE8: E=TRAORD Nº 006 | BF8: E=TRAORD Nº 007 | BG8: TOTAL E=TRAOR
A10: 0 | B10: REMUNERACIONES | C10: =SUM(C12:C26) -> 1397402114 | D10: =SUM(D12:D25) -> 0 | E10: =SUM(E12:E25) -> -1.4816161e+08 | F10: =SUM(F12:F26) -> 1.2492405e+09 | G10: 8.1010902e+08 | H10: =SUM(H12:H26) -> 88329713 | I10: =SUM(I12:I26) -> 93835543 | J10: =SUM(J12:J26) -> 1.6486663e+08 | K10: =SUM(K12:K26) -> 3.4703189e+08 | L10: =SUM(L12:L26) -> 1.1571409e+09 | M10: =SUM(M12:M25) -> 0 | N10: =SUM(N12:N27) -> 0 | O10: =SUM(O12:O26) -> 92099592 | P10: =SUM(P12:P26) -> 1.2492405e+09 | Q10: =SUM(Q12:Q26) -> 92099592 | R10: =SUM(R12:R25) -> -17282564 | S10: =SUM(S12:S25) -> 0 | T10: =SUM(T12:T25) -> 0 | U10: =SUM(U12:U25) -> 0 | V10: =SUM(V12:V26) -> -35460000 | W10: =SUM(W12:W25) -> -81323904 | X10: =SUM(X12:X25) -> -18595144 | Y10: =SUM(Y12:Y25) -> 0 | Z10: =SUM(Z12:Z25) -> 0 | AA10: =SUM(AA12:AA25) -> 0 | AB10: =SUM(AB12:AB25) -> 0 | AC10: =SUM(AC12:AC25) -> 0 | AD10: =SUM(AD12:AD25) -> 0 | ... BG10: =SUM(BG12:BG25) -> 0
A12: 0.01.01 | B12: Sueldos para cargos fijos | C12: 598074463 | D12: =+BG12 -> 0 | E12: =+AS12+AY12 -> -27299291 | F12: =+C12+D12+E12 -> 570775172 | G12: 3.7425291e+08 | H12: ='CK GASTOS OSN PD MES 1'!D123 -> 45147223 | I12: =+'CK GASTOS OSN PD MES 2'!D127 -> 48433900 | J12: =+'CK GASTOS OSN PD MES 3'!D137 -> 52836973 | K12: =SUM(H12:J12) -> 1.464181e+08 | L12: =+K12+G12 -> 5.20671e+08 | M12: ='Cert.OSN PD'!D305 -> 0 | N12: =IF(M12>0,(L12-M12),0) -> 0 | O12: =F12-L12 -> 50104169 | P12: =F12-M12 -> 570775172 | Q12: =IF(N12>0,(F12-L12-N12),(F12-L12+N12)) -> 50104169 | R12: 39645344 | T12: -2362500 | V12: -2000000 | W12: -47043450 | X12: -15538685 | AS12: =SUM(R12:AR12) -> -27299291 | AT12: 0 | AY12: =+AT12+AU12+AV12+AW12+AX12 -> 0 | BG12: =SUM(AZ12:BD12) -> 0
A13: 0.01.05 | B13: Suplencias | D13: =+BG13 -> 0 | E13: =+AS13+AY13 -> 0 | F13: =+C13+D13+E13 -> 0 | G13: 0 | H13: ='CK GASTOS OSN PD MES 1'!E123 -> 0 | I13: ='CK GASTOS OSN PD MES 2'!E127 -> 0 | J13: ='CK GASTOS OSN PD MES 3'!E137 -> 0 | K13: =SUM(H13:J13) -> 0 | L13: =+K13+G13 -> 0 | M13: =+'Cert.OSN PD'!E305 -> 0 | N13: =IF(M13>0,(L13-M13),0) -> 0 | O13: =F13-L13 -> 0 | P13: =F13-M13 -> 0 | Q13: =IF(N13>0,(F13-L13-N13),(F13-L13+N13)) -> 0 | AS13: =SUM(R13:AR13) -> 0 | AT13: 0 | AY13: =+AT13+AU13+AV13+AW13+AX13 -> 0 | BG13: =SUM(AZ13:BD13) -> 0
A14: 0.02.01 | B14: Tiempo extraordinario | D14: =+BG14 -> 0 | E14: =+AS14+AY14 -> 0 | F14: =+C14+D14+E14 -> 0 | G14: 0 | H14: ='CK GASTOS OSN PD MES 1'!F123 -> 0 | I14: ='CK GASTOS OSN PD MES 2'!F127 -> 0 | J14: ='CK GASTOS OSN PD MES 3'!F137 -> 0 | K14: =SUM(H14:J14) -> 0 | L14: =+K14+G14 -> 0 | M14: =+'Cert.OSN PD'!F305 -> 0 | N14: =IF(M14>0,(L14-M14),0) -> 0 | O14: =F14-L14 -> 0 | P14: =F14-M14 -> 0 | Q14: =IF(N14>0,(F14-L14-N14),(F14-L14+N14)) -> 0 | AS14: =SUM(R14:AR14) -> 0 | AT14: 0 | AY14: =+AT14+AU14+AV14+AW14+AX14 -> 0 | BG14: =SUM(AZ14:BD14) -> 0
A15: 0.02.04 | B15: Vacaciones | D15: =+BG15 -> 0 | E15: =+AS15+AY15 -> 0 | F15: =+C15+D15+E15 -> 0 | G15: 0 | H15: ='CK GASTOS OSN PD MES 1'!G123 -> 0 | I15: ='CK GASTOS OSN PD MES 2'!G127 -> 0 | J15: ='CK GASTOS OSN PD MES 3'!G137 -> 0 | K15: =SUM(H15:J15) -> 0 | L15: =+K15+G15 -> 0 | M15: =+'Cert.OSN PD'!G305 -> 0 | N15: =IF(M15>0,(L15-M15),0) -> 0 | O15: =F15-L15 -> 0 | P15: =F15-M15 -> 0 | Q15: =IF(N15>0,(F15-L15-N15),(F15-L15+N15)) -> 0 | AS15: =SUM(R15:AR15) -> 0 | AT15: 0 | AY15: =+AT15+AU15+AV15+AW15+AX15 -> 0 | BG15: =SUM(AZ15:BD15) -> 0
A16: 0.03.01 | B16: Retribuciòn por años servidos | C16: 234900000 | D16: =+BG16 -> 0 | E16: =+AS16+AY16 -> -61156795 | F16: =+C16+D16+E16 -> 173743205 | G16: 1.353252e+08 | H16: ='CK GASTOS OSN PD MES 1'!H123 -> 16014119 | I16: ='CK GASTOS OSN PD MES 2'!H127 -> 15461683 | J16: ='CK GASTOS OSN PD MES 3'!H137 -> 6942204.5 | K16: =SUM(H16:J16) -> 38418007 | L16: =+K16+G16 -> 173743205 | M16: =+'Cert.OSN PD'!H305 -> 0 | N16: =IF(M16>0,(L16-M16),0) -> 0 | O16: =F16-L16 -> 0 | P16: =F16-M16 -> 173743205 | Q16: =IF(N16>0,(F16-L16-N16),(F16-L16+N16)) -> 0 | R16: -36246795 | V16: -15000000 | W16: -9910000 | AS16: =SUM(R16:AR16) -> -61156795 | AT16: 0 | AY16: =+AT16+AU16+AV16+AW16+AX16 -> 0 | BG16: =SUM(AZ16:BD16) -> 0
A17: 0.03.02 | B17: Restricciòn al ejercicio liberal de la profesiòn | C17: 60192330 | D17: =+BG17 -> 0 | E17: =+AS17+AY17 -> -12839535 | F17: =+C17+D17+E17 -> 47352795 | G17: 36042560 | H17: ='CK GASTOS OSN PD MES 1'!I123 -> 3802146.1 | I17: ='CK GASTOS OSN PD MES 2'!I127 -> 5466157.2 | J17: ='CK GASTOS OSN PD MES 3'!I137 -> 2041931.3 | K17: =SUM(H17:J17) -> 11310235 | L17: =+K17+G17 -> 47352795 | M17: =+'Cert.OSN PD'!I305 -> 0 | N17: =IF(M17>0,(L17-M17),0) -> 0 | O17: =F17-L17 -> 0.25 | P17: =F17-M17 -> 47352795 | Q17: =IF(N17>0,(F17-L17-N17),(F17-L17+N17)) -> 0.25 | R17: -8669680 | V17: -1000000 | W17: -3169855 | AS17: =SUM(R17:AR17) -> -12839535 | AT17: 0 | AY17: =+AT17+AU17+AV17+AW17+AX17 -> 0 | BG17: =SUM(AZ17:BD17) -> 0
A18: 0.03.03 | B18: Dècimo tercer mes | C18: 99826152 | D18: =+BG18 -> 0 | E18: =+AS18+AY18 -> -7928600 | F18: =+C18+D18+E18 -> 91897552 | G18: 5066328 | H18: ='CK GASTOS OSN PD MES 1'!J123 -> 0 | I18: ='CK GASTOS OSN PD MES 2'!J127 -> 0 | J18: ='CK GASTOS OSN PD MES 3'!J137 -> 76038494 | K18: =SUM(H18:J18) -> 76038494 | L18: =+K18+G18 -> 81104822 | M18: =+'Cert.OSN PD'!J305 -> 0 | N18: =IF(M18>0,(L18-M18),0) -> 0 | O18: =F18-L18 -> 10792730 | P18: =F18-M18 -> 91897552 | Q18: =IF(N18>0,(F18-L18-N18),(F18-L18+N18)) -> 10792730 | V18: -2665600 | W18: -5263000 | AS18: =SUM(R18:AR18) -> -7928600 | AT18: 0 | AY18: =+AT18+AU18+AV18+AW18+AX18 -> 0 | BG18: =SUM(AZ18:BD18) -> 0
A19: 0.03.04 | B19: Salario escolar | C19: 71459964 | D19: =+BG19 -> 0 | E19: =+AS19+AY19 -> -3399769 | F19: =+C19+D19+E19 -> 68060195 | G19: 67191130 | H19: ='CK GASTOS OSN PD MES 1'!K123 -> 0 | I19: ='CK GASTOS OSN PD MES 2'!K127 -> 0 | J19: ='CK GASTOS OSN PD MES 3'!K137 -> 0 | K19: =SUM(H19:J19) -> 0 | L19: =+K19+G19 -> 67191130 | M19: =+'Cert.OSN PD'!K305 -> 0 | N19: =IF(M19>0,(L19-M19),0) -> 0 | O19: =F19-L19 -> 869065.44 | P19: =F19-M19 -> 68060195 | Q19: =IF(N19>0,(F19-L19-N19),(F19-L19+N19)) -> 869065.44 | R19: -5762269 | T19: 2362500 | AS19: =SUM(R19:AR19) -> -3399769 | AT19: 0 | AY19: =+AT19+AU19+AV19+AW19+AX19 -> 0 | BG19: =SUM(AZ19:BD19) -> 0
A20: 0.03.99 | B20: Otros incentivos salariales | C20: 91694420 | D20: =+BG20 -> 0 | E20: =+AS20+AY20 -> -11751110 | F20: =+C20+D20+E20 -> 79943310 | G20: 60097211 | H20: ='CK GASTOS OSN PD MES 1'!L123 -> 6914579.7 | I20: ='CK GASTOS OSN PD MES 2'!L127 -> 6855746.8 | J20: ='CK GASTOS OSN PD MES 3'!L137 -> 6075772.7 | K20: =SUM(H20:J20) -> 19846099 | L20: =+K20+G20 -> 79943310 | M20: =+'Cert.OSN PD'!L305 -> 0 | N20: =IF(M20>0,(L20-M20),0) -> 0 | O20: =F20-L20 -> 0 | P20: =F20-M20 -> 79943310 | Q20: =IF(N20>0,(F20-L20-N20),(F20-L20+N20)) -> 0 | R20: -6249164 | V20: -4000000 | W20: -1501946 | AS20: =SUM(R20:AR20) -> -11751110 | AT20: 0 | AY20: =+AT20+AU20+AV20+AW20+AX20 -> 0 | BG20: =SUM(AZ20:BD20) -> 0
A21: 0.04.01 | B21: Contribuciòn Pat.Seguro Salud CCSS | C21: 119159763 | D21: =+BG21 -> 0 | E21: =+AS21+AY21 -> -12106866 | F21: =+C21+D21+E21 -> 1.070529e+08 | G21: 62388587 | H21: ='CK GASTOS OSN PD MES 1'!M123 -> 9207483 | I21: ='CK GASTOS OSN PD MES 2'!M127 -> 9564880 | J21: ='CK GASTOS OSN PD MES 3'!M137 -> 12325186 | K21: =SUM(H21:J21) -> 31097549 | L21: =+K21+G21 -> 93486136 | M21: =+'Cert.OSN PD'!M305 -> 0 | N21: =IF(M21>0,(L21-M21),0) -> 0 | O21: =F21-L21 -> 13566761 | P21: =F21-M21 -> 1.070529e+08 | Q21: =IF(N21>0,(F21-L21-N21),(F21-L21+N21)) -> 13566761 | V21: -2960000 | W21: -7709538.1 | X21: -1437328 | AS21: =SUM(R21:AR21) -> -12106866 | AT21: 0 | AY21: =+AT21+AU21+AV21+AW21+AX21 -> 0 | BG21: =SUM(AZ21:BD21) -> 0
A22: 0.04.05 | B22: Contribución Pat. BPDC | C22: 5704983 | D22: =+BG22 -> 0 | E22: =+AS22+AY22 -> -584918 | F22: =+C22+D22+E22 -> 5120065 | G22: 3214425.9 | H22: ='CK GASTOS OSN PD MES 1'!N123 -> 335825 | I22: ='CK GASTOS OSN PD MES 2'!N127 -> 390647 | J22: ='CK GASTOS OSN PD MES 3'!N137 -> 548756 | K22: =SUM(H22:J22) -> 1275228 | L22: =+K22+G22 -> 4489653.9 | M22: =+'Cert.OSN PD'!N305 -> 0 | N22: =IF(M22>0,(L22-M22),0) -> 0 | O22: =F22-L22 -> 630411.09 | P22: =F22-M22 -> 5120065 | Q22: =IF(N22>0,(F22-L22-N22),(F22-L22+N22)) -> 630411.09 | V22: -160000 | W22: -347225 | X22: -77693 | AS22: =SUM(R22:AR22) -> -584918 | AT22: 0 | AY22: =+AT22+AU22+AV22+AW22+AX22 -> 0 | BG22: =SUM(AZ22:BD22) -> 0
A23: 0.05.01 | B23: Contribución Pat. Seguro Pensiones CCSS | C23: 56871776 | D23: =+BG23 -> 0 | E23: =+AS23+AY23 -> -6276507 | F23: =+C23+D23+E23 -> 50595269 | G23: 34856095 | H23: ='CK GASTOS OSN PD MES 1'!O123 -> 3640351 | I23: ='CK GASTOS OSN PD MES 2'!O127 -> 4092416 | J23: ='CK GASTOS OSN PD MES 3'!O137 -> 4151903 | K23: =SUM(H23:J23) -> 11884670 | L23: =+K23+G23 -> 46740765 | M23: =+'Cert.OSN PD'!O305 -> 0 | N23: =IF(M23>0,(L23-M23),0) -> 0 | O23: =F23-L23 -> 3854504.5 | P23: =F23-M23 -> 50595269 | Q23: =IF(N23>0,(F23-L23-N23),(F23-L23+N23)) -> 3854504.5 | V23: -1734400 | W23: -3699910 | X23: -842197 | AS23: =SUM(R23:AR23) -> -6276507 | AT23: 0 | AY23: =+AT23+AU23+AV23+AW23+AX23 -> 0 | BG23: =SUM(AZ23:BD23) -> 0
A24: 0.05.02 | B24: Aporte Pat. Régimen Obligatorio Pens.Com. | C24: 31478842 | D24: =+BG24 -> 0 | E24: =+AS24+AY24 -> -3226161 | F24: =+C24+D24+E24 -> 28252681 | G24: 19286583 | H24: ='CK GASTOS OSN PD MES 1'!P123 -> 2014957 | I24: ='CK GASTOS OSN PD MES 2'!P127 -> 2265005 | J24: ='CK GASTOS OSN PD MES 3'!P137 -> 2298100 | K24: =SUM(H24:J24) -> 6578062 | L24: =+K24+G24 -> 25864645 | M24: =+'Cert.OSN PD'!P305 -> 0 | N24: =IF(M24>0,(L24-M24),0) -> 0 | O24: =F24-L24 -> 2388035.9 | P24: =F24-M24 -> 28252681 | Q24: =IF(N24>0,(F24-L24-N24),(F24-L24+N24)) -> 2388035.9 | V24: -960000 | W24: -1800000 | X24: -466161 | AS24: =SUM(R24:AR24) -> -3226161 | AT24: 0 | AY24: =+AT24+AU24+AV24+AW24+AX24 -> 0 | BG24: =SUM(AZ24:BD24) -> 0
A25: 0.05.03 | B25: Aporte Pat. al Fondo Cap. Laboral | C25: 15739421 | D25: =+BG25 -> 0 | E25: =+AS25+AY25 -> -1592060 | F25: =+C25+D25+E25 -> 14147361 | G25: 9643276.8 | H25: ='CK GASTOS OSN PD MES 1'!Q123 -> 1007479 | I25: ='CK GASTOS OSN PD MES 2'!Q127 -> 1132500 | J25: ='CK GASTOS OSN PD MES 3'!Q137 -> 1149053 | K25: =SUM(H25:J25) -> 3289032 | L25: =+K25+G25 -> 12932309 | M25: =+'Cert.OSN PD'!Q305 -> 0 | N25: =IF(M25>0,(L25-M25),0) -> 0 | O25: =F25-L25 -> 1215052.2 | P25: =F25-M25 -> 14147361 | Q25: =IF(N25>0,(F25-L25-N25),(F25-L25+N25)) -> 1215052.2 | V25: -480000 | W25: -878980 | X25: -233080 | AS25: =SUM(R25:AR25) -> -1592060 | AT25: 0 | AY25: =+AT25+AU25+AV25+AW25+AX25 -> 0 | BG25: =SUM(AZ25:BF25) -> 0
A26: 0.05.05 | B26: Contribución Patronal a fondos administrados por entes privados | C26: 12300000 | D26: =+BG26 -> 0 | E26: =+AS26+AY26 -> 0 | F26: =+C26+D26+E26 -> 12300000 | G26: 2744723.8 | H26: =+'CK GASTOS OSN PD MES 1'!R123 -> 245549.55 | I26: =+'CK GASTOS OSN PD MES 2'!R127 -> 172608.29 | J26: =+'CK GASTOS OSN PD MES 3'!R137 -> 458255.92 | K26: =SUM(H26:J26) -> 876413.76 | L26: =+K26+G26 -> 3621137.6 | M26: =+'Cert.OSN PD'!Q306 -> 0 | N26: =IF(M26>0,(L26-M26),0) -> 0 | O26: =F26-L26 -> 8678862.4 | P26: =F26-M26 -> 12300000 | Q26: =IF(N26>0,(F26-L26-N26),(F26-L26+N26)) -> 8678862.4 | V26: -4500000 | AT26: 0
AT27: 0
A28: 1 | B28: SERVICIOS | C28: =SUM(C30:C69) -> 198563426 | D28: =SUM(D30:D69) -> 0 | E28: =SUM(E30:E69) -> 16095359 | F28: =SUM(F30:F69) -> 214658785 | G28: 1.5597745e+08 | H28: =SUM(H29:H69) -> 17317655 | I28: =SUM(I29:I69) -> 15414784 | J28: =SUM(J29:J69) -> 15701268 | K28: =SUM(K29:K69) -> 48433706 | L28: =SUM(L29:L69) -> 2.0441116e+08 | M28: =SUM(M30:M69) -> 1.9891556e+08 | N28: =SUM(N30:N69) -> -3803973.3 | O28: =SUM(O30:O69) -> 10247627 | P28: =SUM(P30:P69) -> 15743222 | Q28: =SUM(Q30:Q69) -> 6443653.4 | R28: =SUM(R30:R69) -> 0 | S28: =SUM(S30:S69) -> -177630 | T28: =SUM(T30:T69) -> 11273000 | ... AS28: =SUM(AS30:AS69) -> 16095359 | AT28: 0 | AU28: =SUM(AU31:AU70) -> 0 | AV28: =SUM(AV31:AV70) -> 0 | AW28: =SUM(AW31:AW70) -> 0 | AX28: =SUM(AX31:AX70) -> 0 | AY28: =SUM(AY31:AY70) -> 0 | AZ28: =SUM(AZ30:AZ70) -> 0 | BA28: =SUM(BA31:BA70) -> 0 | BB28: =SUM(BB31:BB70) -> 0 | BC28: =SUM(BC30:BC70) -> 0 | BD28: =SUM(BD31:BD70) -> 0 | BE28: =SUM(BE31:BE70) -> 0 | BF28: =SUM(BF31:BF70) -> 0 | BG28: =SUM(BG31:BG70) -> 0
AT29: 0
A30: 1.01.01 | B30: Alquiler de edificios, locales y terrenos | D30: =+BG30 -> 0 | E30: =+AS30+AY30 -> 0 | F30: =+C30+D30+E30 -> 0 | G30: 0 | H30: ='CK GASTOS OSN PD MES 1'!S$123 -> 0 | I30: ='CK GASTOS OSN PD MES 2'!S$127 -> 0 | J30: =+'CK GASTOS OSN PD MES 3'!S137 -> 0 | K30: =SUM(H30:J30) -> 0 | L30: =+K30+G30 -> 0 | M30: =+'Cert.OSN PD'!R305 -> 0 | N30: =IF(M30>0,(L30-M30),0) -> 0 | O30: =F30-L30 -> 0 | P30: =F30-M30 -> 0 | Q30: =IF(N30>0,(F30-L30-N30),(F30-L30+N30)) -> 0 | AS30: =SUM(R30:AR30) -> 0 | AT30: 0 | BG30: =SUM(AZ30:BF30) -> 0
A31: 1.01.02 | B31: Alquiler de maquinaria, equipo y mobiliario | D31: =+BG31 -> 0 | E31: =+AS31+AY33 -> 0 | F31: =+C31+D31+E31 -> 0 | G31: 0 | H31: ='CK GASTOS OSN PD MES 1'!T$123 -> 0 | I31: ='CK GASTOS OSN PD MES 2'!T$127 -> 0 | J31: ='CK GASTOS OSN PD MES 3'!T$137 -> 0 | K31: =SUM(H31:J31) -> 0 | L31: =+K31+G31 -> 0 | M31: =+'Cert.OSN PD'!S305 -> 0 | N31: =IF(M31>0,(L31-M31),0) -> 0 | O31: =F31-L31 -> 0 | P31: =F31-M31 -> 0 | Q31: =IF(N31>0,(F31-L31-N31),(F31-L31+N31)) -> 0 | AS31: =SUM(R31:AR31) -> 0 | AT31: 0 | AY31: =+AT31+AU31+AV31+AW31+AX31 -> 0 | BG31: =SUM(AZ31:BF31) -> 0
A32: 1.01.03 | B32: Alquiler de equipo de cómputo | D32: =+BG32 -> 0 | E32: =+AS32+AY34 -> 0 | F32: =+C32+D32+E32 -> 0 | G32: 0 | H32: ='CK GASTOS OSN PD MES 1'!T$123 -> 0 | I32: ='CK GASTOS OSN PD MES 2'!T$127 -> 0 | J32: =+'CK GASTOS OSN PD MES 3'!U137 -> 0 | K32: =SUM(H32:J32) -> 0 | L32: =+K32+G32 -> 0 | M32: =+'Cert.OSN PD'!T305 -> 0 | N32: =IF(M32>0,(L32-M32),0) -> 0 | O32: =F32-L32 -> 0 | P32: =F32-M32 -> 0 | Q32: =IF(N32>0,(F32-L32-N32),(F32-L32+N32)) -> 0 | AS32: =SUM(R32:AR32) -> 0 | AT32: 0
A33: 1.01.04 | B33: Alquileres y derechos para telecomunicaciones | D33: =+BG33 -> 0 | E33: =+AS33+AY34 -> 0 | F33: =+C33+D33+E33 -> 0 | G33: 0 | H33: ='CK GASTOS OSN PD MES 1'!V$123 -> 0 | I33: ='CK GASTOS OSN PD MES 2'!V$127 -> 0 | J33: ='CK GASTOS OSN PD MES 3'!V$137 -> 0 | K33: =SUM(H33:J33) -> 0 | L33: =+K33+G33 -> 0 | M33: =+'Cert.OSN PD'!U305 -> 0 | N33: =IF(M33>0,(L33-M33),0) -> 0 | O33: =F33-L33 -> 0 | P33: =F33-M33 -> 0 | Q33: =IF(N33>0,(F33-L33-N33),(F33-L33+N33)) -> 0 | AS33: =SUM(R33:AR33) -> 0 | AT33: 0 | AY33: =+AT33+AU33+AV33+AW33+AX33 -> 0 | BG33: =SUM(AZ33:BF33) -> 0
A34: 1.01.99 | B34: Otros alquileres | D34: =+BG34 -> 0 | E34: =+AS34+AY35 -> 3435954 | F34: =+C34+D34+E34 -> 3435954 | G34: 3435954 | H34: ='CK GASTOS OSN PD MES 1'!W$123 -> 0 | I34: ='CK GASTOS OSN PD MES 2'!W$127 -> 0 | J34: ='CK GASTOS OSN PD MES 3'!W$137 -> 0 | K34: =SUM(H34:J34) -> 0 | L34: =+K34+G34 -> 3435954 | M34: =+'Cert.OSN PD'!V305 -> 3435954 | N34: =IF(M34>0,(L34-M34),0) -> 0 | O34: =F34-L34 -> 0 | P34: =F34-M34 -> 0 | Q34: =IF(N34>0,(F34-L34-N34),(F34-L34+N34)) -> 0 | S34: =3135965+300000 -> 3435965 | U34: -11 | AS34: =SUM(R34:AR34) -> 3435954 | AT34: 0 | BG34: =SUM(AZ34:BF34) -> 0
A35: 1.02.01 | B35: Servicio de agua y alcantarillado | C35: 6600020 | D35: =+BG35 -> 0 | E35: =+AS35+AY36 -> 0 | F35: =+C35+D35+E35 -> 6600020 | G35: 5368347.6 | H35: ='CK GASTOS OSN PD MES 1'!X$123 -> 757680 | I35: ='CK GASTOS OSN PD MES 2'!X$127 -> 184680 | J35: ='CK GASTOS OSN PD MES 3'!X$137 -> 12861 | K35: =SUM(H35:J35) -> 955221 | L35: =+K35+G35 -> 6323568.6 | M35: =+'Cert.OSN PD'!W305 -> 0 | N35: =IF(M35>0,(L35-M35),0) -> 0 | O35: =F35-L35 -> 276451.36 | P35: =F35-M35 -> 6600020 | Q35: =IF(N35>0,(F35-L35-N35),(F35-L35+N35)) -> 276451.36 | AS35: =SUM(R35:AR35) -> 0 | AT35: 0 | AY35: =+AT35+AU35+AV35+AW35+AX35 -> 0 | BG35: =SUM(AZ35:BF35) -> 0
A36: 1.02.02 | B36: Servicio de energìa elèctrica | C36: 5236000 | D36: =+BG36 -> 0 | E36: =+AS36+AY37 -> -2260000 | F36: =+C36+D36+E36 -> 2976000 | G36: 2976000 | H36: ='CK GASTOS OSN PD MES 1'!Y$123 -> 0 | I36: ='CK GASTOS OSN PD MES 2'!Y$127 -> 0 | J36: ='CK GASTOS OSN PD MES 3'!Y$137 -> 0 | K36: =SUM(H36:J36) -> 0 | L36: =+K36+G36 -> 2976000 | M36: =+'Cert.OSN PD'!X305 -> 0 | N36: =IF(M36>0,(L36-M36),0) -> 0 | O36: =F36-L36 -> 0 | P36: =F36-M36 -> 2976000 | Q36: =IF(N36>0,(F36-L36-N36),(F36-L36+N36)) -> 0 | S36: -2260000 | AS36: =SUM(R36:AR36) -> -2260000 | AT36: 0 | AY36: =+AT36+AU36+AV36+AW36+AX36 -> 0 | BG36: =SUM(AZ36:BF36) -> 0
A37: 1.02.03 | B37: Servicio de correo | C37: 480000 | D37: =+BG37 -> 0 | E37: =+AS37+AY38 -> -280000 | F37: =+C37+D37+E37 -> 200000 | G37: 157965 | H37: ='CK GASTOS OSN PD MES 1'!Z$123 -> 0 | I37: ='CK GASTOS OSN PD MES 2'!Z$127 -> 0 | J37: ='CK GASTOS OSN PD MES 3'!Z$137 -> 0 | K37: =SUM(H37:J37) -> 0 | L37: =+K37+G37 -> 157965 | M37: =+'Cert.OSN PD'!Y305 -> 157965 | N37: =IF(M37>0,(L37-M37),0) -> 0 | O37: =F37-L37 -> 42035 | P37: =F37-M37 -> 42035 | Q37: =IF(N37>0,(F37-L37-N37),(F37-L37+N37)) -> 42035 | S37: -280000 | AS37: =SUM(R37:AR37) -> -280000 | AT37: 0 | AY37: =+AT37+AU37+AV37+AW37+AX37 -> 0 | BG37: =SUM(AZ37:BF37) -> 0
A38: 1.02.04 | B38: Servicio de telecomunicaciones | C38: 12537320 | D38: =+BG38 -> 0 | E38: =+AS38+AY39 -> -4336275 | F38: =+C38+D38+E38 -> 8201045 | G38: 6725167.1 | H38: ='CK GASTOS OSN PD MES 1'!AA$123 -> 887805.26 | I38: ='CK GASTOS OSN PD MES 2'!AA$127 -> 0 | J38: ='CK GASTOS OSN PD MES 3'!AA$137 -> 588062.65 | K38: =SUM(H38:J38) -> 1475867.9 | L38: =+K38+G38 -> 8201035 | M38: =+'Cert.OSN PD'!Z305 -> 8201035 | N38: =IF(M38>0,(L38-M38),0) -> 0 | O38: =F38-L38 -> 10 | P38: =F38-M38 -> 10 | Q38: =IF(N38>0,(F38-L38-N38),(F38-L38+N38)) -> 10 | S38: =-3135965-177630 -> -3313595 | U38: -1022680 | AS38: =SUM(R38:AR38) -> -4336275 | AT38: 0 | AY38: =+AT38+AU38+AV38+AW38+AX38 -> 0 | BG38: =SUM(AZ38:BF38) -> 0
A39: 1.03.01 | B39: Información | C39: 500000 | D39: =+BG39 -> 0 | E39: =+AS39+AY40 -> -300000 | F39: =+C39+D39+E39 -> 200000 | G39: 0 | H39: ='CK GASTOS OSN PD MES 1'!AB$123 -> 0 | I39: ='CK GASTOS OSN PD MES 2'!AB$127 -> 0 | J39: ='CK GASTOS OSN PD MES 3'!AB$137 -> 0 | K39: =SUM(H39:J39) -> 0 | L39: =+K39+G39 -> 0 | M39: =+'Cert.OSN PD'!AA305 -> 200000 | N39: =IF(M39>0,(L39-M39),0) -> -200000 | O39: =F39-L39 -> 200000 | P39: =F39-M39 -> 0 | Q39: =IF(N39>0,(F39-L39-N39),(F39-L39+N39)) -> 0 | S39: -300000 | AS39: =SUM(R39:AR39) -> -300000 | AT39: 0 | AY39: =+AT39+AU39+AV39+AW39+AX39 -> 0 | BG39: =SUM(AZ39:BF39) -> 0
A40: 1.03.02 | B40: Publicidad y propaganda | C40: 700000 | D40: =+BG40 -> 0 | E40: =+AS40+AY41 -> 0 | F40: =+C40+D40+E40 -> 700000 | G40: 697904.08 | H40: ='CK GASTOS OSN PD MES 1'!AC$123 -> 0 | I40: ='CK GASTOS OSN PD MES 2'!AC$127 -> 0 | J40: ='CK GASTOS OSN PD MES 3'!AC$137 -> 0 | K40: =SUM(H40:J40) -> 0 | L40: =+K40+G40 -> 697904.08 | M40: =+'Cert.OSN PD'!AB305 -> 697904.08 | N40: =IF(M40>0,(L40-M40),0) -> 0 | O40: =F40-L40 -> 2095.92 | P40: =F40-M40 -> 2095.92 | Q40: =IF(N40>0,(F40-L40-N40),(F40-L40+N40)) -> 2095.92 | AS40: =SUM(R40:AR40) -> 0 | AT40: 0 | AY40: =+AT40+AU40+AV40+AW40+AX40 -> 0 | BG40: =SUM(AZ40:BF40) -> 0
A41: 1.03.03 | B41: Impresión, encuadernación y otros | C41: 150000 | D41: =+BG41 -> 0 | E41: =+AS41+AY42 -> 0 | F41: =+C41+D41+E41 -> 150000 | G41: 150000 | H41: ='CK GASTOS OSN PD MES 1'!AD$123 -> 0 | I41: ='CK GASTOS OSN PD MES 2'!AD$127 -> 0 | J41: ='CK GASTOS OSN PD MES 3'!AD$137 -> 0 | K41: =SUM(H41:J41) -> 0 | L41: =+K41+G41 -> 150000 | M41: =+'Cert.OSN PD'!AC305 -> 150000 | N41: =IF(M41>0,(L41-M41),0) -> 0 | O41: =F41-L41 -> 0 | P41: =F41-M41 -> 0 | Q41: =IF(N41>0,(F41-L41-N41),(F41-L41+N41)) -> 0 | AS41: =SUM(R41:AR41) -> 0 | AT41: 0 | AY41: =+AT41+AU41+AV41+AW41+AX41 -> 0 | BG41: =SUM(AZ41:BF41) -> 0
A42: 1.03.04 | B42: Transporte de bienes | C42: 7000000 | D42: =+BG42 -> 0 | E42: =+AS42+AY43 -> 1680000 | F42: =+C42+D42+E42 -> 8680000 | G42: 6785989 | H42: ='CK GASTOS OSN PD MES 1'!AE$123 -> 732918 | I42: ='CK GASTOS OSN PD MES 2'!AE$127 -> 748512 | J42: ='CK GASTOS OSN PD MES 3'!AE$137 -> 0 | K42: =SUM(H42:J42) -> 1481430 | L42: =+K42+G42 -> 8267419 | M42: =+'Cert.OSN PD'!AD305 -> 8680000 | N42: =IF(M42>0,(L42-M42),0) -> -412581 | O42: =F42-L42 -> 412581 | P42: =F42-M42 -> 0 | Q42: =IF(N42>0,(F42-L42-N42),(F42-L42+N42)) -> 0 | S42: 1680000 | AS42: =SUM(R42:AR42) -> 1680000 | AT42: 0 | AY42: =+AT42+AU42+AV42+AW42+AX42 -> 0 | BG42: =SUM(AZ42:BF42) -> 0
A43: 1.03.05 | B43: Servicios aduaneros | C43: 0 | D43: =+BG43 -> 0 | E43: =+AS43+AY44 -> 0 | F43: =+C43+D43+E43 -> 0 | G43: 0 | H43: ='CK GASTOS OSN PD MES 1'!AF$123 -> 0 | I43: ='CK GASTOS OSN PD MES 2'!AF$127 -> 0 | J43: ='CK GASTOS OSN PD MES 3'!AF$137 -> 0 | K43: =SUM(H43:J43) -> 0 | L43: =+K43+G43 -> 0 | M43: =+'Cert.OSN PD'!AE305 -> 0 | N43: =IF(M43>0,(L43-M43),0) -> 0 | O43: =F43-L43 -> 0 | P43: =F43-M43 -> 0 | Q43: =IF(N43>0,(F43-L43-N43),(F43-L43+N43)) -> 0 | AS43: =SUM(R43:AR43) -> 0 | AT43: 0 | AY43: =+AT43+AU43+AV43+AW43+AX43 -> 0 | BG43: =SUM(AZ43:BF43) -> 0
A44: 1.03.06 | B44: Comisiones y gastos por serv.financieros y com. | C44: 5470086 | D44: =+BG44 -> 0 | E44: =+AS44+AY45 -> -50000 | F44: =+C44+D44+E44 -> 5420086 | G44: 3749135.7 | H44: ='CK GASTOS OSN PD MES 1'!AG$123 -> 417586.56 | I44: ='CK GASTOS OSN PD MES 2'!AG$127 -> 397958.22 | J44: ='CK GASTOS OSN PD MES 3'!AG$137 -> 395652.38 | K44: =SUM(H44:J44) -> 1211197.2 | L44: =+K44+G44 -> 4960332.8 | M44: =+'Cert.OSN PD'!AF305 -> 5401477.8 | N44: =IF(M44>0,(L44-M44),0) -> -441144.94 | O44: =F44-L44 -> 459753.16 | P44: =F44-M44 -> 18608.22 | Q44: =IF(N44>0,(F44-L44-N44),(F44-L44+N44)) -> 18608.22 | T44: -50000 | AS44: =SUM(R44:AR44) -> -50000 | AT44: 0 | AY44: =+AT44+AU44+AV44+AW44+AX44 -> 0 | BG44: =SUM(AZ44:BF44) -> 0
A45: 1.04.02 | B45: Servicios Jurídicos | D45: =+BG45 -> 0 | E45: =+AS45+AY46 -> 0 | F45: =+C45+D45+E45 -> 0 | G45: 0 | H45: ='CK GASTOS OSN PD MES 1'!AH$123 -> 0 | I45: ='CK GASTOS OSN PD MES 2'!AH$127 -> 0 | J45: ='CK GASTOS OSN PD MES 3'!AH$137 -> 0 | K45: =SUM(H45:J45) -> 0 | L45: =+K45+G45 -> 0 | M45: =+'Cert.OSN PD'!AG305 -> 0 | N45: =IF(M45>0,(L45-M45),0) -> 0 | O45: =F45-L45 -> 0 | P45: =F45-M45 -> 0 | Q45: =IF(N45>0,(F45-L45-N45),(F45-L45+N45)) -> 0 | AS45: =SUM(R45:AR45) -> 0 | AT45: 0 | AY45: =+AT45+AU45+AV45+AW45+AX45 -> 0 | BG45: =SUM(AZ45:BF45) -> 0
A46: 1.04.03 | B46: Servicio de Ingeniería | D46: =+BG46 -> 0 | E46: =+AS46+AY47 -> 1463000 | F46: =+C46+D46+E46 -> 1463000 | G46: 0 | H46: ='CK GASTOS OSN PD MES 1'!AI$123 -> 0 | I46: ='CK GASTOS OSN PD MES 2'!AI$127 -> 0 | J46: ='CK GASTOS OSN PD MES 3'!AI$137 -> 1462500 | K46: =SUM(H46:J46) -> 1462500 | L46: =+K46+G46 -> 1462500 | M46: =+'Cert.OSN PD'!AH305 -> 1463000 | N46: =IF(M46>0,(L46-M46),0) -> -500 | O46: =F46-L46 -> 500 | P46: =F46-M46 -> 0 | Q46: =IF(N46>0,(F46-L46-N46),(F46-L46+N46)) -> 0 | T46: 1463000 | AS46: =SUM(R46:AR46) -> 1463000 | AT46: 0 | BG46: =SUM(AZ46:BF46) -> 0
A47: 1.04.04 | B47: Servicios Ciencias Economicas y sociales | D47: =+BG47 -> 0 | E47: =+AS47+AY48 -> 0 | F47: =+C47+D47+E47 -> 0 | G47: 0 | H47: ='CK GASTOS OSN PD MES 1'!AJ$123 -> 0 | I47: ='CK GASTOS OSN PD MES 2'!AJ$127 -> 0 | J47: ='CK GASTOS OSN PD MES 3'!AJ$137 -> 0 | K47: =SUM(H47:J47) -> 0 | L47: =+K47+G47 -> 0 | M47: =+'Cert.OSN PD'!AI305 -> 0 | N47: =IF(M47>0,(L47-M47),0) -> 0 | O47: =F47-L47 -> 0 | P47: =F47-M47 -> 0 | Q47: =IF(N47>0,(F47-L47-N47),(F47-L47+N47)) -> 0 | AS47: =SUM(R47:AR47) -> 0 | AT47: 0 | AY47: =+AT47+AU47+AV47+AW47+AX47 -> 0 | BG47: =SUM(AZ47:BF47) -> 0
A48: 1.04.05 | B48: Servicios de desarrollo sistemas infromaticos | D48: =+BG48 -> 0 | E48: =+AS48+AY49 -> 0 | F48: =+C48+D48+E48 -> 0 | G48: 0 | H48: ='CK GASTOS OSN PD MES 1'!AK$123 -> 0 | I48: ='CK GASTOS OSN PD MES 2'!AK$127 -> 0 | J48: ='CK GASTOS OSN PD MES 3'!AK$137 -> 0 | K48: =SUM(H48:J48) -> 0 | L48: =+K48+G48 -> 0 | M48: =+'Cert.OSN PD'!AJ305 -> 0 | N48: =IF(M48>0,(L48-M48),0) -> 0 | O48: =F48-L48 -> 0 | P48: =F48-M48 -> 0 | Q48: =IF(N48>0,(F48-L48-N48),(F48-L48+N48)) -> 0 | AS48: =SUM(R48:AR48) -> 0 | AT48: 0 | AY48: =+AT48+AU48+AV48+AW48+AX48 -> 0 | BG48: =SUM(AZ48:BF48) -> 0
A49: 1.04.06 | B49: Servicios generales | C49: 10000000 | D49: =+BG49 -> 0 | E49: =+AS49+AY50 -> 1022680 | F49: =+C49+D49+E49 -> 11022680 | G49: 10000000 | H49: ='CK GASTOS OSN PD MES 1'!AL$123 -> 0 | I49: ='CK GASTOS OSN PD MES 2'!AL$127 -> 0 | J49: ='CK GASTOS OSN PD MES 3'!AL$137 -> 0 | K49: =SUM(H49:J49) -> 0 | L49: =+K49+G49 -> 10000000 | M49: =+'Cert.OSN PD'!AK305 -> 10000000 | N49: =IF(M49>0,(L49-M49),0) -> 0 | O49: =F49-L49 -> 1022680 | P49: =F49-M49 -> 1022680 | Q49: =IF(N49>0,(F49-L49-N49),(F49-L49+N49)) -> 1022680 | U49: 1022680 | AS49: =SUM(R49:AR49) -> 1022680 | AT49: 0 | AY49: =+AT49+AU49+AV49+AW49+AX49 -> 0 | BG49: =SUM(AZ49:BF49) -> 0
A50: 1.04.99 | B50: Otros servicios de gestión y apoyo | C50: 90000000 | D50: =+BG50 -> 0 | E50: =+AS50+AY51 -> 15000000 | F50: =+C50+D50+E50 -> 105000000 | G50: 72851614 | H50: ='CK GASTOS OSN PD MES 1'!AM$123 -> 10517688 | I50: ='CK GASTOS OSN PD MES 2'!AM$127 -> 8523881.9 | J50: ='CK GASTOS OSN PD MES 3'!AM$137 -> 8246492.4 | K50: =SUM(H50:J50) -> 27288062 | L50: =+K50+G50 -> 1.0013968e+08 | M50: =+'Cert.OSN PD'!AL305 -> 1.0013968e+08 | N50: =IF(M50>0,(L50-M50),0) -> 0 | O50: =F50-L50 -> 4860323.5 | P50: =F50-M50 -> 4860323.5 | Q50: =IF(N50>0,(F50-L50-N50),(F50-L50+N50)) -> 4860323.5 | T50: 10000000 | W50: 5000000 | AS50: =SUM(R50:AR50) -> 15000000 | AT50: 0 | AY50: =+AT50+AU50+AV50+AW50+AX50 -> 0 | BG50: =SUM(AZ50:BF50) -> 0
A51: 1.05.01 | B51: Transporte dentro del país | C51: 10350000 | D51: =+BG51 -> 0 | E51: =+AS51+AY52 -> 0 | F51: =+C51+D51+E51 -> 10350000 | G51: 5559870 | H51: ='CK GASTOS OSN PD MES 1'!AN$123 -> 564315 | I51: ='CK GASTOS OSN PD MES 2'!AN$127 -> 2034000 | J51: ='CK GASTOS OSN PD MES 3'!AN$137 -> 2191815 | K51: =SUM(H51:J51) -> 4790130 | L51: =+K51+G51 -> 10350000 | M51: =+'Cert.OSN PD'!AM305 -> 10350000 | N51: =IF(M51>0,(L51-M51),0) -> 0 | O51: =F51-L51 -> 0 | P51: =F51-M51 -> 0 | Q51: =IF(N51>0,(F51-L51-N51),(F51-L51+N51)) -> 0 | AS51: =SUM(R51:AR51) -> 0 | AT51: 0 | AY51: =+AT51+AU51+AV51+AW51+AX51 -> 0 | BG51: =SUM(AZ51:BF51) -> 0
A52: 1.05.02 | B52: Viáticos dentro del país | C52: 24500000 | D52: =+BG52 -> 0 | E52: =+AS52+AY53 -> 0 | F52: =+C52+D52+E52 -> 24500000 | G52: 19636144 | H52: ='CK GASTOS OSN PD MES 1'!AO$123 -> 1427158.9 | I52: ='CK GASTOS OSN PD MES 2'!AO$127 -> 730173.1 | J52: ='CK GASTOS OSN PD MES 3'!AO$137 -> 781732.47 | K52: =SUM(H52:J52) -> 2939064.4 | L52: =+K52+G52 -> 22575208 | M52: =+'Cert.OSN PD'!AN305 -> 24434901 | N52: =IF(M52>0,(L52-M52),0) -> -1859693 | O52: =F52-L52 -> 1924791.8 | P52: =F52-M52 -> 65098.85 | Q52: =IF(N52>0,(F52-L52-N52),(F52-L52+N52)) -> 65098.85 | AS52: =SUM(R52:AR52) -> 0 | AT52: 0 | AY52: =+AT52+AU52+AV52+AW52+AX52 -> 0 | BG52: =SUM(AZ52:BF52) -> 0
A53: 1.05.03 | B53: Transporte en el exterior | D53: =+BG53 -> 0 | E53: =+AS53+AY54 -> 0 | F53: =+C53+D53+E53 -> 0 | G53: 0 | H53: ='CK GASTOS OSN PD MES 1'!AP$123 -> 0 | I53: ='CK GASTOS OSN PD MES 2'!AP$127 -> 0 | J53: ='CK GASTOS OSN PD MES 3'!AP$137 -> 0 | K53: =SUM(H53:J53) -> 0 | L53: =+K53+G53 -> 0 | M53: =+'Cert.OSN PD'!AO305 -> 0 | N53: =IF(M53>0,(L53-M53),0) -> 0 | O53: =F53-L53 -> 0 | P53: =F53-M53 -> 0 | Q53: =IF(N53>0,(F53-L53-N53),(F53-L53+N53)) -> 0 | AS53: =SUM(R53:AR53) -> 0 | AT53: 0 | AY53: =+AT53+AU53+AV53+AW53+AX53 -> 0 | BG53: =SUM(AZ53:BF53) -> 0
A54: 1.05.04 | B54: Viáticos en el exterior | D54: =+BG54 -> 0 | E54: =+AS54+AY55 -> 0 | F54: =+C54+D54+E54 -> 0 | G54: 0 | H54: ='CK GASTOS OSN PD MES 1'!AQ$123 -> 0 | I54: ='CK GASTOS OSN PD MES 2'!AQ$127 -> 0 | J54: ='CK GASTOS OSN PD MES 3'!AQ$137 -> 0 | K54: =SUM(H54:J54) -> 0 | L54: =+K54+G54 -> 0 | M54: =+'Cert.OSN PD'!AP305 -> 0 | N54: =IF(M54>0,(L54-M54),0) -> 0 | O54: =F54-L54 -> 0 | P54: =F54-M54 -> 0 | Q54: =IF(N54>0,(F54-L54-N54),(F54-L54+N54)) -> 0 | AS54: =SUM(R54:AR54) -> 0 | AT54: 0 | AY54: =+AT54+AU54+AV54+AW54+AX54 -> 0 | BG54: =SUM(AZ54:BF54) -> 0
A55: 1.06.01 | B55: Seguros | C55: 7150000 | D55: =+BG55 -> 0 | E55: =+AS55+AY56 -> -727000 | F55: =+C55+D55+E55 -> 6423000 | G55: 5068736.9 | H55: ='CK GASTOS OSN PD MES 1'!AR$123 -> 446259 | I55: ='CK GASTOS OSN PD MES 2'!AR$127 -> 187793.25 | J55: ='CK GASTOS OSN PD MES 3'!AR$137 -> 100297 | K55: =SUM(H55:J55) -> 734349.25 | L55: =+K55+G55 -> 5803086.2 | M55: =+'Cert.OSN PD'!AQ305 -> 6423000 | N55: =IF(M55>0,(L55-M55),0) -> -619913.85 | O55: =F55-L55 -> 619913.85 | P55: =F55-M55 -> 0 | Q55: =IF(N55>0,(F55-L55-N55),(F55-L55+N55)) -> 0 | S55: -727000 | AS55: =SUM(R55:AR55) -> -727000 | AT55: 0 | AY55: =+AT55+AU55+AV55+AW55+AX55 -> 0 | BG55: =SUM(AZ55:BF55) -> 0
A56: 1.07.01 | B56: Actividades de capacitación | C56: 1050000 | D56: =+BG56 -> 0 | E56: =+AS56+AY57 -> -50000 | F56: =+C56+D56+E56 -> 1000000 | G56: 0 | H56: ='CK GASTOS OSN PD MES 1'!AS$123 -> 0 | I56: ='CK GASTOS OSN PD MES 2'!AS$127 -> 1000000 | J56: ='CK GASTOS OSN PD MES 3'!AS$137 -> 0 | K56: =SUM(H56:J56) -> 1000000 | L56: =+K56+G56 -> 1000000 | M56: =+'Cert.OSN PD'!AR305 -> 1000000 | N56: =IF(M56>0,(L56-M56),0) -> 0 | O56: =F56-L56 -> 0 | P56: =F56-M56 -> 0 | Q56: =IF(N56>0,(F56-L56-N56),(F56-L56+N56)) -> 0 | T56: -50000 | AS56: =SUM(R56:AR56) -> -50000 | AT56: 0 | AY56: =+AT56+AU56+AV56+AW56+AX56 -> 0 | BG56: =SUM(AZ56:BF56) -> 0
A57: 1.07.02 | B57: Actividades protocolarias y sociales | C57: 0 | D57: =+BG57 -> 0 | E57: =+AS57+AY59 -> 0 | F57: =+C57+D57+E57 -> 0 | G57: 0 | H57: ='CK GASTOS OSN PD MES 1'!AT$123 -> 0 | I57: ='CK GASTOS OSN PD MES 2'!AT$127 -> 0 | J57: ='CK GASTOS OSN PD MES 3'!AT$137 -> 0 | K57: =SUM(H57:J57) -> 0 | L57: =+K57+G57 -> 0 | M57: =+'Cert.OSN PD'!AS305 -> 0 | N57: =IF(M57>0,(L57-M57),0) -> 0 | O57: =F57-L57 -> 0 | P57: =F57-M57 -> 0 | Q57: =IF(N57>0,(F57-L57-N57),(F57-L57+N57)) -> 0 | AS57: =SUM(R57:AR57) -> 0 | AT57: 0 | AY57: =+AT57+AU57+AV57+AW57+AX57 -> 0 | BG57: =SUM(AZ57:BF57) -> 0
A58: 1.07.03 | B58: Gastos de representación institucional | C58: 50000 | D58: =+BG58 -> 0 | E58: =+AS58+AY60 -> -50000 | F58: =+C58+D58+E58 -> 0 | G58: 0 | H58: =+'CK GASTOS OSN PD MES 1'!AU123 -> 0 | I58: =+'CK GASTOS OSN PD MES 2'!AU127 -> 0 | J58: =+'CK GASTOS OSN PD MES 3'!AU137 -> 0 | K58: =SUM(H58:J58) -> 0 | L58: =+K58+G58 -> 0 | M58: =+'Cert.OSN PD'!AT305 -> 0 | N58: =IF(M58>0,(L58-M58),0) -> 0 | O58: =F58-L58 -> 0 | P58: =F58-M58 -> 0 | Q58: =IF(N58>0,(F58-L58-N58),(F58-L58+N58)) -> 0 | T58: -50000 | AS58: =SUM(R58:AR58) -> -50000 | AT58: 0
A59: 1.08.01 | B59: Mantenimiento de edificios y locales | C59: 10500000 | D59: =+BG59 -> 0 | E59: =+AS59+AY60 -> 0 | F59: =+C59+D59+E59 -> 10500000 | G59: 8534204.2 | H59: ='CK GASTOS OSN PD MES 1'!AV$123 -> 635471.67 | I59: ='CK GASTOS OSN PD MES 2'!AV$127 -> 415925.55 | J59: ='CK GASTOS OSN PD MES 3'!AV$137 -> 807950 | K59: =SUM(H59:J59) -> 1859347.2 | L59: =+K59+G59 -> 10393551 | M59: =+'Cert.OSN PD'!AU305 -> 10393551 | N59: =IF(M59>0,(L59-M59),0) -> 0 | O59: =F59-L59 -> 106448.59 | P59: =F59-M59 -> 106448.59 | Q59: =IF(N59>0,(F59-L59-N59),(F59-L59+N59)) -> 106448.59 | AS59: =SUM(R59:AR59) -> 0 | AT59: 0 | AY59: =+AT59+AU59+AV59+AW59+AX59 -> 0 | BG59: =SUM(AZ59:BF59) -> 0
A60: 1.08.04 | B60: Mantenimiento y repracion de equipo de produccion | C60: 0 | D60: =+BG60 -> 0 | E60: =+AS60+AY61 -> 0 | F60: =+C60+D60+E60 -> 0 | G60: 0 | H60: ='CK GASTOS OSN PD MES 1'!AW$123 -> 0 | I60: ='CK GASTOS OSN PD MES 2'!AW$127 -> 0 | J60: ='CK GASTOS OSN PD MES 3'!AW$137 -> 0 | K60: =SUM(H60:J60) -> 0 | L60: =+K60+G60 -> 0 | M60: =+'Cert.OSN PD'!AU306 -> 0 | N60: =IF(M60>0,(L60-M60),0) -> 0 | O60: =F60-L60 -> 0 | P60: =F60-M60 -> 0 | Q60: =IF(N60>0,(F60-L60-N60),(F60-L60+N60)) -> 0 | AS60: =SUM(R60:AR60) -> 0 | AT60: 0 | AY60: =+AT60+AU60+AV60+AW60+AX60 -> 0 | BG60: =SUM(AZ60:BF60) -> 0
A61: 1.08.05 | B61: Mant. y rep. de equipo de transporte | C61: 3000000 | D61: =+BG61 -> 0 | E61: =+AS61+AY62 -> 450000 | F61: =+C61+D61+E61 -> 3450000 | G61: 2795364.5 | H61: ='CK GASTOS OSN PD MES 1'!AX$123 -> 171031.88 | I61: ='CK GASTOS OSN PD MES 2'!AX$127 -> 259393.76 | J61: ='CK GASTOS OSN PD MES 3'!AX$137 -> 213715.77 | K61: =SUM(H61:J61) -> 644141.41 | L61: =+K61+G61 -> 3439505.9 | M61: =+'Cert.OSN PD'!AW305 -> 3450000 | N61: =IF(M61>0,(L61-M61),0) -> -10494.1 | O61: =F61-L61 -> 10494.1 | P61: =F61-M61 -> 0 | Q61: =IF(N61>0,(F61-L61-N61),(F61-L61+N61)) -> 0 | T61: 450000 | AS61: =SUM(R61:AR61) -> 450000 | AT61: 0 | AY61: =+AT61+AU61+AV61+AW61+AX61 -> 0 | BG61: =SUM(AZ61:BF61) -> 0
A62: 1.08.06 | B62: Mant. y rep. de equipo de comunicación | C62: 0 | D62: =+BG62 -> 0 | E62: =+AS62+AY63 -> 0 | F62: =+C62+D62+E62 -> 0 | G62: 0 | H62: ='CK GASTOS OSN PD MES 1'!AY$123 -> 0 | I62: ='CK GASTOS OSN PD MES 2'!AY$127 -> 0 | J62: ='CK GASTOS OSN PD MES 3'!AY$137 -> 0 | K62: =SUM(H62:J62) -> 0 | L62: =+K62+G62 -> 0 | M62: =+'Cert.OSN PD'!AW306 -> 0 | N62: =IF(M62>0,(L62-M62),0) -> 0 | O62: =F62-L62 -> 0 | P62: =F62-M62 -> 0 | Q62: =IF(N62>0,(F62-L62-N62),(F62-L62+N62)) -> 0 | AS62: =SUM(R62:AR62) -> 0 | AT62: 0 | AY62: =+AT62+AU62+AV62+AW62+AX62 -> 0 | BG62: =SUM(AZ62:BF62) -> 0
A63: 1.08.07 | B63: Mant. y rep. de equipo y mob. de oficina | C63: 1700000 | D63: =+BG63 -> 0 | E63: =+AS63+AY64 -> 100000 | F63: =+C63+D63+E63 -> 1800000 | G63: 782739.66 | H63: ='CK GASTOS OSN PD MES 1'!AZ$123 -> 252413.64 | I63: ='CK GASTOS OSN PD MES 2'!AZ$127 -> 92095.31 | J63: ='CK GASTOS OSN PD MES 3'!AZ$137 -> 621500 | K63: =SUM(H63:J63) -> 966008.95 | L63: =+K63+G63 -> 1748748.6 | M63: =+'Cert.OSN PD'!AY305 -> 1750098 | N63: =IF(M63>0,(L63-M63),0) -> -1349.41 | O63: =F63-L63 -> 51251.39 | P63: =F63-M63 -> 49901.98 | Q63: =IF(N63>0,(F63-L63-N63),(F63-L63+N63)) -> 49901.98 | T63: 100000 | AS63: =SUM(R63:AR63) -> 100000 | AT63: 0 | AY63: =+AT63+AU63+AV63+AW63+AX63 -> 0 | BG63: =SUM(AZ63:BF63) -> 0
A64: 1.08.08 | B64: Mant. y rep. de equipo de cómputo y sistemas de información | C64: 500000 | D64: =+BG64 -> 0 | E64: =+AS64+AY65 -> -450000 | F64: =+C64+D64+E64 -> 50000 | G64: 39490 | H64: ='CK GASTOS OSN PD MES 1'!BA$123 -> 0 | I64: ='CK GASTOS OSN PD MES 2'!BA$127 -> 10499.96 | J64: ='CK GASTOS OSN PD MES 3'!BA$137 -> 0 | K64: =SUM(H64:J64) -> 10499.96 | L64: =+K64+G64 -> 49989.96 | M64: =+'Cert.OSN PD'!AZ305 -> 50000 | N64: =IF(M64>0,(L64-M64),0) -> -10.04 | O64: =F64-L64 -> 10.04 | P64: =F64-M64 -> 0 | Q64: =IF(N64>0,(F64-L64-N64),(F64-L64+N64)) -> 0 | T64: -450000 | AS64: =SUM(R64:AR64) -> -450000 | AT64: 0 | AY64: =+AT64+AU64+AV64+AW64+AX64 -> 0 | BG64: =SUM(AZ64:BF64) -> 0
A65: 1.08.99 | B65: Mantenimiento y reparación de otros equipos | C65: 500000 | D65: =+BG65 -> 0 | E65: =+AS65+AY68 -> 1587000 | F65: =+C65+D65+E65 -> 2087000 | G65: 367250 | H65: ='CK GASTOS OSN PD MES 1'!BB$123 -> 499400 | I65: ='CK GASTOS OSN PD MES 2'!BB$127 -> 776640 | J65: ='CK GASTOS OSN PD MES 3'!BB$137 -> 193689.17 | K65: =SUM(H65:J65) -> 1469729.2 | L65: =+K65+G65 -> 1836979.2 | M65: =+'Cert.OSN PD'!BA305 -> 2087000 | N65: =IF(M65>0,(L65-M65),0) -> -250020.83 | O65: =F65-L65 -> 250020.83 | P65: =F65-M65 -> 0 | Q65: =IF(N65>0,(F65-L65-N65),(F65-L65+N65)) -> 0 | S65: =580000+280000+727000 -> 1587000 | AS65: =SUM(R65:AR65) -> 1587000 | AT65: 0 | AY65: =+AT65+AU65+AV65+AW65+AX65 -> 0 | BG65: =SUM(AZ65:BF65) -> 0
A66: 1.09.02 | B66: Impuesto sobre bienes inmuebles | D66: =+BG66 -> 0 | E66: =+AS66+AY69 -> 0 | F66: =+C66+D66+E66 -> 0 | G66: 0 | H66: ='CK GASTOS OSN PD MES 1'!BC$123 -> 0 | I66: =+'CK GASTOS OSN PD MES 2'!BC127 -> 0 | J66: ='CK GASTOS OSN PD MES 3'!BF$452 -> 0 | K66: =SUM(H66:J66) -> 0 | L66: =+K66+G66 -> 0 | M66: =+'Cert.OSN PD'!AW317 -> 0 | N66: =IF(M66>0,(L66-M66),0) -> 0 | O66: =F66-L66 -> 0 | P66: =F66-M66 -> 0 | Q66: =IF(N66>0,(F66-L66-N66),(F66-L66+N66)) -> 0 | AS66: =SUM(R66:AR66) -> 0 | AT66: 0 | BG66: =SUM(AZ66:BF66) -> 0
A67: 1.09.99 | B67: Otros impuestos | C67: 200000 | D67: =+BG67 -> 0 | E67: =+AS67+AY70 -> 0 | F67: =+C67+D67+E67 -> 200000 | G67: 144110 | H67: =+'CK GASTOS OSN PD MES 1'!BD123 -> 0 | I67: =+'CK GASTOS OSN PD MES 2'!BD127 -> 53230.91 | J67: =+'CK GASTOS OSN PD MES 3'!BD137 -> 0 | K67: =SUM(H67:J67) -> 53230.91 | L67: =+K67+G67 -> 197340.91 | M67: =+'Cert.OSN PD'!BC305 -> 200000 | N67: =IF(M67>0,(L67-M67),0) -> -2659.09 | O67: =F67-L67 -> 2659.09 | P67: =F67-M67 -> 0 | Q67: =IF(N67>0,(F67-L67-N67),(F67-L67+N67)) -> 0 | AS67: =SUM(R67:AR67) -> 0 | AT67: 0
A68: 1.99.02 | B68: Multas | D68: =+BG68 -> 0 | E68: =+AS68+AY69 -> 0 | F68: =+C68+D68+E68 -> 0 | G68: 0 | H68: ='CK GASTOS OSN PD MES 1'!BE$123 -> 0 | I68: =+'CK GASTOS OSN PD MES 2'!BE127 -> 0 | J68: =+'CK GASTOS OSN PD MES 3'!BE137 -> 0 | K68: =SUM(H68:J68) -> 0 | L68: =+K68+G68 -> 0 | M68: =+'Cert.OSN PD'!AW318 -> 0 | N68: =IF(M68>0,(L68-M68),0) -> 0 | O68: =F68-L68 -> 0 | P68: =F68-M68 -> 0 | Q68: =IF(N68>0,(F68-L68-N68),(F68-L68+N68)) -> 0 | AS68: =SUM(R68:AR68) -> 0 | AT68: 0 | AY68: =+AT68+AU68+AV68+AW68+AX68 -> 0 | BG68: =SUM(AZ68:BF68) -> 0
A69: 1.99.99 | B69: Otros servicios no especificados | C69: 390000 | D69: =+BG69 -> 0 | E69: =+AS69+AY70 -> -140000 | F69: =+C69+D69+E69 -> 250000 | G69: 151466 | H69: ='CK GASTOS OSN PD MES 1'!BF$123 -> 7926.95 | I69: =+'CK GASTOS OSN PD MES 2'!BF127 -> 0 | J69: =+'CK GASTOS OSN PD MES 3'!BF137 -> 85000 | K69: =SUM(H69:J69) -> 92926.95 | L69: =+K69+G69 -> 244392.95 | M69: =+'Cert.OSN PD'!BE305 -> 250000 | N69: =IF(M69>0,(L69-M69),0) -> -5607.05 | O69: =F69-L69 -> 5607.05 | P69: =F69-M69 -> 0 | Q69: =IF(N69>0,(F69-L69-N69),(F69-L69+N69)) -> 0 | T69: -140000 | AS69: =SUM(R69:AR69) -> -140000 | AT69: 0 | AY69: =+AT69+AU69+AV69+AW69+AX69 -> 0 | BG69: =SUM(AZ69:BF69) -> 0
AT70: 0 | AY70: =+AT70+AU70+AV70+AW70+AX70 -> 0
A71: 2 | B71: MATERIALES Y SUMINISTROS | C71: =SUM(C73:C92) -> 6665863 | D71: =SUM(D73:D92) -> 0 | E71: =SUM(E73:E92) -> 0 | F71: =SUM(F73:F92) -> 6665863 | G71: 3069036.7 | H71: =SUM(H73:H92) -> 1512971.4 | I71: =SUM(I73:I92) -> 388187.05 | J71: =SUM(J73:J92) -> 323792.16 | K71: =SUM(K73:K92) -> 2224950.6 | L71: =SUM(L73:L92) -> 5293987.3 | M71: =SUM(M73:M92) -> 6477966.4 | N71: =SUM(N73:N92) -> -1203979.1 | O71: =SUM(O73:O92) -> 1371875.7 | ... AS71: =SUM(AS73:AS92) -> 0 | AT71: 0 | AU71: =SUM(AU73:AU92) -> 0 | AV71: =SUM(AV73:AV92) -> 0 | AW71: =SUM(AW73:AW92) -> 0 | AX71: =SUM(AX73:AX92) -> 0 | AY71: =SUM(AY73:AY92) -> 0 | AZ71: =SUM(AZ73:AZ92) -> 0 | BA71: =SUM(BA73:BA92) -> 0 | BB71: =SUM(BB73:BB92) -> 0 | ... BG71: =SUM(BG73:BG92) -> 0
AT72: 0
A73: 2.01.01 | B73: Combustibles y lubricantes | C73: 3500000 | D73: =+BG73 -> 0 | E73: =+AS73+AY73 -> -600000 | F73: =+C73+D73+E73 -> 2900000 | G73: 1258015 | H73: ='CK GASTOS OSN PD MES 1'!BG$123 -> 215500 | I73: ='CK GASTOS OSN PD MES 2'!BG$127 -> 265669 | J73: ='CK GASTOS OSN PD MES 3'!BG$137 -> 125000 | K73: =SUM(H73:J73) -> 606169 | L73: =+K73+G73 -> 1864184 | M73: =+'Cert.OSN PD'!BF305 -> 2900000 | N73: =IF(M73>0,(L73-M73),0) -> -1035816 | O73: =F73-L73 -> 1035816 | P73: =F73-M73 -> 0 | Q73: =IF(N73>0,(F73-L73-N73),(F73-L73+N73)) -> 0 | S73: -600000 | AS73: =SUM(R73:AR73) -> -600000 | AT73: 0 | AY73: =+AT73+AU73+AV73+AW73+AX73 -> 0 | BG73: =SUM(AZ73:BF73) -> 0
A74: 2.01.02 | B74: Productos farmacéuticos y medicinales | D74: =+BG74 -> 0 | E74: =+AS74+AY74 -> 0 | F74: =+C74+D74+E74 -> 0 | G74: 0 | H74: ='CK GASTOS OSN PD MES 1'!BH$123 -> 0 | I74: ='CK GASTOS OSN PD MES 2'!BH$127 -> 0 | J74: ='CK GASTOS OSN PD MES 3'!BH$137 -> 0 | K74: =SUM(H74:J74) -> 0 | L74: =+K74+G74 -> 0 | M74: =+'Cert.OSN PD'!BG305 -> 0 | N74: =IF(M74>0,(L74-M74),0) -> 0 | O74: =F74-L74 -> 0 | P74: =F74-M74 -> 0 | Q74: =IF(N74>0,(F74-L74-N74),(F74-L74+N74)) -> 0 | AS74: =SUM(R74:AR74) -> 0 | AT74: 0 | AY74: =+AT74+AU74+AV74+AW74+AX74 -> 0 | BG74: =SUM(AZ74:BF74) -> 0
A75: 2.01.04 | B75: Tintas, pinturas y diluyentes | C75: 400000 | D75: =+BG75 -> 0 | E75: =+AS75+AY75 -> 0 | F75: =+C75+D75+E75 -> 400000 | G75: 398556.45 | H75: ='CK GASTOS OSN PD MES 1'!BI$123 -> 0 | I75: ='CK GASTOS OSN PD MES 2'!BI$127 -> 0 | J75: ='CK GASTOS OSN PD MES 3'!BI$137 -> 0 | K75: =SUM(H75:J75) -> 0 | L75: =+K75+G75 -> 398556.45 | M75: =+'Cert.OSN PD'!BH305 -> 398556.45 | N75: =IF(M75>0,(L75-M75),0) -> 1.1641532e-10 | O75: =F75-L75 -> 1443.55 | P75: =F75-M75 -> 1443.55 | Q75: =IF(N75>0,(F75-L75-N75),(F75-L75+N75)) -> 1443.55 | AS75: =SUM(R75:AR75) -> 0 | AT75: 0 | AY75: =+AT75+AU75+AV75+AW75+AX75 -> 0 | BG75: =SUM(AZ75:BF75) -> 0
A76: 2.01.99 | B76: Otros productos químicos | C76: 20000 | D76: =+BG76 -> 0 | E76: =+AS76+AY76 -> 0 | F76: =+C76+D76+E76 -> 20000 | G76: 20000 | H76: ='CK GASTOS OSN PD MES 1'!BJ$123 -> 0 | I76: ='CK GASTOS OSN PD MES 2'!BJ$127 -> 0 | J76: ='CK GASTOS OSN PD MES 3'!BJ$137 -> 0 | K76: =SUM(H76:J76) -> 0 | L76: =+K76+G76 -> 20000 | M76: =+'Cert.OSN PD'!BI305 -> 0 | N76: =IF(M76>0,(L76-M76),0) -> 0 | O76: =F76-L76 -> 0 | P76: =F76-M76 -> 20000 | Q76: =IF(N76>0,(F76-L76-N76),(F76-L76+N76)) -> 0 | AS76: =SUM(R76:AR76) -> 0 | AT76: 0 | AY76: =+AT76+AU76+AV76+AW76+AX76 -> 0 | BG76: =SUM(AZ76:BF76) -> 0
A77: 2.02.03 | B77: Alimentos y bebidas | C77: 118863 | D77: =+BG77 -> 0 | E77: =+AS77+AY77 -> 111814 | F77: =+C77+D77+E77 -> 230677 | G77: 161518.75 | H77: ='CK GASTOS OSN PD MES 1'!BK$123 -> 0 | I77: ='CK GASTOS OSN PD MES 2'!BK$127 -> 0 | J77: ='CK GASTOS OSN PD MES 3'!BK$137 -> 22462.5 | K77: =SUM(H77:J77) -> 22462.5 | L77: =+K77+G77 -> 183981.25 | M77: =+'Cert.OSN PD'!BJ305 -> 183981.25 | N77: =IF(M77>0,(L77-M77),0) -> 0 | O77: =F77-L77 -> 46695.75 | P77: =F77-M77 -> 46695.75 | Q77: =IF(N77>0,(F77-L77-N77),(F77-L77+N77)) -> 46695.75 | S77: =60000+120000 -> 180000 | U77: -68186 | AS77: =SUM(R77:AR77) -> 111814 | AT77: 0 | AY77: =+AT77+AU77+AV77+AW77+AX77 -> 0 | BG77: =SUM(AZ77:BF77) -> 0
A78: 2.03.01 | B78: Materiales y productos metálicos | C78: 12000 | D78: =+BG78 -> 0 | E78: =+AS78+AY78 -> 0 | F78: =+C78+D78+E78 -> 12000 | G78: 9160 | H78: ='CK GASTOS OSN PD MES 1'!BL$123 -> 2840 | I78: ='CK GASTOS OSN PD MES 2'!BL$127 -> 0 | J78: ='CK GASTOS OSN PD MES 3'!BL$137 -> 0 | K78: =SUM(H78:J78) -> 2840 | L78: =+K78+G78 -> 12000 | M78: =+'Cert.OSN PD'!BK305 -> 12000 | N78: =IF(M78>0,(L78-M78),0) -> 0 | O78: =F78-L78 -> 0 | P78: =F78-M78 -> 0 | Q78: =IF(N78>0,(F78-L78-N78),(F78-L78+N78)) -> 0 | AS78: =SUM(R78:AR78) -> 0 | AT78: 0 | AY78: =+AT78+AU78+AV78+AW78+AX78 -> 0 | BG78: =SUM(AZ78:BF78) -> 0
A79: 2.03.03 | B79: Madera y sus derivados | C79: 20000 | D79: =+BG79 -> 0 | E79: =+AS79+AY79 -> 0 | F79: =+C79+D79+E79 -> 20000 | G79: 5700 | H79: ='CK GASTOS OSN PD MES 1'!BM$123 -> 14300 | I79: ='CK GASTOS OSN PD MES 2'!BM$127 -> 0 | J79: ='CK GASTOS OSN PD MES 3'!BM$137 -> 0 | K79: =SUM(H79:J79) -> 14300 | L79: =+K79+G79 -> 20000 | M79: =+'Cert.OSN PD'!BL305 -> 20000 | N79: =IF(M79>0,(L79-M79),0) -> 0 | O79: =F79-L79 -> 0 | P79: =F79-M79 -> 0 | Q79: =IF(N79>0,(F79-L79-N79),(F79-L79+N79)) -> 0 | AS79: =SUM(R79:AR79) -> 0 | AT79: 0 | AY79: =+AT79+AU79+AV79+AW79+AX79 -> 0 | BG79: =SUM(AZ79:BF79) -> 0
A80: 2.03.04 | B80: Materiales y prod. eléct., telef. y de cómputo | C80: 50000 | D80: =+BG80 -> 0 | E80: =+AS80+AY80 -> 0 | F80: =+C80+D80+E80 -> 50000 | G80: 43605.87 | H80: ='CK GASTOS OSN PD MES 1'!BN$123 -> 0 | I80: ='CK GASTOS OSN PD MES 2'!BN$127 -> 6394.13 | J80: ='CK GASTOS OSN PD MES 3'!BN$137 -> 0 | K80: =SUM(H80:J80) -> 6394.13 | L80: =+K80+G80 -> 50000 | M80: =+'Cert.OSN PD'!BM305 -> 50000 | N80: =IF(M80>0,(L80-M80),0) -> 0 | O80: =F80-L80 -> 0 | P80: =F80-M80 -> 0 | Q80: =IF(N80>0,(F80-L80-N80),(F80-L80+N80)) -> 0 | AS80: =SUM(R80:AR80) -> 0 | AT80: 0 | AY80: =+AT80+AU80+AV80+AW80+AX80 -> 0 | BG80: =SUM(AZ80:BF80) -> 0
A81: 2.03.05 | B81: Materiales y productos de vidrio | C81: 70000 | D81: =+BG81 -> 0 | E81: =+AS81+AY81 -> 0 | F81: =+C81+D81+E81 -> 70000 | G81: 60000 | H81: ='CK GASTOS OSN PD MES 1'!BO$123 -> 10000 | I81: ='CK GASTOS OSN PD MES 2'!BO$127 -> 0 | J81: ='CK GASTOS OSN PD MES 3'!BO$137 -> 0 | K81: =SUM(H81:J81) -> 10000 | L81: =+K81+G81 -> 70000 | M81: =+'Cert.OSN PD'!BN305 -> 70000 | N81: =IF(M81>0,(L81-M81),0) -> 0 | O81: =F81-L81 -> 0 | P81: =F81-M81 -> 0 | Q81: =IF(N81>0,(F81-L81-N81),(F81-L81+N81)) -> 0 | AS81: =SUM(R81:AR81) -> 0 | AT81: 0 | AY81: =+AT81+AU81+AV81+AW81+AX81 -> 0 | BG81: =SUM(AZ81:BF81) -> 0
A82: 2.03.06 | B82: Materiales y productos de plástico | C82: 70000 | D82: =+BG82 -> 0 | E82: =+AS82+AY82 -> 0 | F82: =+C82+D82+E82 -> 70000 | G82: 68900 | H82: ='CK GASTOS OSN PD MES 1'!BP$123 -> 940 | I82: ='CK GASTOS OSN PD MES 2'!BP$127 -> 0 | J82: ='CK GASTOS OSN PD MES 3'!BP$137 -> 0 | K82: =SUM(H82:J82) -> 940 | L82: =+K82+G82 -> 69840 | M82: =+'Cert.OSN PD'!BO305 -> 69840 | N82: =IF(M82>0,(L82-M82),0) -> 0 | O82: =F82-L82 -> 160 | P82: =F82-M82 -> 160 | Q82: =IF(N82>0,(F82-L82-N82),(F82-L82+N82)) -> 160 | AS82: =SUM(R82:AR82) -> 0 | AT82: 0 | AY82: =+AT82+AU82+AV82+AW82+AX82 -> 0 | BG82: =SUM(AZ82:BF82) -> 0
A83: 2.03.99 | B83: Otros mat. y productos de uso en construcción | C83: 225000 | D83: =+BG83 -> 0 | E83: =+AS83+AY83 -> 0 | F83: =+C83+D83+E83 -> 225000 | G83: 225000 | H83: ='CK GASTOS OSN PD MES 1'!BQ$123 -> 0 | I83: ='CK GASTOS OSN PD MES 2'!BQ$127 -> 0 | J83: ='CK GASTOS OSN PD MES 3'!BQ$137 -> 0 | K83: =SUM(H83:J83) -> 0 | L83: =+K83+G83 -> 225000 | M83: =+'Cert.OSN PD'!BP305 -> 225000 | N83: =IF(M83>0,(L83-M83),0) -> 0 | O83: =F83-L83 -> 0 | P83: =F83-M83 -> 0 | Q83: =IF(N83>0,(F83-L83-N83),(F83-L83+N83)) -> 0 | AS83: =SUM(R83:AR83) -> 0 | AT83: 0 | AY83: =+AT83+AU83+AV83+AW83+AX83 -> 0 | BG83: =SUM(AZ83:BF83) -> 0
A84: 2.04.01 | B84: Herramientas e instrumentos | C84: 130000 | D84: =+BG84 -> 0 | E84: =+AS84+AY84 -> 0 | F84: =+C84+D84+E84 -> 130000 | G84: 52100 | H84: ='CK GASTOS OSN PD MES 1'!BR$123 -> 64000 | I84: ='CK GASTOS OSN PD MES 2'!BR$127 -> 13899.99 | J84: ='CK GASTOS OSN PD MES 3'!BR$137 -> 0 | K84: =SUM(H84:J84) -> 77899.99 | L84: =+K84+G84 -> 129999.99 | M84: =+'Cert.OSN PD'!BQ305 -> 130000 | N84: =IF(M84>0,(L84-M84),0) -> -0.01 | O84: =F84-L84 -> 0.01 | P84: =F84-M84 -> 0 | Q84: =IF(N84>0,(F84-L84-N84),(F84-L84+N84)) -> 0 | AS84: =SUM(R84:AR84) -> 0 | AT84: 0 | AY84: =+AT84+AU84+AV84+AW84+AX84 -> 0 | BG84: =SUM(AZ84:BF84) -> 0
A85: 2.04.02 | B85: Repuestos y accesorios | C85: 500000 | D85: =+BG85 -> 0 | E85: =+AS85+AY85 -> 740000 | F85: =+C85+D85+E85 -> 1240000 | G85: 320138.26 | H85: ='CK GASTOS OSN PD MES 1'!BS$123 -> 919861 | I85: ='CK GASTOS OSN PD MES 2'!BS$127 -> 0 | J85: ='CK GASTOS OSN PD MES 3'!BS$137 -> 0 | K85: =SUM(H85:J85) -> 919861 | L85: =+K85+G85 -> 1239999.3 | M85: =+'Cert.OSN PD'!BR305 -> 1239999.3 | N85: =IF(M85>0,(L85-M85),0) -> 0 | O85: =F85-L85 -> 0.74 | P85: =F85-M85 -> 0.74 | Q85: =IF(N85>0,(F85-L85-N85),(F85-L85+N85)) -> 0.74 | S85: =600000+140000 -> 740000 | AS85: =SUM(R85:AR85) -> 740000 | AT85: 0 | AY85: =+AT85+AU85+AV85+AW85+AX85 -> 0 | BG85: =SUM(AZ85:BF85) -> 0
A86: 2.99.01 | B86: Útiles y materiales de oficina y cómputo | C86: 600000 | D86: =+BG86 -> 0 | E86: =+AS86+AY86 -> -200000 | F86: =+C86+D86+E86 -> 400000 | G86: 92580.49 | H86: ='CK GASTOS OSN PD MES 1'!BT$123 -> 1800 | I86: ='CK GASTOS OSN PD MES 2'!BT$127 -> 34037.93 | J86: ='CK GASTOS OSN PD MES 3'!BT$137 -> 98330 | K86: =SUM(H86:J86) -> 134167.93 | L86: =+K86+G86 -> 226748.42 | M86: =+'Cert.OSN PD'!BS305 -> 393911.4 | N86: =IF(M86>0,(L86-M86),0) -> -167162.98 | O86: =F86-L86 -> 173251.58 | P86: =F86-M86 -> 6088.6 | Q86: =IF(N86>0,(F86-L86-N86),(F86-L86+N86)) -> 6088.6 | S86: =-140000+-60000 -> -200000 | AS86: =SUM(R86:AR86) -> -200000 | AT86: 0 | AY86: =+AT86+AU86+AV86+AW86+AX86 -> 0 | BG86: =SUM(AZ86:BF86) -> 0
A87: 2.99.03 | B87: Productos de papel y cartón e impresos | C87: 500000 | D87: =+BG87 -> 0 | E87: =+AS87+AY87 -> -120000 | F87: =+C87+D87+E87 -> 380000 | G87: 216280.17 | H87: ='CK GASTOS OSN PD MES 1'!BU$123 -> 0 | I87: ='CK GASTOS OSN PD MES 2'!BU$127 -> 0 | J87: ='CK GASTOS OSN PD MES 3'!BU$137 -> 71300.07 | K87: =SUM(H87:J87) -> 71300.07 | L87: =+K87+G87 -> 287580.24 | M87: =+'Cert.OSN PD'!BT305 -> 287580.24 | N87: =IF(M87>0,(L87-M87),0) -> 0 | O87: =F87-L87 -> 92419.76 | P87: =F87-M87 -> 92419.76 | Q87: =IF(N87>0,(F87-L87-N87),(F87-L87+N87)) -> 92419.76 | S87: -120000 | AS87: =SUM(R87:AR87) -> -120000 | AT87: 0 | AY87: =+AT87+AU87+AV87+AW87+AX87 -> 0 | BG87: =SUM(AZ87:BF87) -> 0
A88: 2.99.04 | B88: Textiles y vestuario | C88: 300000 | D88: =+BG88 -> 0 | E88: =+AS88+AY88 -> 0 | F88: =+C88+D88+E88 -> 300000 | G88: 21469.93 | H88: ='CK GASTOS OSN PD MES 1'!BV$123 -> 273530.4 | I88: ='CK GASTOS OSN PD MES 2'!BV$127 -> 0 | J88: ='CK GASTOS OSN PD MES 3'!BV$137 -> 4999.6 | K88: =SUM(H88:J88) -> 278530 | L88: =+K88+G88 -> 299999.93 | M88: =+'Cert.OSN PD'!BU305 -> 300000 | N88: =IF(M88>0,(L88-M88),0) -> -0.07 | O88: =F88-L88 -> 0.07 | P88: =F88-M88 -> 0 | Q88: =IF(N88>0,(F88-L88-N88),(F88-L88+N88)) -> 0 | AS88: =SUM(R88:AR88) -> 0 | AT88: 0 | AY88: =+AT88+AU88+AV88+AW88+AX88 -> 0 | BG88: =SUM(AZ88:BF88) -> 0
A89: 2.99.05 | B89: Útiles y materiales de limpieza | C89: 0 | D89: =+BG89 -> 0 | E89: =+AS89+AY89 -> 68186 | F89: =+C89+D89+E89 -> 68186 | G89: 0 | H89: ='CK GASTOS OSN PD MES 1'!BW$123 -> 0 | I89: ='CK GASTOS OSN PD MES 2'!BW$127 -> 68186 | J89: ='CK GASTOS OSN PD MES 3'!BW$137 -> 0 | K89: =SUM(H89:J89) -> 68186 | L89: =+K89+G89 -> 68186 | M89: =+'Cert.OSN PD'!BV305 -> 68186 | N89: =IF(M89>0,(L89-M89),0) -> 0 | O89: =F89-L89 -> 0 | P89: =F89-M89 -> 0 | Q89: =IF(N89>0,(F89-L89-N89),(F89-L89+N89)) -> 0 | U89: 68186 | AS89: =SUM(R89:AR89) -> 68186 | AT89: 0 | AY89: =+AT89+AU89+AV89+AW89+AX89 -> 0 | BG89: =SUM(AZ89:BF89) -> 0
A90: 2.99.06 | B90: Útiles y materiales de resguardo y seguridad | C90: 100000 | D90: =+BG90 -> 0 | E90: =+AS90+AY90 -> 0 | F90: =+C90+D90+E90 -> 100000 | G90: 69733.78 | H90: ='CK GASTOS OSN PD MES 1'!BX$123 -> 10200.01 | I90: ='CK GASTOS OSN PD MES 2'!BX$127 -> 0 | J90: ='CK GASTOS OSN PD MES 3'!BX$137 -> 0 | K90: =SUM(H90:J90) -> 10200.01 | L90: =+K90+G90 -> 79933.79 | M90: =+'Cert.OSN PD'!BW305 -> 79933.79 | N90: =IF(M90>0,(L90-M90),0) -> 0 | O90: =F90-L90 -> 20066.21 | P90: =F90-M90 -> 20066.21 | Q90: =IF(N90>0,(F90-L90-N90),(F90-L90+N90)) -> 20066.21 | AS90: =SUM(R90:AR90) -> 0 | AY90: =+AT90+AU90+AV90+AW90+AX90 -> 0 | BG90: =SUM(AZ90:BF90) -> 0
A91: 2.99.07 | B91: Útiles y materiales de cocina y comedor | C91: 0 | D91: =+BG91 -> 0 | E91: =+AS91+AY91 -> 0 | F91: =+C91+D91+E91 -> 0 | G91: 0 | H91: ='CK GASTOS OSN PD MES 1'!BY$123 -> 0 | I91: ='CK GASTOS OSN PD MES 2'!BY$127 -> 0 | J91: ='CK GASTOS OSN PD MES 3'!BY$137 -> 0 | K91: =SUM(H91:J91) -> 0 | L91: =+K91+G91 -> 0 | M91: =+'Cert.OSN PD'!BX305 -> 0 | N91: =IF(M91>0,(L91-M91),0) -> 0 | O91: =F91-L91 -> 0 | P91: =F91-M91 -> 0 | Q91: =IF(N91>0,(F91-L91-N91),(F91-L91+N91)) -> 0 | AS91: =SUM(R91:AR91) -> 0 | AT91: 0 | AY91: =+AT91+AU91+AV91+AW91+AX91 -> 0 | BG91: =SUM(AZ91:BF91) -> 0
A92: 2.99.99 | B92: Otros útiles, materiales y suministros | C92: 50000 | D92: =+BG92 -> 0 | E92: =+AS92+AY92 -> 0 | F92: =+C92+D92+E92 -> 50000 | G92: 46278.01 | H92: ='CK GASTOS OSN PD MES 1'!BZ$123 -> 0 | I92: ='CK GASTOS OSN PD MES 2'!BZ$127 -> 0 | J92: ='CK GASTOS OSN PD MES 3'!BZ$137 -> 1699.99 | K92: =SUM(H92:J92) -> 1699.99 | L92: =+K92+G92 -> 47978 | M92: =+'Cert.OSN PD'!BY305 -> 48978.01 | N92: =IF(M92>0,(L92-M92),0) -> -1000.01 | O92: =F92-L92 -> 2022 | P92: =F92-M92 -> 1021.99 | Q92: =IF(N92>0,(F92-L92-N92),(F92-L92+N92)) -> 1021.99 | AS92: =SUM(R92:AR92) -> 0 | AT92: 0 | AY92: =+AT92+AU92+AV92+AW92+AX92 -> 0 | BG92: =SUM(AZ92:BF92) -> 0
AT93: 0
A94: 3 | B94: INTERESES Y COMISIONES | C94: =SUM(C96:C96) -> 0 | D94: =SUM(D96:D96) -> 0 | E94: =SUM(E96:E96) -> 0 | F94: =SUM(F96:F96) -> 0 | G94: 0 | H94: =SUM(H96:H96) -> 0 | I94: =SUM(I96:I96) -> 0 | J94: =SUM(J96:J96) -> 0 | K94: =SUM(K96:K96) -> 0 | L94: =SUM(L96:L96) -> 0 | M94: =SUM(M96:M96) -> 0 | N94: =SUM(N96:N96) -> 0 | O94: =SUM(O96:O96) -> 0 | ... AL94: =SUM(AL96:AL96) -> 0 | AS94: =SUM(AS96:AS96) -> 0 | AT94: 0 | AU94: =SUM(AU96:AU96) -> 0 | AV94: =SUM(AV96:AV96) -> 0 | AW94: =SUM(AW96:AW96) -> 0 | AX94: =SUM(AX96:AX96) -> 0 | AY94: =SUM(AY96:AY96) -> 0 | AZ94: =SUM(AZ96:AZ96) -> 0 | BA94: =SUM(BA96:BA96) -> 0 | BB94: =SUM(BB96:BB96) -> 0 | ... BG94: =SUM(BG96:BG96) -> 0
AT95: 0
A96: 3.04.05 | B96: Diferencias por tipo de cambio | C96: 0 | D96: =+BG96 -> 0 | E96: =+AS96+AY96 -> 0 | F96: =+C96+D96+E96 -> 0 | G96: 0 | H96: ='CK GASTOS OSN PD MES 1'!CA123 -> 0 | I96: ='CK GASTOS OSN PD MES 2'!CA$127 -> 0 | J96: ='CK GASTOS OSN PD MES 3'!CA$137 -> 0 | K96: 0 | L96: =+K96+G96 -> 0 | M96: =+'Cert.OSN PD'!BZ305 -> 0 | N96: =IF(M96>0,(L96-M96),0) -> 0 | O96: =F96-L96 -> 0 | P96: =F96-M96 -> 0 | Q96: =IF(N96>0,(F96-L96-N96),(F96-L96+N96)) -> 0 | AS96: =SUM(R96:AL96) -> 0 | AT96: 0 | AY96: =+AT96+AU96+AV96+AW96+AX96 -> 0 | BG96: =SUM(AZ96:BB96) -> 0
AT97: 0
A98: 5 | B98: BIENES DURADEROS | C98: =SUM(C100:C110) -> 8500000 | D98: =SUM(D100:D110) -> 0 | E98: =SUM(E100:E110) -> 61000000 | F98: =SUM(F100:F110) -> 69500000 | G98: 3792295.8 | H98: =SUM(H101:H110) -> 2262098.6 | I98: =SUM(I101:I109) -> 1189040.4 | J98: =SUM(J101:J109) -> 0 | K98: =SUM(K101:K110) -> 3451139 | L98: =SUM(L100:L110) -> 7243434.8 | M98: =SUM(M100:M110) -> 7243434.8 | N98: =SUM(N100:N110) -> 0 | O98: =SUM(O100:O110) -> 62256565 | P98: =SUM(P100:P110) -> 62256565 | Q98: =SUM(Q100:Q110) -> 62256565 | R98: =SUM(R101:R109) -> 0 | S98: =SUM(S101:S109) -> -1000000 | T98: =SUM(T100:T110) -> 0 | U98: =SUM(U100:U110) -> 0 | V98: =SUM(V101:V111) -> 0 | W98: =SUM(W101:W109) -> 62000000 | X98: =SUM(X100:X110) -> 0 | Y98: =SUM(Y101:Y109) -> 0 | Z98: =SUM(Z101:Z109) -> 0 | AA98: =SUM(AA101:AA109) -> 0 | AB98: =SUM(AB101:AB109) -> 0 | AC98: =SUM(AC100:AC110) -> 0 | AD98: =SUM(AD100:AD109) -> 0 | AE98: =SUM(AE100:AE109) -> 0 | AF98: =SUM(AF100:AF109) -> 0 | AG98: =SUM(AG100:AG109) -> 0 | AH98: =SUM(AH100:AH109) -> 0 | AI98: =SUM(AI100:AI109) -> 0 | AJ98: =SUM(AJ100:AJ109) -> 0 | AK98: =SUM(AK100:AK109) -> 0 | ... AQ98: =SUM(AQ100:AQ109) -> 0 | AR98: =SUM(AR100:AR110) -> 0 | AS98: =SUM(AS100:AS110) -> 61000000 | AT98: 0 | AU98: =SUM(AU101:AU109) -> 0 | AV98: =SUM(AV101:AV109) -> 0 | AW98: =SUM(AW101:AW109) -> 0 | AX98: =SUM(AX101:AX109) -> 0 | AY98: =SUM(AY101:AY109) -> 0 | AZ98: =SUM(AZ101:AZ109) -> 0 | BA98: =SUM(BA101:BA109) -> 0 | BB98: =SUM(BB101:BB109) -> 0 | ... BG98: =SUM(BG101:BG109) -> 0
AT99: 0
A100: 5.01.01 | B100: Maquinaria y equipo para la produccion | D100: =+BG100 -> 0 | E100: =+AS100+AY100 -> 0 | F100: =+C100+D100+E100 -> 0 | G100: 0 | H100: ='CK GASTOS OSN PD MES 1'!CB123 -> 0 | I100: ='CK GASTOS OSN PD MES 2'!CB127 -> 0 | J100: ='CK GASTOS OSN PD MES 3'!CB137 -> 0 | K100: =SUM(H100:J100) -> 0 | L100: =+K100+G100 -> 0 | M100: =+'Cert.OSN PD'!CA305 -> 0 | N100: =IF(M100>0,(L100-M100),0) -> 0 | O100: =F100-L100 -> 0 | P100: =F100-M100 -> 0 | Q100: =IF(N100>0,(F100-L100-N100),(F100-L100+N100)) -> 0 | AS100: =SUM(R100:AR100) -> 0 | AT100: 0 | AY100: =+AT100+AU100+AV100+AW100+AX100 -> 0 | BG100: =SUM(AZ100:BF100) -> 0
A101: 5.01.02 | B101: Equipo de transporte | D101: =+BG101 -> 0 | E101: =+AS101+AY101 -> 62000000 | F101: =+C101+D101+E101 -> 62000000 | G101: 0 | H101: ='CK GASTOS OSN PD MES 1'!CC123 -> 0 | I101: ='CK GASTOS OSN PD MES 2'!CC127 -> 0 | J101: ='CK GASTOS OSN PD MES 3'!CC137 -> 0 | K101: =SUM(H101:J101) -> 0 | L101: =+K101+G101 -> 0 | M101: =+'Cert.OSN PD'!CB305 -> 0 | N101: =IF(M101>0,(L101-M101),0) -> 0 | O101: =F101-L101 -> 62000000 | P101: =F101-M101 -> 62000000 | Q101: =IF(N101>0,(F101-L101-N101),(F101-L101+N101)) -> 62000000 | W101: 62000000 | AS101: =SUM(R101:AR101) -> 62000000 | AT101: 0 | AY101: =+AT101+AU101+AV101+AW101+AX101 -> 0 | BG101: =SUM(AZ101:BF101) -> 0
A102: 5.01.03 | B102: Equipo de comunicación | D102: =+BG102 -> 0 | E102: =+AS102+AY102 -> 0 | F102: =+C102+D102+E102 -> 0 | G102: 0 | H102: ='CK GASTOS OSN PD MES 1'!CD123 -> 0 | I102: ='CK GASTOS OSN PD MES 2'!CD127 -> 0 | J102: ='CK GASTOS OSN PD MES 3'!CD137 -> 0 | K102: =SUM(H102:J102) -> 0 | L102: =+K102+G102 -> 0 | M102: =+'Cert.OSN PD'!CC305 -> 0 | N102: =IF(M102>0,(L102-M102),0) -> 0 | O102: =F102-L102 -> 0 | P102: =F102-M102 -> 0 | Q102: =IF(N102>0,(F102-L102-N102),(F102-L102+N102)) -> 0 | AS102: =SUM(R102:AR102) -> 0 | AT102: 0 | AY102: =+AT102+AU102+AV102+AW102+AX102 -> 0 | BG102: =SUM(AZ102:BF102) -> 0
A103: 5.01.04 | B103: Equipo y mobiliario de oficina | C103: 1500000 | D103: =+BG103 -> 0 | E103: =+AS103+AY103 -> 0 | F103: =+C103+D103+E103 -> 1500000 | G103: 1420402 | H103: ='CK GASTOS OSN PD MES 1'!CE123 -> 0 | I103: ='CK GASTOS OSN PD MES 2'!CE127 -> 63521.03 | J103: ='CK GASTOS OSN PD MES 3'!CE137 -> 0 | K103: =SUM(H103:J103) -> 63521.03 | L103: =+K103+G103 -> 1483923.1 | M103: =+'Cert.OSN PD'!CD305 -> 1483923.1 | O103: =F103-L103 -> 16076.93 | P103: =F103-M103 -> 16076.93 | Q103: =IF(N103>0,(F103-L103-N103),(F103-L103+N103)) -> 16076.93 | AS103: =SUM(R103:AR103) -> 0 | AT103: 0 | AY103: =+AT103+AU103+AV103+AW103+AX103 -> 0 | BG103: =SUM(AZ103:BF103) -> 0
...

Sheet CK GASTOS OSN AC MES 1
A1: MINISTERIO DE CULTURA JUVENTUD Y DEPORTES
A2: CENTRO NACIONAL DE LA MUSICA | F2: 106256.95
A3: ACTIVIDAD CENTRAL OSN | N3: =+N9+M10+O11+P12+Q15 -> 0
A4: =+'CK GASTOS OSN PD MES 1'!A4 -> INFORME DE EJECUCION PRESUPUESTARIO 2024, EGRESOS
A6: FECHA | B6: DOCTO # | C6: DETALLE PAGO | D6: 0.01.01 | E6: 0.01.05 | F6: 0.02.01 | G6: 0.02.04 | H6: 0.03.01 | I6: 0.03.02 | J6: 0.03.03 | K6: 0.03.04 | L6: 0.03.99 | M6: 0.04.01 | N6: 0.04.05 | O6: 0.05.01 | P6: 0.05.02 | Q6: 0.05.03 | R6: 0.05.05 | S6: 1.01.01 | T6: 1.01.02 | U6: 1.01.04 | V6: 1.01.99 | W6: 1.02.01 | X6: 1.02.02 | Y6: 1.02.03 | Z6: 1.02.04 | AA6: 1.03.01 | AB6: 1.03.02 | AC6: 1.03.03 | AD6: 1.03.04 | AE6: 1.03.05 | AF6: 1.03.06 | AG6: 1.04.02 | AH6: 1.04.03 | AI6: 1.04.04 | AJ6: 1.04.05 | AK6: 1.04.06 | AL6: 1.04.99 | AM6: 1.05.01 | AN6: 1.05.02 | AO6: 1.05.03 | AP6: 1.05.04 | AQ6: 1.06.01 | AR6: 1.07.01 | AS6: 1.07.02 | AT6: 1.08.01 | AU6: 1.08.04 | AV6: 1.08.05 | AW6: 1.08.06 | AX6: 1.08.07 | AY6: 1.08.08. | AZ6: 1.08.99 | BA6: 1.99.02 | BB6: 1.99.99 | BC6: 2.01.01 | BD6: 2.01.02 | BE6: 2.01.04 | BF6: 2.01.99 | BG6: 2.02.03 | BH6: 2.03.01 | BI6: 2.03.03 | BJ6: 2.03.04 | BK6: 2.03.05 | BL6: 2.03.06 | BM6: 2.03.99 | BN6: 2.04.01 | BO6: 2.04.02 | BP6: 2.99.01 | BQ6: 2.99.03 | BR6: 2.99.04 | BS6: 2.99.05 | BT6: 2.99.06 | BU6: 2.99.07 | BV6: 2.99.99 | BW6: 3.04.05 | BX6: 5.01.01 | BY6: 5.01.02 | BZ6: 5.01.03 | CA6: 5.01.04 | CB6: 5.01.05 | CC6: 5.01.07 | CD6: 5.01.99 | CE6: 5.02.01 | CF6: 5.02.99 | CG6: 5.99.03 | CH6: 5.99.99 | CI6: 6.01.02 | CJ6: 6.01.03 (200) | CK6: 6.01.03 (202) | CL6: 6.02.99 | CM6: 6.03.01 | CN6: 6.03.99 | CO6: 6.04.01 | CP6: 6.06.01 | CQ6: 6.07.01 | CR6: 9.02.01
B8: 0.01.01 | C8: Sueldos para cargos fijos | D8: 6980760.5
B9: 0.03.01 | C9: Retribución por años servidos | H9: 1461789.8
B10: 0.03.99 | C10: Otros incentivos salariales | L10: 314242.25
B11: 0.03.03 | C11: Prohibicion
B12: 0.02.01 | C12: Tiempo extraordinario | F12: 120774.5
C13: Tiempo extraordinario INM | F13: 75941.6
C14: Tiempo extraordinario CLN | F14: 106256.95
B15: 0.03.02 | C15: Restricción al ejercicio liberal de la profesión | I15: 1633236.2
C16: Restricción al ejercicio liberal de la profesión INM | I16: 78050
B17: 6.03.99 | C17: Otras prestaciones | CN17: SE PASA A OSN PROD
B18: 0.01.05 | C18: Suplencias | E18: 421475
B20: 00-004-05 | C20: Aporte Patronal BPDC | N20: 110396
B21: 00-004-01 | C21: Enferm y Maternidad | M21: 2042339
B22: 00-005-01 | C22: Invalidez, Vejez y Muerte | O22: 1196701
B23: 00-005-02 | C23: Fondo Pens Complementaria | P23: 662381
B24: 00-005-03 | C24: Fondo de capitalización Laboral | Q24: 331191
A26: II quincena | B26: 0.01.01 | C26: Sueldos para cargos fijos | D26: 7916995.5
A27: II quincena | B27: 0.03.01 | C27: Retribución por años servidos | H27: 1447980
A28: II quincena | B28: 0.03.99 | C28: Otros incentivos salariales | L28: 314242.25
A29: II quincena | B29: 0.03.03 | C29: Prohibicion
A30: II quincena | B30: 0.02.01 | C30: Tiempo extraordinario
A31: II quincena | B31: 0.03.02 | C31: Restricción al ejercicio liberal de la profesión | I31: 1633236.2
A32: II quincena | B32: 6.03.99 | C32: Otras prestaciones
A33: II quincena | C33: Otras prestaciones INM
C34: ASEMICULTURA | R34: 199347.3
B36: APORTE PATRONAL LEY N°17 CONSTITUTIVA DE LA CCSS 1,57% (setiembre) | CJ36: 346645.68
B37: APORTE PATRONAL LEY N°17 CONSTITUTIVA DE LA CCSS 0,25% (setiembre) | CK37: 55198.36
A38: II quincena | B38: 0.01.05 | C38: Suplencias | E38: 421475
A39: T O T A L E G R E S O S | D39: =SUM(D7:D38) -> 14897756 | E39: =SUM(E7:E38) -> 842950 | F39: =SUM(F7:F38) -> 302973.05 | G39: =SUM(G7:G38) -> 0 | H39: =SUM(H7:H38) -> 2909769.8 | I39: =SUM(I7:I38) -> 3344522.5 | J39: =SUM(J7:J38) -> 0 | K39: =SUM(K7:K38) -> 0 | ... M39: =SUM(M7:M38) -> 2042339 | N39: =SUM(N7:N33) -> 110396 | O39: =SUM(O7:O33) -> 1196701 | P39: =SUM(P7:P38) -> 662381 | Q39: =SUM(Q7:Q38) -> 331191 | R39: =SUM(R7:R38) -> 199347.3 | S39: =SUM(S7:S38) -> 0 | T39: =SUM(T7:T38) -> 0 | U39: =SUM(U7:U38) -> 0 | V39: =SUM(V7:V38) -> 0 | W39: =SUM(W7:W38) -> 0 | ... CR39: =SUM(CR7:CR38) -> 0

Sheet CK GASTOS OSN AC MES 2
A1: MINISTERIO DE CULTURA JUVENTUD Y DEPORTES
A2: CENTRO NACIONAL DE LA MUSICA
A3: ACTIVIDAD CENTRAL OSN | E3: 388427.45
A4: =+'CK GASTOS OSN AC MES 1'!A4 -> INFORME DE EJECUCION PRESUPUESTARIO 2024, EGRESOS
CJ5: 200 | CK5: 202
A6: FECHA | B6: DOCTO # | C6: DETALLE PAGO | D6: 0.01.01 | E6: 0.01.05 | F6: 0.02.01 | G6: 0.02.04 | H6: 0.03.01 | I6: 0.03.02 | J6: 0.03.03 | K6: 0.03.04 | L6: 0.03.99 | M6: 0.04.01 | N6: 0.04.05 | O6: 0.05.01 | P6: 0.05.02 | Q6: 0.05.03 | R6: 0.05.05 | S6: 1.01.01 | T6: 1.01.02 | U6: 1.01.04 | V6: 1.01.99 | W6: 1.02.01 | X6: 1.02.02 | Y6: 1.02.03 | Z6: 1.02.04 | AA6: 1.03.01 | AB6: 1.03.02 | AC6: 1.03.03 | AD6: 1.03.04 | AE6: 1.03.05 | AF6: 1.03.06 | AG6: 1.04.02 | AH6: 1.04.03 | AI6: 1.04.04 | AJ6: 1.04.05 | AK6: 1.04.06 | AL6: 1.04.99 | AM6: 1.05.01 | AN6: 1.05.02 | AO6: 1.05.03 | AP6: 1.05.04 | AQ6: 1.06.01 | AR6: 1.07.01 | AS6: 1.07.02 | AT6: 1.08.01 | AU6: 1.08.04 | AV6: 1.08.05 | AW6: 1.08.06 | AX6: 1.08.07 | AY6: 1.08.08. | AZ6: 1.08.99 | BA6: 1.99.02 | BB6: 1.99.99 | BC6: 2.01.01 | BD6: 2.01.02 | BE6: 2.01.04 | BF6: 2.01.99 | BG6: 2.02.03 | BH6: 2.03.01 | BI6: 2.03.03 | BJ6: 2.03.04 | BK6: 2.03.05 | BL6: 2.03.06 | BM6: 2.03.99 | BN6: 2.04.01 | BO6: 2.04.02 | BP6: 2.99.01 | BQ6: 2.99.03 | BR6: 2.99.04 | BS6: 2.99.05 | BT6: 2.99.06 | BU6: 2.99.07 | BV6: 2.99.99 | BW6: 3.04.05 | BX6: 5.01.01 | BY6: 5.01.02 | BZ6: 5.01.03 | CA6: 5.01.04 | CB6: 5.01.05 | CC6: 5.01.07 | CD6: 5.01.99 | CE6: 5.02.01 | CF6: 5.02.99 | CG6: 5.99.03 | CH6: 5.99.99 | CI6: 6.01.02 | CJ6: 6.01.03 | CK6: 6.01.03 | CL6: 6.02.99 | CM6: 6.03.01 | CN6: 6.03.99 | CO6: 6.04.01 | CP6: 6.06.01 | CQ6: 6.07.01 | CR6: 9.02.01
A8: APORTE PATRONAL LEY N°17 CONSTITUTIVA DE LA CCSS 1,57% (octubre) | CJ8: 355859.45
A9: APORTE PATRONAL LEY N°17 CONSTITUTIVA DE LA CCSS 0,25% (octubre) | CK9: 56665.52
A11: I QUINCENA | B11: 0.02.01 | C11: Tiempo extraordinario ( CLN ) | F11: 67816.45
A13: I QUINCENA | B13: 0.01.01 | C13: Sueldos para cargos fijos | D13: 7916995.5
A14: I QUINCENA | B14: 0.03.01 | C14: Retribución por años servidos | H14: 1451606
A15: I QUINCENA | B15: 0.03.99 | C15: Otros incentivos salariales | L15: 314242.25
A16: I QUINCENA | B16: 0.03.03 | C16: Prohibicion
A17: I QUINCENA | B17: 0.02.01 | C17: Tiempo extraordinario
A18: I QUINCENA | B18: 0.03.02 | C18: Restricción al ejercicio liberal de la profesión | I18: 1633236.2
A19: I QUINCENA | B19: 0.01.05 | C19: Suplencias | E19: 421475
A21: II QUINCENA | B21: 0.01.01 | C21: Sueldos para cargos fijos | D21: 7916995.5
A22: II QUINCENA | B22: 0.03.01 | C22: Retribución por años servidos | H22: 1451606
A23: II QUINCENA | B23: 0.03.99 | C23: Otros incentivos salariales | L23: 314242.25
A24: II QUINCENA | B24: 0.03.02 | C24: Restricción al ejercicio liberal de la profesión
A25: II QUINCENA | B25: 0.01.05 | C25: Suplencias | E25: 421475
A27: ASEMICULTURA | R27: 196205.3
B29: 00-004-05 | C29: Aporte Patronal BPDC | N29: 113331
B30: 00-004-01 | C30: Enferm y Maternidad | M30: 2096624
B31: 00-005-01 | C31: Invalidez, Vejez y Muerte | O31: 1228509
B32: 00-005-02 | C32: Fondo Pens Complementaria | P32: 679987
B33: 00-005-03 | C33: Fondo de capitalización Laboral | Q33: 339993
A101: T O T A L E G R E S O S | D101: =SUM(D7:D100) -> 15833991 | E101: =SUM(E7:E100) -> 842950 | F101: =SUM(F7:F100) -> 67816.45 | G101: =SUM(G7:G100) -> 0 | H101: =SUM(H7:H100) -> 2903212 | I101: =SUM(I7:I100) -> 1633236.2 | J101: =SUM(J7:J100) -> 0 | K101: =SUM(K7:K100) -> 0 | ... CS101: =SUM(CS7:CS100) -> 0

Sheet CK GASTOS OSN AC MES 3
A1: MINISTERIO DE CULTURA JUVENTUD Y DEPORTES
A2: CENTRO NACIONAL DE LA MUSICA
A3: ACTIVIDAD CENTRAL OSN
A4: =+'CK GASTOS OSN AC MES 1'!A4 -> INFORME DE EJECUCION PRESUPUESTARIO 2024, EGRESOS
CJ5: 200 | CK5: 202
A6: FECHA | B6: DOCTO # | C6: DETALLE PAGO | D6: 0.01.01 | E6: 0.01.05 | F6: 0.02.01 | G6: 0.02.04 | H6: 0.03.01 | I6: 0.03.02 | J6: 0.03.03 | K6: 0.03.04 | L6: 0.03.99 | M6: 0.04.01 | N6: 0.04.05 | O6: 0.05.01 | P6: 0.05.02 | Q6: 0.05.03 | R6: 0.05.05 | S6: 1.01.01 | T6: 1.01.02 | U6: 1.01.04 | V6: 1.01.99 | W6: 1.02.01 | X6: 1.02.02 | Y6: 1.02.03 | Z6: 1.02.04 | AA6: 1.03.01 | AB6: 1.03.02 | AC6: 1.03.03 | AD6: 1.03.04 | AE6: 1.03.05 | AF6: 1.03.06 | AG6: 1.04.02 | AH6: 1.04.03 | AI6: 1.04.04 | AJ6: 1.04.05 | AK6: 1.04.06 | AL6: 1.04.99 | AM6: 1.05.01 | AN6: 1.05.02 | AO6: 1.05.03 | AP6: 1.05.04 | AQ6: 1.06.01 | AR6: 1.07.01 | AS6: 1.07.02 | AT6: 1.08.01 | AU6: 1.08.04 | AV6: 1.08.05 | AW6: 1.08.06 | AX6: 1.08.07 | AY6: 1.08.08. | AZ6: 1.08.99 | BA6: 1.99.02 | BB6: 1.99.99 | BC6: 2.01.01 | BD6: 2.01.02 | BE6: 2.01.04 | BF6: 2.01.99 | BG6: 2.02.03 | BH6: 2.03.01 | BI6: 2.03.03 | BJ6: 2.03.04 | BK6: 2.03.05 | BL6: 2.03.06 | BM6: 2.03.99 | BN6: 2.04.01 | BO6: 2.04.02 | BP6: 2.99.01 | BQ6: 2.99.03 | BR6: 2.99.04 | BS6: 2.99.05 | BT6: 2.99.06 | BU6: 2.99.07 | BV6: 2.99.99 | BW6: 3.04.05 | BX6: 5.01.01 | BY6: 5.01.02 | BZ6: 5.01.03 | CA6: 5.01.04 | CB6: 5.01.05 | CC6: 5.01.07 | CD6: 5.01.99 | CE6: 5.02.01 | CF6: 5.02.99 | CG6: 5.99.03 | CH6: 5.99.99 | CI6: 6.01.02 | CJ6: 6.01.03 | CK6: 6.01.03 | CL6: 6.02.99 | CM6: 6.03.01 | CN6: 6.03.99 | CO6: 6,04,01 | CP6: 6.06.01 | CQ6: 6.07.01 | CR6: 9.02.01
A8: APORTE PATRONAL LEY N°17 CONSTITUTIVA DE LA CCSS 1,57% (noviembre) | CJ8: 184279.61
A9: APORTE PATRONAL LEY N°17 CONSTITUTIVA DE LA CCSS 0,25% (noviembre) | CK9: 29343.89
A11: APORTE PATRONAL LEY N°17 CONSTITUTIVA DE LA CCSS 1,57% (noviembre) II QUINCENA | CJ11: 184279.61
A12: APORTE PATRONAL LEY N°17 CONSTITUTIVA DE LA CCSS 0,25% (noviembre) II QUINCENA | CK12: 29343.89
C14: AGUINALDOS | J14: 18168550
B16: 00-004-05 | C16: Aporte Patronal BPDC | N16: 117375
B17: 00-004-01 | C17: Enferm y Maternidad
B18: 00-005-01 | C18: Invalidez, Vejez y Muerte | O18: 1272351
B19: 00-005-02 | C19: Fondo Pens Complementaria | P19: 704253
B20: 00-005-03 | C20: Fondo de capitalización Laboral | Q20: 352127
A22: II QUINCENA | B22: 0.01.01 | C22: Sueldos para cargos fijos | D22: 9040465.1
A23: II QUINCENA | B23: 0.03.01 | C23: Retribución por años servidos
A24: II QUINCENA | B24: 0.03.99 | C24: Otros incentivos salariales
A25: II QUINCENA | B25: 0.03.03 | C25: Prohibicion
A26: II QUINCENA | B26: 0.02.01 | C26: Tiempo extraordinario
A27: II QUINCENA | B27: 0.03.02 | C27: Restricción al ejercicio liberal de la profesión | I27: 50013.74
A29: II QUINCENA | C29: Otras prestaciones INM
A30: II QUINCENA | B30: 0.01.05 | C30: Suplencias | E30: 421475
A31: CLN | B31: 0.02.01 | C31: Tiempo extraordinario | F31: 76595.55
A33: II Q INM | B33: 0.03.02 | C33: Restricción al ejercicio liberal de la profesión | I33: 78175
A34: II Q PROD | B34: 0.03.01 | C34: Retribución por años servidos | H34: 3083832.4
A35: I Q CLN | B35: 0.02.01 | C35: Tiempo extraordinario | F35: 67145
A37: I Q | B37: 0.01.01 | C37: Sueldos para cargos fijos | D37: 9055231.8
B38: 0.03.01 | C38: Retribución por años servidos | H38: 1451606
B39: 0.03.99 | C39: Otros incentivos salariales | L39: 137493.55
B40: 0.03.02 | C40: Restricción al ejercicio liberal de la profesión | I40: 495000
B41: 0.01.05 | C41: Suplencias | E41: 421475
A43: I Q PROD | B43: 0.03.01 | C43: Retribución por años servidos | H43: 852418.5
D44: 2157926.4
A102: T O T A L E G R E S O S | D102: =SUM(D7:D101) -> 20253623 | E102: =SUM(E7:E101) -> 842950 | F102: =SUM(F7:F101) -> 143740.55 | G102: =SUM(G7:G101) -> 0 | H102: =SUM(H7:H101) -> 5387856.9 | I102: =SUM(I7:I101) -> 623188.74 | J102: =SUM(J7:J101) -> 18168550 | K102: =SUM(K7:K101) -> 0 | ... CR102: =SUM(CR7:CR101) -> 0

Sheet Cert.OSN AC
A1: MINISTERIO DE CULTURA JUVENTUD Y DEPORTES
A2: CENTRO NACIONAL DE LA MUSICA | K2: =+'CK GASTOS OSN AC MES 1'!K9-'CK GASTOS OSN AC MES 1'!K8 -> 0
A3: PRODUCCION OSN
A4: INFORME DE EJECUCION PRESUPUESTARIO 2017
A6: FECHA | B6: CERT # | C6: DETALLE PAGO | D6: 0.01.01 | E6: 0.01.05 | F6: 0.02.01 | G6: 0.02.04 | H6: 0.03.01 | I6: 0.03.02 | J6: 0.03.03 | K6: 0.03.04 | L6: 0.03.99 | M6: 0.04.01 | N6: 0.04.05 | O6: 0.05.01 | P6: 0.05.02 | Q6: 0.05.03 | R6: 1.01.01 | S6: 1.01.02 | T6: 1.01.99 | U6: 1.02.01 | V6: 1.02.02 | W6: 1.02.03 | X6: 1.02.04 | Y6: 1.03.01 | Z6: 1.03.02 | AA6: 1.03.03 | AB6: 1.03.04 | AC6: 1.03.05 | AD6: 1.03.06 | AE6: 1.04.03 | AF6: 1.04.04 | AG6: 1.04.05 | AH6: 1.04.06 | AI6: 1.04.99 | AJ6: 1.05.01 | AK6: 1.05.02 | AL6: 1.05.03 | AM6: 1.05.04 | AN6: 1.06.01 | AO6: 1.07.01 | AP6: 1.07.02 | AQ6: 1.08.01 | AR6: 1.08.04 | AS6: 1.08.05 | AT6: 1.08.06 | AU6: 1.08.07 | AV6: 1.08.08. | AW6: 1.08.99 | AX6: 1.99.02 | AY6: 1.99.99 | AZ6: 2.01.01 | BA6: 2.01.02 | BB6: 2.01.04 | BC6: 2.01.99 | BD6: 2.02.03 | BE6: 2.03.01 | BF6: 2.03.03 | BG6: 2.03.04 | BH6: 2.03.05 | BI6: 2.03.06 | BJ6: 2.03.99 | BK6: 2.04.01 | BL6: 2.04.02 | BM6: 2.99.01 | BN6: 2.99.03 | BO6: 2.99.04 | BP6: 2.99.05 | BQ6: 2.99.06 | BR6: 2.99.07 | BS6: 2.99.99 | BT6: 3.04.05 | BU6: 5.01.01 | BV6: 5.01.02 | BW6: 5.01.03 | BX6: 5.01.04 | BY6: 5.01.05 | BZ6: 5.01.07 | CA6: 5.01.99 | CB6: 5.02.01 | CC6: 5.02.99 | CD6: 5.99.03 | CE6: 5.99.99 | CF6: 6.01.02 | CG6: 6.02.99 | CH6: 6.03.01 | CI6: 6.07.01 | CJ6: 6.04.01 | CK6: 9.02.01
A14: T O T A L C E R T F I C A D O | D14: =SUM(D7:D13) -> 0 | E14: =SUM(E7:E13) -> 0 | F14: =SUM(F7:F13) -> 0 | G14: =SUM(G7:G13) -> 0 | H14: =SUM(H7:H13) -> 0 | I14: =SUM(I7:I13) -> 0 | J14: =SUM(J7:J13) -> 0 | K14: =SUM(K7:K13) -> 0 | ... CK14: =SUM(CK7:CK13) -> 0
A19: 45524 | B19: 132 | C19: Pago de retroactivo de costo de vida 2020-2023 para los exfuncionarios del Centro Nacional de la Música | D19: 133742 | I19: 6500 | J19: 12656 | K19: 11683
C20: AJUSTE PARA CERTIFICACION COSTO DE VIDA | D20: 1.5822477e+08 | I20: 33890358 | J20: 82449.35 | K20: 17515853

Sheet OSN AC
A1: CENTRO NACIONAL DE LA MÚSICA | R1: MINISTERIO DE CULTURA JUVENTUD Y DEPORTES
A2: =+'OSN PD'!A2 -> PRESUPUESTO ORDINARIO 2024 | R2: ORQUESTA SINFONICA NACIONAL
A3: EGRESOS | K3: 31368.5
A4: OSN ACTIVIDAD CENTRAL | C4: 10 | K4: 7828.5
K5: =+K3-K4 -> 23540 | R5: 31 588 824,00
C7: =+'OSN PD'!C7:F7 -> P R E S U P U E S T O 2 0 2 4 | G7: ACUMULADO | H7: =+'OSN PD'!H7:H8 -> OCTUBRE | I7: =+'OSN PD'!I7:I8 -> NOVIEMBRE | J7: =+'OSN PD'!J7:J8 -> DICIEMBRE | K7: IV ESTE TRIMESTRE | L7: TOTAL | M7: CERTIFICADO TOTAL | N7: COMPROMISOS | O7: DISPONIBLE SEGÚN EJECUCION | P7: DISPONIBLE SEGUN EJE CERTIFICADA | Q7: DISPONIBLE CON COMPROMISOS | R7: CUADRO DE MODIFICACIONES INTERNAS | AT7: CUADRO DE MODIFICACIONES EXTERNAS | AZ7: CUADRO DE PRESUPUESTO EXTRAORDINARIO
A8: PARTIDAS Y SUBPARTIDAS | C8: PRESUPUESTO ORDINARIO | D8: TOTAL EXTRAOR | E8: TOTAL MODIFICACIONES INT. - EXT. | F8: PRESUPUESTO FINAL | R8: INTERNA Nº 1 1er. Modificación Presupuestaria (DGPN-H-008) | S8: INTERNA Nº 2 | T8: INTERNA Nº 3 H-005 | U8: INTERNA Nº 4 DGPN H-012 | V8: EXTERNA Nº 5 DGPN H-0014 ARTICULO 4 | W8: EXTERNA Nº 6 DGPN H-0014 ARTICULO 2 | X8: INTERNA Nº 7 | Y8: INTERNA Nº 8 | Z8: INTERNA Nº 9 | AA8: INTERNA Nº 10 | AB8: INTERNA Nº 11 | AC8: INTERNA Nº 12 | AD8: INTERNA Nº 13 | AE8: INTERNA Nº 14 | AF8: INTERNA Nº 15 | AG8: INTERNA Nº 16 | AH8: INTERNA Nº 17 | AI8: INTERNA Nº 18 | AJ8: INTERNA Nº 19 | AK8: INTERNA Nº 20 | AL8: INTERNA Nº 21 | AM8: INTERNA Nº 22 | AN8: INTERNA Nº 23 | AO8: INTERNA Nº 24 | AP8: INTERNA Nº 25 | AQ8: INTERNA Nº 26 | AR8: INTERNA Nº 27 | AS8: TOTAL MODIFICACION INTERNA | AT8: E=TERNA MODIFICACION H-0014 ARTICULO 2 | AU8: EXTERNA Nº 02 | AV8: EXTERNA Nº 03 | AW8: EXTERNA Nº 04 | AX8: EXTERNA Nº05 | AY8: TOTAL MODIFICACION EXTERNA | AZ8: EXTRAORD Nº 001 | BA8: EXTRAORD Nº 002 | BB8: EXTRAORD Nº 003 Y MOD 3 APROBACION LEGISLATIVA | BC8: EXTRAORD Nº 004 | BD8: EXTRAORD Nº 005 | BE8: EXTRAORD Nº 006 | BF8: EXTRAORD Nº 007 | BG8: TOTAL EXTRAOR
A10: 0 | B10: REMUNERACIONES | C10: =SUM(C12:C26) -> 403607580 | D10: =SUM(D12:D25) -> 0 | E10: =SUM(E12:E25) -> -20957595 | F10: =SUM(F12:F26) -> 3.8264999e+08 | G10: 2.6187503e+08 | H10: =SUM(H12:H26) -> 27468811 | I10: =SUM(I12:I26) -> 26564340 | J10: =SUM(J12:J26) -> 48003509 | K10: =SUM(K12:K26) -> 1.0203666e+08 | L10: =SUM(L12:L26) -> 3.6391169e+08 | M10: =SUM(M12:M26) -> 0 | N10: =SUM(N12:N26) -> 0 | O10: =SUM(O12:O26) -> 18738293 | ... Q10: =SUM(Q12:Q26) -> 18738293 | R10: =SUM(R12:R25) -> 2161220 | S10: =SUM(S12:S25) -> 0 | T10: =SUM(T12:T25) -> 0 | U10: =SUM(U12:U25) -> 0 | V10: =SUM(V12:V25) -> -10000000 | W10: =SUM(W12:W25) -> -13118815 | X10: =SUM(X12:X25) -> 0 | Y10: =SUM(Y12:Y25) -> 0 | ... BG10: =SUM(BG12:BG25) -> 0
A12: 0.01.01 | B12: Sueldos para cargos fijos | C12: 156849063 | D12: =+BG12 -> 0 | E12: =+AS12+AY12 -> 24791324 | F12: =+C12+D12+E12 -> 181640387 | G12: 1.2749302e+08 | H12: =+'CK GASTOS OSN AC MES 1'!D39 -> 14897756 | I12: =+'CK GASTOS OSN AC MES 2'!D101 -> 15833991 | J12: =+'CK GASTOS OSN AC MES 3'!D102 -> 20253623 | K12: =SUM(H12:J12) -> 50985370 | L12: =K12+G12 -> 1.7847839e+08 | M12: =+'Cert.OSN AC'!D14 -> 0 | N12: =IF(M12>0,(L12-M12),0) -> 0 | O12: =F12-L12 -> 3161997 | P12: =F12-M12 -> 181640387 | Q12: =IF(N12>0,(F12-L12-N12),(F12-L12+N12)) -> 3161997 | R12: 31588824 | T12: -697500 | W12: -6100000 | AS12: =SUM(R12:AR12) -> 24791324 | AT12: 0 | AU12: 0 | AY12: =+AT12+AU12+AV12+AW12+AX12 -> 0 | BG12: =SUM(AZ12:BF12) -> 0
A13: 0.01.05 | B13: Suplencias | C13: 31000000 | D13: =+BG13 -> 0 | E13: =+AS13+AY13 -> -10000000 | F13: =+C13+D13+E13 -> 21000000 | G13: 7586550 | H13: =+'CK GASTOS OSN AC MES 1'!E39 -> 842950 | I13: =+'CK GASTOS OSN AC MES 2'!E101 -> 842950 | J13: =+'CK GASTOS OSN AC MES 3'!E102 -> 842950 | K13: =SUM(H13:J13) -> 2528850 | L13: =K13+G13 -> 10115400 | M13: =+'Cert.OSN AC'!E14 -> 0 | N13: =IF(M13>0,(L13-M13),0) -> 0 | O13: =F13-L13 -> 10884600 | P13: =F13-M13 -> 21000000 | Q13: =IF(N13>0,(F13-L13-N13),(F13-L13+N13)) -> 10884600 | V13: -10000000 | AS13: =SUM(R13:AR13) -> -10000000 | AT13: 0 | AY13: =+AT13+AU13+AV13+AW13+AX13 -> 0 | BG13: =SUM(AZ13:BF13) -> 0
A14: 0.02.01 | B14: Tiempo extraordinario | C14: 3500000 | D14: =+BG14 -> 0 | E14: =+AS14+AY14 -> 0 | F14: =+C14+D14+E14 -> 3500000 | G14: 2985393.8 | H14: =+'CK GASTOS OSN AC MES 1'!F39 -> 302973.05 | I14: =+'CK GASTOS OSN AC MES 2'!F101 -> 67816.45 | J14: =+'CK GASTOS OSN AC MES 3'!F102 -> 143740.55 | K14: =SUM(H14:J14) -> 514530.05 | L14: =K14+G14 -> 3499923.8 | M14: =+'Cert.OSN AC'!F14 -> 0 | N14: =IF(M14>0,(L14-M14),0) -> 0 | O14: =F14-L14 -> 76.15 | P14: =F14-M14 -> 3500000 | Q14: =IF(N14>0,(F14-L14-N14),(F14-L14+N14)) -> 76.15 | AS14: =SUM(R14:AR14) -> 0 | AT14: 0 | AY14: =+AT14+AU14+AV14+AW14+AX14 -> 0 | BG14: =SUM(AZ14:BF14) -> 0
A15: 0.02.04 | B15: Compensación Vacaciones | D15: =+BG15 -> 0 | E15: =+AS15+AY15 -> 0 | F15: =+C15+D15+E15 -> 0 | G15: 0 | H15: =+'CK GASTOS OSN AC MES 1'!G39 -> 0 | I15: =+'CK GASTOS OSN AC MES 2'!G101 -> 0 | J15: =+'CK GASTOS OSN AC MES 3'!G102 -> 0 | K15: =SUM(H15:J15) -> 0 | L15: =K15+G15 -> 0 | M15: =+'Cert.OSN AC'!G14 -> 0 | N15: =IF(M15>0,(L15-M15),0) -> 0 | O15: =F15-L15 -> 0 | P15: =F15-M15 -> 0 | Q15: =IF(N15>0,(F15-L15-N15),(F15-L15+N15)) -> 0 | AS15: =SUM(R15:AR15) -> 0 | AT15: 0 | AY15: =+AT15+AU15+AV15+AW15+AX15 -> 0 | BG15: =SUM(AZ15:BF15) -> 0
A16: 0.03.01 | B16: Retribuciòn por años servidos | C16: 49800000 | D16: =+BG16 -> 0 | E16: =+AS16+AY16 -> -14716081 | F16: =+C16+D16+E16 -> 35083919 | G16: 23883080 | H16: =+'CK GASTOS OSN AC MES 1'!H39 -> 2909769.8 | I16: =+'CK GASTOS OSN AC MES 2'!H101 -> 2903212 | J16: =+'CK GASTOS OSN AC MES 3'!H102 -> 5387856.9 | K16: =SUM(H16:J16) -> 11200839 | L16: =K16+G16 -> 35083919 | M16: =+'Cert.OSN AC'!H14 -> 0 | N16: =IF(M16>0,(L16-M16),0) -> 0 | O16: =F16-L16 -> 0 | P16: =F16-M16 -> 35083919 | Q16: =IF(N16>0,(F16-L16-N16),(F16-L16+N16)) -> 0 | R16: -12616081 | W16: -2100000 | AS16: =SUM(R16:AR16) -> -14716081 | AT16: 0 | AU16: 0 | AY16: =+AT16+AU16+AV16+AW16+AX16 -> 0 | BG16: =SUM(AZ16:BF16) -> 0
A17: 0.03.02 | B17: Restricciòn al ejercicio liberal de la profesiòn | C17: 51144170 | D17: =+BG17 -> 0 | E17: =+AS17+AY17 -> -16600500 | F17: =+C17+D17+E17 -> 34543670 | G17: 28912599 | H17: ='CK GASTOS OSN AC MES 1'!I39 -> 3344522.5 | I17: =+'CK GASTOS OSN AC MES 2'!I101 -> 1633236.2 | J17: =+'CK GASTOS OSN AC MES 3'!I102 -> 623188.74 | K17: =SUM(H17:J17) -> 5600947.5 | L17: =K17+G17 -> 34513547 | M17: =+'Cert.OSN AC'!I14 -> 0 | N17: =IF(M17>0,(L17-M17),0) -> 0 | O17: =F17-L17 -> 30123.04 | P17: =F17-M17 -> 34543670 | Q17: =IF(N17>0,(F17-L17-N17),(F17-L17+N17)) -> 30123.04 | R17: -15200500 | W17: -1400000 | AS17: =SUM(R17:AR17) -> -16600500 | AT17: 0 | AU17: 0 | AY17: =+AT17+AU17+AV17+AW17+AX17 -> 0 | BG17: =SUM(AZ17:BF17) -> 0
A18: 0.03.03 | B18: Dècimo tercer mes | C18: 19000000 | D18: =+BG18 -> 0 | E18: =+AS18+AY18 -> -736345 | F18: =+C18+D18+E18 -> 18263655 | G18: 82449.35 | H18: =+'CK GASTOS OSN AC MES 1'!J39 -> 0 | I18: =+'CK GASTOS OSN AC MES 2'!J101 -> 0 | J18: =+'CK GASTOS OSN AC MES 3'!J102 -> 18168550 | K18: =SUM(H18:J18) -> 18168550 | L18: =K18+G18 -> 18250999 | M18: =+'Cert.OSN AC'!J14 -> 0 | N18: =IF(M18>0,(L18-M18),0) -> 0 | O18: =F18-L18 -> 12656 | P18: =F18-M18 -> 18263655 | Q18: =IF(N18>0,(F18-L18-N18),(F18-L18+N18)) -> 12656 | W18: -736345 | AS18: =SUM(R18:AR18) -> -736345 | AT18: 0 | AU18: 0 | AY18: =+AT18+AU18+AV18+AW18+AX18 -> 0 | BG18: =SUM(AZ18:BF18) -> 0
A19: 0.03.04 | B19: Salario escolar | C19: 18500000 | D19: =+BG19 -> 0 | E19: =+AS19+AY19 -> -913523 | F19: =+C19+D19+E19 -> 17586477 | G19: 17515853 | H19: =+'CK GASTOS OSN AC MES 1'!K39 -> 0 | I19: =+'CK GASTOS OSN AC MES 2'!K101 -> 0 | J19: =+'CK GASTOS OSN AC MES 3'!K102 -> 0 | K19: =SUM(H19:J19) -> 0 | L19: =K19+G19 -> 17515853 | M19: =+'Cert.OSN AC'!K14 -> 0 | N19: =IF(M19>0,(L19-M19),0) -> 0 | O19: =F19-L19 -> 70623.66 | P19: =F19-M19 -> 17586477 | Q19: =IF(N19>0,(F19-L19-N19),(F19-L19+N19)) -> 70623.66 | R19: -1611023 | T19: 697500 | AS19: =SUM(R19:AR19) -> -913523 | AT19: 0 | AY19: =+AT19+AU19+AV19+AW19+AX19 -> 0 | BG19: =SUM(AZ19:BF19) -> 0
A20: 0.03.99 | B20: Otros incentivos salariales | C20: 6700000 | D20: =+BG20 -> 0 | E20: =+AS20+AY20 -> -321000 | F20: =+C20+D20+E20 -> 6379000 | G20: 4984537.4 | H20: =+'CK GASTOS OSN AC MES 1'!L39 -> 628484.5 | I20: =+'CK GASTOS OSN AC MES 2'!L101 -> 628484.5 | J20: =+'CK GASTOS OSN AC MES 3'!L102 -> 137493.55 | K20: =SUM(H20:J20) -> 1394462.6 | L20: =K20+G20 -> 6379000 | M20: =+'Cert.OSN AC'!L14 -> 0 | N20: =IF(M20>0,(L20-M20),0) -> 0 | O20: =F20-L20 -> 0 | P20: =F20-M20 -> 6379000 | Q20: =IF(N20>0,(F20-L20-N20),(F20-L20+N20)) -> 9.3132257e-10 | W20: -321000 | AS20: =SUM(R20:AR20) -> -321000 | AT20: 0 | AU20: 0 | AY20: =+AT20+AU20+AV20+AW20+AX20 -> 0 | BG20: =SUM(AZ20:BF20) -> 0
A21: 0.04.01 | B21: Contribuciòn Pat.Seguro Salud CCSS | C21: 31097392 | D21: =+BG21 -> 0 | E21: =+AS21+AY21 -> -713207.9 | F21: =+C21+D21+E21 -> 30384184 | G21: 26245221 | H21: =+'CK GASTOS OSN AC MES 1'!M39 -> 2042339 | I21: =+'CK GASTOS OSN AC MES 2'!M101 -> 2096624 | J21: =+'CK GASTOS OSN AC MES 3'!M102 -> 0 | K21: =SUM(H21:J21) -> 4138963 | L21: =K21+G21 -> 30384184 | M21: =+'Cert.OSN AC'!M14 -> 0 | N21: =IF(M21>0,(L21-M21),0) -> 0 | O21: =F21-L21 -> 0 | P21: =F21-M21 -> 30384184 | Q21: =IF(N21>0,(F21-L21-N21),(F21-L21+N21)) -> 0 | W21: -713207.9 | AS21: =SUM(R21:AR21) -> -713207.9 | AT21: 0 | AU21: 0 | AY21: =+AT21+AU21+AV21+AW21+AX21 -> 0 | BG21: =SUM(AZ21:BF21) -> 0
A22: 0.04.05 | B22: Contribución Pat. BPDC | C22: 1632292 | D22: =+BG22 -> 0 | E22: =+AS22+AY22 -> -146683 | F22: =+C22+D22+E22 -> 1485609 | G22: 987426.09 | H22: =+'CK GASTOS OSN AC MES 1'!N39 -> 110396 | I22: =+'CK GASTOS OSN AC MES 2'!N101 -> 113331 | J22: =+'CK GASTOS OSN AC MES 3'!N102 -> 117375 | K22: =SUM(H22:J22) -> 341102 | L22: =K22+G22 -> 1328528.1 | M22: =+'Cert.OSN AC'!N14 -> 0 | N22: =IF(M22>0,(L22-M22),0) -> 0 | O22: =F22-L22 -> 157080.91 | P22: =F22-M22 -> 1485609 | Q22: =IF(N22>0,(F22-L22-N22),(F22-L22+N22)) -> 157080.91 | W22: -146683 | AS22: =SUM(R22:AR22) -> -146683 | AT22: 0 | AU22: 0 | AY22: =+AT22+AU22+AV22+AW22+AX22 -> 0 | BG22: =SUM(AZ22:BF22) -> 0
A23: 0.05.01 | B23: Contribución Pat. Seguro Pensiones CCSS | C23: 17694039 | D23: =+BG23 -> 0 | E23: =+AS23+AY23 -> -654355 | F23: =+C23+D23+E23 -> 17039684 | G23: 10707613 | H23: =+'CK GASTOS OSN AC MES 1'!O39 -> 1196701 | I23: =+'CK GASTOS OSN AC MES 2'!O101 -> 1228509 | J23: =+'CK GASTOS OSN AC MES 3'!O102 -> 1272351 | K23: =SUM(H23:J23) -> 3697561 | L23: =K23+G23 -> 14405174 | M23: =+'Cert.OSN AC'!O14 -> 0 | N23: =IF(M23>0,(L23-M23),0) -> 0 | O23: =F23-L23 -> 2634509.5 | P23: =F23-M23 -> 17039684 | Q23: =IF(N23>0,(F23-L23-N23),(F23-L23+N23)) -> 2634509.5 | W23: -654355 | AS23: =SUM(R23:AR23) -> -654355 | AT23: 0 | AU23: 0 | AY23: =+AT23+AU23+AV23+AW23+AX23 -> 0 | BG23: =SUM(AZ23:BF23) -> 0
A24: 0.05.02 | B24: Aporte Pat. Régimen Obligatorio Pens.Com. | C24: 9793749 | D24: =+BG24 -> 0 | E24: =+AS24+AY24 -> -372149 | F24: =+C24+D24+E24 -> 9421600 | G24: 5924564.9 | H24: =+'CK GASTOS OSN AC MES 1'!P39 -> 662381 | I24: =+'CK GASTOS OSN AC MES 2'!P101 -> 679987 | J24: =+'CK GASTOS OSN AC MES 3'!P102 -> 704253 | K24: =SUM(H24:J24) -> 2046621 | L24: =K24+G24 -> 7971185.9 | M24: =+'Cert.OSN AC'!P14 -> 0 | N24: =IF(M24>0,(L24-M24),0) -> 0 | O24: =F24-L24 -> 1450414.1 | P24: =F24-M24 -> 9421600 | Q24: =IF(N24>0,(F24-L24-N24),(F24-L24+N24)) -> 1450414.1 | W24: -372149 | AS24: =SUM(R24:AR24) -> -372149 | AT24: 0 | AU24: 0 | AY24: =+AT24+AU24+AV24+AW24+AX24 -> 0 | BG24: =SUM(AZ24:BF24) -> 0
A25: 0.05.03 | B25: Aporte Pat. al Fondo Cap. Laboral | C25: 4896875 | D25: =+BG25 -> 0 | E25: =+AS25+AY25 -> -575075 | F25: =+C25+D25+E25 -> 4321800 | G25: 2962276.2 | H25: =+'CK GASTOS OSN AC MES 1'!Q39 -> 331191 | I25: =+'CK GASTOS OSN AC MES 2'!Q101 -> 339993 | J25: =+'CK GASTOS OSN AC MES 3'!Q102 -> 352127 | K25: =SUM(H25:J25) -> 1023311 | L25: =K25+G25 -> 3985587.2 | M25: =+'Cert.OSN AC'!Q14 -> 0 | N25: =IF(M25>0,(L25-M25),0) -> 0 | O25: =F25-L25 -> 336212.76 | P25: =F25-M25 -> 4321800 | Q25: =IF(N25>0,(F25-L25-N25),(F25-L25+N25)) -> 336212.76 | W25: -575075 | AS25: =SUM(R25:AR25) -> -575075 | AT25: 0 | AU25: 0 | AY25: =+AT25+AU25+AV25+AW25+AX25 -> 0 | BG25: =SUM(AZ25:BF25) -> 0
A26: 0.05.05 | B26: Contribución Patronal a fondos administrados por entes privados | C26: 2000000 | E26: =+AS26+AY26 -> 0 | F26: =+C26+D26+E26 -> 2000000 | G26: 1604447.4 | H26: =+'CK GASTOS OSN AC MES 1'!R39 -> 199347.3 | I26: =+'CK GASTOS OSN AC MES 2'!R101 -> 196205.3 | J26: =+'CK GASTOS OSN AC MES 3'!R102 -> 0 | K26: =SUM(H26:J26) -> 395552.6 | L26: =K26+G26 -> 2000000 | M26: =+'Cert.OSN AC'!Q15 -> 0 | N26: =IF(M26>0,(L26-M26),0) -> 0 | O26: =F26-L26 -> 0 | P26: =F26-M26 -> 2000000 | Q26: =IF(N26>0,(F26-L26-N26),(F26-L26+N26)) -> 0 | AT26: 0
AT27: 0
A28: 1 | B28: SERVICIOS | C28: =SUM(C30:C69) -> 0 | D28: =SUM(D30:D69) -> 0 | E28: =SUM(E30:E69) -> 0 | F28: =SUM(F30:F69) -> 0 | G28: 0 | H28: =SUM(H29:H68) -> 0 | I28: =SUM(I29:I68) -> 0 | J28: =SUM(J29:J68) -> 0 | K28: =SUM(K29:K69) -> 0 | L28: =SUM(L29:L69) -> 0 | M28: =SUM(M29:M69) -> 0 | N28: =SUM(N29:N69) -> 0 | O28: =SUM(O29:O69) -> 0 | P28: =SUM(P29:P69) -> 0 | Q28: =SUM(Q30:Q70) -> 0 | R28: =SUM(R30:R69) -> 0 | S28: =SUM(S30:S69) -> 0 | T28: =SUM(T30:T69) -> 0 | U28: =SUM(U30:U69) -> 0 | V28: =SUM(V30:V69) -> 0 | W28: =SUM(W30:W69) -> 0 | X28: =SUM(X30:X69) -> 0 | AA28: =SUM(AA30:AA45) -> 0 | AB28: =SUM(AB30:AB45) -> 0 | AC28: =SUM(AC30:AC45) -> 0 | AD28: =SUM(AD30:AD45) -> 0 | AE28: =SUM(AE30:AE45) -> 0 | AF28: =SUM(AF30:AF45) -> 0 | AG28: =SUM(AG30:AG45) -> 0 | AH28: =SUM(AH30:AH45) -> 0 | AS28: =SUM(AS30:AS69) -> 0 | AT28: 0 | AU28: =SUM(AU30:AU69) -> 0 | AV28: =SUM(AV30:AV69) -> 0 | AW28: =SUM(AW30:AW69) -> 0 | AX28: =SUM(AX30:AX69) -> 0 | AY28: =SUM(AY30:AY69) -> 0 | AZ28: =SUM(AZ30:AZ69) -> 0 | BA28: =SUM(BA30:BA69) -> 0 | BB28: =SUM(BB30:BB69) -> 0 | BG28: =SUM(BG30:BG69) -> 0
N29: =IF(M29>0,(L29-M29),0) -> 0 | AT29: 0
A30: 1.01.01 | B30: Alquiler de edificios, locales y terrenos | C30: 0 | D30: =+BG30 -> 0 | E30: =+AS30+AY30 -> 0 | F30: =+C30+D30+E30 -> 0 | G30: 0 | H30: ='CK GASTOS OSN AC MES 1'!S$39 -> 0 | I30: ='CK GASTOS OSN AC MES 2'!S$101 -> 0 | J30: ='CK GASTOS OSN AC MES 3'!S$102 -> 0 | K30: =SUM(H30:J30) -> 0 | L30: =K30+G30 -> 0 | M30: =+'Cert.OSN AC'!R14 -> 0 | N30: =IF(M30>0,(L30-M30),0) -> 0 | O30: =F30-L30 -> 0 | P30: =F30-M30 -> 0 | Q30: =IF(N30>0,(F30-L30-N30),(F30-L30+N30)) -> 0 | AS30: =SUM(R30:AE30) -> 0 | AT30: 0 | AY30: =+AT30+AU30+AV30+AW30+AX30 -> 0 | BG30: =SUM(AZ30:BB30) -> 0
A31: 1.01.02 | B31: Alquiler de maquinaria, equipo y mobiliario | C31: 0 | D31: =+BG31 -> 0 | E31: =+AS31+AY31 -> 0 | F31: =+C31+D31+E31 -> 0 | G31: 0 | H31: ='CK GASTOS OSN AC MES 1'!T$39 -> 0 | I31: ='CK GASTOS OSN AC MES 2'!T$101 -> 0 | J31: ='CK GASTOS OSN AC MES 3'!T$102 -> 0 | K31: =SUM(H31:J31) -> 0 | L31: =K31+G31 -> 0 | M31: =+'Cert.OSN AC'!S14 -> 0 | N31: =IF(M31>0,(L31-M31),0) -> 0 | O31: =F31-L31 -> 0 | P31: =F31-M31 -> 0 | Q31: =IF(N31>0,(F31-L31-N31),(F31-L31+N31)) -> 0 | AS31: =SUM(R31:AE31) -> 0 | AT31: 0 | AY31: =+AT31+AU31+AV31+AW31+AX31 -> 0 | BG31: =SUM(AZ31:BB31) -> 0
A32: 1.01.03 | B32: Alquiler de equipo de cómputo | C32: 0 | D32: =+BG32 -> 0 | E32: =+AS32+AY32 -> 0 | F32: =+C32+D32+E32 -> 0 | G32: 0 | K32: =SUM(H32:J32) -> 0 | L32: =K32+G32 -> 0 | M32: =+'Cert.OSN AC'!S15 -> 0 | N32: =IF(M32>0,(L32-M32),0) -> 0 | O32: =F32-L32 -> 0 | P32: =F32-M32 -> 0 | Q32: =IF(N32>0,(F32-L32-N32),(F32-L32+N32)) -> 0 | AT32: 0
A33: 1.01.04 | B33: Alquileres y derechos para telecomunicaciones | C33: =+'producción musical'!D28 -> 0 | D33: =+BG33 -> 0 | E33: =+AS33+AY33 -> 0 | F33: =+C33+D33+E33 -> 0 | G33: 0 | H33: ='CK GASTOS OSN AC MES 1'!U$39 -> 0 | I33: ='CK GASTOS OSN AC MES 2'!U$101 -> 0 | J33: ='CK GASTOS OSN AC MES 3'!U$102 -> 0 | K33: =SUM(H33:J33) -> 0 | L33: =K33+G33 -> 0 | M33: =+'Cert.OSN AC'!S16 -> 0 | N33: =IF(M33>0,(L33-M33),0) -> 0 | O33: =F33-L33 -> 0 | P33: =F33-M33 -> 0 | Q33: =IF(N33>0,(F33-L33-N33),(F33-L33+N33)) -> 0 | AT33: 0
A34: 1.01.99 | B34: Otros alquileres | C34: 0 | D34: =+BG34 -> 0 | E34: =+AS34+AY34 -> 0 | F34: =+C34+D34+E34 -> 0 | G34: 0 | H34: ='CK GASTOS OSN AC MES 1'!V$39 -> 0 | I34: ='CK GASTOS OSN AC MES 2'!V$101 -> 0 | J34: ='CK GASTOS OSN AC MES 3'!V$102 -> 0 | K34: =SUM(H34:J34) -> 0 | L34: =K34+G34 -> 0 | M34: =+'Cert.OSN AC'!T14 -> 0 | N34: =IF(M34>0,(L34-M34),0) -> 0 | O34: =F34-L34 -> 0 | P34: =F34-M34 -> 0 | Q34: =IF(N34>0,(F34-L34-N34),(F34-L34+N34)) -> 0 | AS34: =SUM(R34:AE34) -> 0 | AT34: 0 | AY34: =+AT34+AU34+AV34+AW34+AX34 -> 0 | BG34: =SUM(AZ34:BB34) -> 0
A35: 1.02.01 | B35: Servicio de agua y alcantarillado | C35: 0 | D35: =+BG35 -> 0 | E35: =+AS35+AY35 -> 0 | F35: =+C35+D35+E35 -> 0 | G35: 0 | H35: ='CK GASTOS OSN AC MES 1'!W$39 -> 0 | I35: ='CK GASTOS OSN AC MES 2'!W$101 -> 0 | J35: ='CK GASTOS OSN AC MES 3'!W$102 -> 0 | K35: =SUM(H35:J35) -> 0 | L35: =K35+G35 -> 0 | M35: =+'Cert.OSN AC'!U14 -> 0 | N35: =IF(M35>0,(L35-M35),0) -> 0 | O35: =F35-L35 -> 0 | P35: =F35-M35 -> 0 | Q35: =IF(N35>0,(F35-L35-N35),(F35-L35+N35)) -> 0 | AS35: =SUM(R35:AE35) -> 0 | AT35: 0 | AY35: =+AT35+AU35+AV35+AW35+AX35 -> 0 | BG35: =SUM(AZ35:BB35) -> 0
A36: 1.02.02 | B36: Servicio de energìa elèctrica | C36: 0 | D36: =+BG36 -> 0 | E36: =+AS36+AY36 -> 0 | F36: =+C36+D36+E36 -> 0 | G36: 0 | H36: ='CK GASTOS OSN AC MES 1'!X$39 -> 0 | I36: ='CK GASTOS OSN AC MES 2'!X$101 -> 0 | J36: ='CK GASTOS OSN AC MES 3'!X$102 -> 0 | K36: =SUM(H36:J36) -> 0 | L36: =K36+G36 -> 0 | M36: =+'Cert.OSN AC'!V14 -> 0 | N36: =IF(M36>0,(L36-M36),0) -> 0 | O36: =F36-L36 -> 0 | P36: =F36-M36 -> 0 | Q36: =IF(N36>0,(F36-L36-N36),(F36-L36+N36)) -> 0 | AS36: =SUM(R36:AE36) -> 0 | AT36: 0 | AY36: =+AT36+AU36+AV36+AW36+AX36 -> 0 | BG36: =SUM(AZ36:BB36) -> 0
A37: 1.02.03 | B37: Servicio de correo | C37: 0 | D37: =+BG37 -> 0 | E37: =+AS37+AY37 -> 0 | F37: =+C37+D37+E37 -> 0 | G37: 0 | H37: ='CK GASTOS OSN AC MES 1'!Y$39 -> 0 | I37: ='CK GASTOS OSN AC MES 2'!Y$101 -> 0 | J37: ='CK GASTOS OSN AC MES 3'!Y$102 -> 0 | K37: =SUM(H37:J37) -> 0 | L37: =K37+G37 -> 0 | M37: =+'Cert.OSN AC'!W14 -> 0 | N37: =IF(M37>0,(L37-M37),0) -> 0 | O37: =F37-L37 -> 0 | P37: =F37-M37 -> 0 | Q37: =IF(N37>0,(F37-L37-N37),(F37-L37+N37)) -> 0 | AS37: =SUM(R37:AE37) -> 0 | AT37: 0 | AY37: =+AT37+AU37+AV37+AW37+AX37 -> 0 | BG37: =SUM(AZ37:BB37) -> 0
A38: 1.02.04 | B38: Servicio de telecomunicaciones | C38: 0 | D38: =+BG38 -> 0 | E38: =+AS38+AY38 -> 0 | F38: =+C38+D38+E38 -> 0 | G38: 0 | H38: ='CK GASTOS OSN AC MES 1'!Z$39 -> 0 | I38: ='CK GASTOS OSN AC MES 2'!Z$101 -> 0 | J38: ='CK GASTOS OSN AC MES 3'!Z$102 -> 0 | K38: =SUM(H38:J38) -> 0 | L38: =K38+G38 -> 0 | M38: =+'Cert.OSN AC'!X14 -> 0 | N38: =IF(M38>0,(L38-M38),0) -> 0 | O38: =F38-L38 -> 0 | P38: =F38-M38 -> 0 | Q38: =IF(N38>0,(F38-L38-N38),(F38-L38+N38)) -> 0 | AS38: =SUM(R38:AE38) -> 0 | AT38: 0 | AY38: =+AT38+AU38+AV38+AW38+AX38 -> 0 | BG38: =SUM(AZ38:BB38) -> 0
A39: 1.03.01 | B39: Información | C39: 0 | D39: =+BG39 -> 0 | E39: =+AS39+AY39 -> 0 | F39: =+C39+D39+E39 -> 0 | G39: 0 | H39: ='CK GASTOS OSN AC MES 1'!AA$39 -> 0 | I39: ='CK GASTOS OSN AC MES 2'!AA$101 -> 0 | J39: ='CK GASTOS OSN AC MES 3'!AA$102 -> 0 | K39: =SUM(H39:J39) -> 0 | L39: =K39+G39 -> 0 | M39: =+'Cert.OSN AC'!Y14 -> 0 | N39: =IF(M39>0,(L39-M39),0) -> 0 | O39: =F39-L39 -> 0 | P39: =F39-M39 -> 0 | Q39: =IF(N39>0,(F39-L39-N39),(F39-L39+N39)) -> 0 | AS39: =SUM(R39:AE39) -> 0 | AT39: 0 | AY39: =+AT39+AU39+AV39+AW39+AX39 -> 0 | BG39: =SUM(AZ39:BB39) -> 0
A40: 1.03.02 | B40: Publicidad y propaganda | C40: 0 | D40: =+BG40 -> 0 | E40: =+AS40+AY40 -> 0 | F40: =+C40+D40+E40 -> 0 | G40: 0 | H40: ='CK GASTOS OSN AC MES 1'!AB$39 -> 0 | I40: ='CK GASTOS OSN AC MES 2'!AB$101 -> 0 | J40: ='CK GASTOS OSN AC MES 3'!AB$102 -> 0 | K40: =SUM(H40:J40) -> 0 | L40: =K40+G40 -> 0 | M40: =+'Cert.OSN AC'!Z14 -> 0 | N40: =IF(M40>0,(L40-M40),0) -> 0 | O40: =F40-L40 -> 0 | P40: =F40-M40 -> 0 | Q40: =IF(N40>0,(F40-L40-N40),(F40-L40+N40)) -> 0 | AS40: =SUM(R40:AE40) -> 0 | AT40: 0 | AY40: =+AT40+AU40+AV40+AW40+AX40 -> 0 | BG40: =SUM(AZ40:BB40) -> 0
A41: 1.03.03 | B41: Impresión, encuadernación y otros | C41: 0 | D41: =+BG41 -> 0 | E41: =+AS41+AY41 -> 0 | F41: =+C41+D41+E41 -> 0 | G41: 0 | H41: ='CK GASTOS OSN AC MES 1'!AC$39 -> 0 | I41: ='CK GASTOS OSN AC MES 2'!AC$101 -> 0 | J41: ='CK GASTOS OSN AC MES 3'!AC$102 -> 0 | K41: =SUM(H41:J41) -> 0 | L41: =K41+G41 -> 0 | M41: =+'Cert.OSN AC'!AA14 -> 0 | N41: =IF(M41>0,(L41-M41),0) -> 0 | O41: =F41-L41 -> 0 | P41: =F41-M41 -> 0 | Q41: =IF(N41>0,(F41-L41-N41),(F41-L41+N41)) -> 0 | AS41: =SUM(R41:AE41) -> 0 | AT41: 0 | AY41: =+AT41+AU41+AV41+AW41+AX41 -> 0 | BG41: =SUM(AZ41:BB41) -> 0
A42: 1.03.04 | B42: Transporte de bienes | C42: 0 | D42: =+BG42 -> 0 | E42: =+AS42+AY42 -> 0 | F42: =+C42+D42+E42 -> 0 | G42: 0 | H42: ='CK GASTOS OSN AC MES 1'!AD$39 -> 0 | I42: ='CK GASTOS OSN AC MES 2'!AD$101 -> 0 | J42: ='CK GASTOS OSN AC MES 3'!AD$102 -> 0 | K42: =SUM(H42:J42) -> 0 | L42: =K42+G42 -> 0 | M42: =+'Cert.OSN AC'!AB14 -> 0 | N42: =IF(M42>0,(L42-M42),0) -> 0 | O42: =F42-L42 -> 0 | P42: =F42-M42 -> 0 | Q42: =IF(N42>0,(F42-L42-N42),(F42-L42+N42)) -> 0 | AS42: =SUM(R42:AE42) -> 0 | AT42: 0 | AY42: =+AT42+AU42+AV42+AW42+AX42 -> 0 | BG42: =SUM(AZ42:BB42) -> 0
A43: 1.03.05 | B43: Servicios aduaneros | C43: 0 | D43: =+BG43 -> 0 | E43: =+AS43+AY43 -> 0 | F43: =+C43+D43+E43 -> 0 | G43: 0 | H43: ='CK GASTOS OSN AC MES 1'!AE$39 -> 0 | I43: ='CK GASTOS OSN AC MES 2'!AE$101 -> 0 | J43: ='CK GASTOS OSN AC MES 3'!AE$102 -> 0 | K43: =SUM(H43:J43) -> 0 | L43: =K43+G43 -> 0 | M43: =+'Cert.OSN AC'!AC14 -> 0 | N43: =IF(M43>0,(L43-M43),0) -> 0 | O43: =F43-L43 -> 0 | P43: =F43-M43 -> 0 | Q43: =IF(N43>0,(F43-L43-N43),(F43-L43+N43)) -> 0 | AS43: =SUM(R43:AE43) -> 0 | AT43: 0 | AY43: =+AT43+AU43+AV43+AW43+AX43 -> 0 | BG43: =SUM(AZ43:BB43) -> 0
A44: 1.03.06 | B44: Comisiones y gastos por serv.financieros y com. | C44: 0 | D44: =+BG44 -> 0 | E44: =+AS44+AY44 -> 0 | F44: =+C44+D44+E44 -> 0 | G44: 0 | H44: ='CK GASTOS OSN AC MES 1'!AF$39 -> 0 | I44: ='CK GASTOS OSN AC MES 2'!AF$101 -> 0 | J44: ='CK GASTOS OSN AC MES 3'!AF$102 -> 0 | K44: =SUM(H44:J44) -> 0 | L44: =K44+G44 -> 0 | M44: =+'Cert.OSN AC'!AD14 -> 0 | N44: =IF(M44>0,(L44-M44),0) -> 0 | O44: =F44-L44 -> 0 | P44: =F44-M44 -> 0 | Q44: =IF(N44>0,(F44-L44-N44),(F44-L44+N44)) -> 0 | AS44: =SUM(R44:AE44) -> 0 | AT44: 0 | AY44: =+AT44+AU44+AV44+AW44+AX44 -> 0 | BG44: =SUM(AZ44:BB44) -> 0
A45: 1.04.02 | B45: Servicios Jurídicos | C45: 0 | D45: =+BG45 -> 0 | E45: =+AS45+AY45 -> 0 | F45: =+C45+D45+E45 -> 0 | G45: 0 | H45: ='CK GASTOS OSN AC MES 1'!AG$39 -> 0 | I45: ='CK GASTOS OSN AC MES 2'!AG$101 -> 0 | J45: ='CK GASTOS OSN AC MES 3'!AG$102 -> 0 | K45: =SUM(H45:J45) -> 0 | L45: =K45+G45 -> 0 | M45: =+'Cert.OSN AC'!AD15 -> 0 | N45: =IF(M45>0,(L45-M45),0) -> 0 | O45: =F45-L45 -> 0 | P45: =F45-M45 -> 0 | Q45: =IF(N45>0,(F45-L45-N45),(F45-L45+N45)) -> 0 | AS45: =SUM(R45:AE45) -> 0 | AT45: 0
A46: 1.04.03 | B46: Servicio de Ingeniería | C46: 0 | D46: =+BG46 -> 0 | E46: =+AS46+AY46 -> 0 | F46: =+C46+D46+E46 -> 0 | G46: 0 | H46: ='CK GASTOS OSN AC MES 1'!AH$39 -> 0 | I46: ='CK GASTOS OSN AC MES 2'!AH$101 -> 0 | J46: ='CK GASTOS OSN AC MES 3'!AH$102 -> 0 | K46: =SUM(H46:J46) -> 0 | L46: =K46+G46 -> 0 | M46: =+'Cert.OSN AC'!AE14 -> 0 | N46: =IF(M46>0,(L46-M46),0) -> 0 | O46: =F46-L46 -> 0 | P46: =F46-M46 -> 0 | Q46: =IF(N46>0,(F46-L46-N46),(F46-L46+N46)) -> 0 | AS46: =SUM(R46:AE46) -> 0 | AT46: 0 | AY46: =+AT46+AU46+AV46+AW46+AX46 -> 0 | BG46: =SUM(AZ46:BB46) -> 0
A47: 1.04.04 | B47: Servicios Ciencias Economicas y sociales | C47: 0 | D47: =+BG47 -> 0 | E47: =+AS47+AY47 -> 0 | F47: =+C47+D47+E47 -> 0 | G47: 0 | H47: ='CK GASTOS OSN AC MES 1'!AI$39 -> 0 | I47: ='CK GASTOS OSN AC MES 2'!AI$101 -> 0 | J47: ='CK GASTOS OSN AC MES 3'!AI$102 -> 0 | K47: =SUM(H47:J47) -> 0 | L47: =K47+G47 -> 0 | M47: =+'Cert.OSN AC'!AF14 -> 0 | N47: =IF(M47>0,(L47-M47),0) -> 0 | O47: =F47-L47 -> 0 | P47: =F47-M47 -> 0 | Q47: =IF(N47>0,(F47-L47-N47),(F47-L47+N47)) -> 0 | AS47: =SUM(R47:AE47) -> 0 | AT47: 0 | AY47: =+AT47+AU47+AV47+AW47+AX47 -> 0 | BG47: =SUM(AZ47:BB47) -> 0
A48: 1.04.05 | B48: Servicios de desarrollo sistemas infromaticos | C48: 0 | D48: =+BG48 -> 0 | E48: =+AS48+AY48 -> 0 | F48: =+C48+D48+E48 -> 0 | G48: 0 | H48: ='CK GASTOS OSN AC MES 1'!AJ$39 -> 0 | I48: ='CK GASTOS OSN AC MES 2'!AJ$101 -> 0 | J48: ='CK GASTOS OSN AC MES 3'!AJ$102 -> 0 | K48: =SUM(H48:J48) -> 0 | L48: =K48+G48 -> 0 | M48: =+'Cert.OSN AC'!AG14 -> 0 | N48: =IF(M48>0,(L48-M48),0) -> 0 | O48: =F48-L48 -> 0 | P48: =F48-M48 -> 0 | Q48: =IF(N48>0,(F48-L48-N48),(F48-L48+N48)) -> 0 | AS48: =SUM(R48:AE48) -> 0 | AT48: 0 | AY48: =+AT48+AU48+AV48+AW48+AX48 -> 0 | BG48: =SUM(AZ48:BB48) -> 0
A49: 1.04.06 | B49: Servicios generales | C49: 0 | D49: =+BG49 -> 0 | E49: =+AS49+AY49 -> 0 | F49: =+C49+D49+E49 -> 0 | G49: 0 | H49: ='CK GASTOS OSN AC MES 1'!AK$39 -> 0 | I49: ='CK GASTOS OSN AC MES 2'!AK$101 -> 0 | J49: ='CK GASTOS OSN AC MES 3'!AK$102 -> 0 | K49: =SUM(H49:J49) -> 0 | L49: =K49+G49 -> 0 | M49: =+'Cert.OSN AC'!AH14 -> 0 | N49: =IF(M49>0,(L49-M49),0) -> 0 | O49: =F49-L49 -> 0 | P49: =F49-M49 -> 0 | Q49: =IF(N49>0,(F49-L49-N49),(F49-L49+N49)) -> 0 | AS49: =SUM(R49:AE49) -> 0 | AT49: 0 | AY49: =+AT49+AU49+AV49+AW49+AX49 -> 0 | BG49: =SUM(AZ49:BB49) -> 0
A50: 1.04.99 | B50: Otros servicios de gestión y apoyo | C50: 0 | D50: =+BG50 -> 0 | E50: =+AS50+AY50 -> 0 | F50: =+C50+D50+E50 -> 0 | G50: 0 | H50: ='CK GASTOS OSN AC MES 1'!AL$39 -> 0 | I50: ='CK GASTOS OSN AC MES 2'!AL$101 -> 0 | J50: ='CK GASTOS OSN AC MES 3'!AL$102 -> 0 | K50: =SUM(H50:J50) -> 0 | L50: =K50+G50 -> 0 | M50: =+'Cert.OSN AC'!AI14 -> 0 | N50: =IF(M50>0,(L50-M50),0) -> 0 | O50: =F50-L50 -> 0 | P50: =F50-M50 -> 0 | Q50: =IF(N50>0,(F50-L50-N50),(F50-L50+N50)) -> 0 | AS50: =SUM(R50:AE50) -> 0 | AT50: 0 | AY50: =+AT50+AU50+AV50+AW50+AX50 -> 0 | BG50: =SUM(AZ50:BB50) -> 0
A51: 1.05.01 | B51: Transporte dentro del país | C51: 0 | D51: =+BG51 -> 0 | E51: =+AS51+AY51 -> 0 | F51: =+C51+D51+E51 -> 0 | G51: 0 | H51: ='CK GASTOS OSN AC MES 1'!AM$39 -> 0 | I51: ='CK GASTOS OSN AC MES 2'!AM$101 -> 0 | J51: ='CK GASTOS OSN AC MES 3'!AM$102 -> 0 | K51: =SUM(H51:J51) -> 0 | L51: =K51+G51 -> 0 | M51: =+'Cert.OSN AC'!AJ14 -> 0 | N51: =IF(M51>0,(L51-M51),0) -> 0 | O51: =F51-L51 -> 0 | P51: =F51-M51 -> 0 | Q51: =IF(N51>0,(F51-L51-N51),(F51-L51+N51)) -> 0 | AS51: =SUM(R51:AE51) -> 0 | AT51: 0 | AY51: =+AT51+AU51+AV51+AW51+AX51 -> 0 | BG51: =SUM(AZ51:BB51) -> 0
A52: 1.05.02 | B52: Viáticos dentro del país | C52: 0 | D52: =+BG52 -> 0 | E52: =+AS52+AY52 -> 0 | F52: =+C52+D52+E52 -> 0 | G52: 0 | H52: ='CK GASTOS OSN AC MES 1'!AN$39 -> 0 | I52: ='CK GASTOS OSN AC MES 2'!AN$101 -> 0 | J52: ='CK GASTOS OSN AC MES 3'!AN$102 -> 0 | K52: =SUM(H52:J52) -> 0 | L52: =K52+G52 -> 0 | M52: =+'Cert.OSN AC'!AK14 -> 0 | N52: =IF(M52>0,(L52-M52),0) -> 0 | O52: =F52-L52 -> 0 | P52: =F52-M52 -> 0 | Q52: =IF(N52>0,(F52-L52-N52),(F52-L52+N52)) -> 0 | AS52: =SUM(R52:AE52) -> 0 | AT52: 0 | AY52: =+AT52+AU52+AV52+AW52+AX52 -> 0 | BG52: =SUM(AZ52:BB52) -> 0
A53: 1.05.03 | B53: Transporte en el exterior | C53: 0 | D53: =+BG53 -> 0 | E53: =+AS53+AY53 -> 0 | F53: =+C53+D53+E53 -> 0 | G53: 0 | H53: ='CK GASTOS OSN AC MES 1'!AO$39 -> 0 | I53: ='CK GASTOS OSN AC MES 2'!AO$101 -> 0 | J53: ='CK GASTOS OSN AC MES 3'!AO$102 -> 0 | K53: =SUM(H53:J53) -> 0 | L53: =K53+G53 -> 0 | M53: =+'Cert.OSN AC'!AL14 -> 0 | N53: =IF(M53>0,(L53-M53),0) -> 0 | O53: =F53-L53 -> 0 | P53: =F53-M53 -> 0 | Q53: =IF(N53>0,(F53-L53-N53),(F53-L53+N53)) -> 0 | AS53: =SUM(R53:AE53) -> 0 | AT53: 0 | AY53: =+AT53+AU53+AV53+AW53+AX53 -> 0 | BG53: =SUM(AZ53:BB53) -> 0
A54: 1.05.04 | B54: Viáticos en el exterior | C54: 0 | D54: =+BG54 -> 0 | E54: =+AS54+AY54 -> 0 | F54: =+C54+D54+E54 -> 0 | G54: 0 | H54: ='CK GASTOS OSN AC MES 1'!AP$39 -> 0 | I54: ='CK GASTOS OSN AC MES 2'!AP$101 -> 0 | J54: ='CK GASTOS OSN AC MES 3'!AP$102 -> 0 | K54: =SUM(H54:J54) -> 0 | L54: =K54+G54 -> 0 | M54: =+'Cert.OSN AC'!AM14 -> 0 | N54: =IF(M54>0,(L54-M54),0) -> 0 | O54: =F54-L54 -> 0 | P54: =F54-M54 -> 0 | Q54: =IF(N54>0,(F54-L54-N54),(F54-L54+N54)) -> 0 | AS54: =SUM(R54:AE54) -> 0 | AT54: 0 | AY54: =+AT54+AU54+AV54+AW54+AX54 -> 0 | BG54: =SUM(AZ54:BB54) -> 0
A55: 1.06.01 | B55: Seguros | C55: 0 | D55: =+BG55 -> 0 | E55: =+AS55+AY55 -> 0 | F55: =+C55+D55+E55 -> 0 | G55: 0 | H55: ='CK GASTOS OSN AC MES 1'!AQ$39 -> 0 | I55: ='CK GASTOS OSN AC MES 2'!AQ$101 -> 0 | J55: ='CK GASTOS OSN AC MES 3'!AQ$102 -> 0 | K55: =SUM(H55:J55) -> 0 | L55: =K55+G55 -> 0 | M55: =+'Cert.OSN AC'!AN14 -> 0 | N55: =IF(M55>0,(L55-M55),0) -> 0 | O55: =F55-L55 -> 0 | P55: =F55-M55 -> 0 | Q55: =IF(N55>0,(F55-L55-N55),(F55-L55+N55)) -> 0 | AS55: =SUM(R55:AE55) -> 0 | AT55: 0 | AY55: =+AT55+AU55+AV55+AW55+AX55 -> 0 | BG55: =SUM(AZ55:BB55) -> 0
A56: 1.07.01 | B56: Actividades de capacitación | C56: 0 | D56: =+BG56 -> 0 | E56: =+AS56+AY56 -> 0 | F56: =+C56+D56+E56 -> 0 | G56: 0 | H56: ='CK GASTOS OSN AC MES 1'!AR$39 -> 0 | I56: ='CK GASTOS OSN AC MES 2'!AR$101 -> 0 | J56: ='CK GASTOS OSN AC MES 3'!AR$102 -> 0 | K56: =SUM(H56:J56) -> 0 | L56: =K56+G56 -> 0 | M56: =+'Cert.OSN AC'!AO14 -> 0 | N56: =IF(M56>0,(L56-M56),0) -> 0 | O56: =F56-L56 -> 0 | P56: =F56-M56 -> 0 | Q56: =IF(N56>0,(F56-L56-N56),(F56-L56+N56)) -> 0 | AS56: =SUM(R56:AE56) -> 0 | AT56: 0 | AY56: =+AT56+AU56+AV56+AW56+AX56 -> 0 | BG56: =SUM(AZ56:BB56) -> 0
A57: 1.07.02 | B57: Actividades protocolarias y sociales | C57: 0 | D57: =+BG57 -> 0 | E57: =+AS57+AY57 -> 0 | F57: =+C57+D57+E57 -> 0 | G57: 0 | H57: ='CK GASTOS OSN AC MES 1'!AS$39 -> 0 | I57: ='CK GASTOS OSN AC MES 2'!AS$101 -> 0 | J57: ='CK GASTOS OSN AC MES 3'!AS$102 -> 0 | K57: =SUM(H57:J57) -> 0 | L57: =K57+G57 -> 0 | M57: =+'Cert.OSN AC'!AP14 -> 0 | N57: =IF(M57>0,(L57-M57),0) -> 0 | O57: =F57-L57 -> 0 | P57: =F57-M57 -> 0 | Q57: =IF(N57>0,(F57-L57-N57),(F57-L57+N57)) -> 0 | AS57: =SUM(R57:AE57) -> 0 | AT57: 0 | AY57: =+AT57+AU57+AV57+AW57+AX57 -> 0 | BG57: =SUM(AZ57:BB57) -> 0
A58: 1.07.03 | B58: Gastos de representación institucional | C58: 0 | D58: =+BG58 -> 0 | E58: =+AS58+AY58 -> 0 | F58: =+C58+D58+E58 -> 0 | M58: =+'Cert.OSN AC'!AP15 -> 0 | N58: =IF(M58>0,(L58-M58),0) -> 0 | Q58: =IF(N58>0,(F58-L58-N58),(F58-L58+N58)) -> 0 | AT58: 0
A59: 1.08.01 | B59: Mantenimiento de edificios y locales | C59: 0 | D59: =+BG59 -> 0 | E59: =+AS59+AY59 -> 0 | F59: =+C59+D59+E59 -> 0 | G59: 0 | H59: ='CK GASTOS OSN AC MES 1'!AT$39 -> 0 | I59: ='CK GASTOS OSN AC MES 2'!AT$101 -> 0 | J59: ='CK GASTOS OSN AC MES 3'!AT$102 -> 0 | K59: =SUM(H59:J59) -> 0 | L59: =K59+G59 -> 0 | M59: =+'Cert.OSN AC'!AQ14 -> 0 | N59: =IF(M59>0,(L59-M59),0) -> 0 | O59: =F59-L59 -> 0 | P59: =F59-M59 -> 0 | Q59: =IF(N59>0,(F59-L59-N59),(F59-L59+N59)) -> 0 | AS59: =SUM(R59:AE59) -> 0 | AT59: 0 | AY59: =+AT59+AU59+AV59+AW59+AX59 -> 0 | BG59: =SUM(AZ59:BB59) -> 0
A60: 1.08.04 | B60: Mantenimiento y repracion de equipo de produccion | C60: 0 | D60: =+BG60 -> 0 | E60: =+AS60+AY60 -> 0 | F60: =+C60+D60+E60 -> 0 | G60: 0 | H60: ='CK GASTOS OSN AC MES 1'!AU$39 -> 0 | I60: ='CK GASTOS OSN AC MES 2'!AU$101 -> 0 | J60: ='CK GASTOS OSN AC MES 3'!AU$102 -> 0 | K60: =SUM(H60:J60) -> 0 | L60: =K60+G60 -> 0 | M60: =+'Cert.OSN AC'!AR14 -> 0 | N60: =IF(M60>0,(L60-M60),0) -> 0 | O60: =F60-L60 -> 0 | P60: =F60-M60 -> 0 | Q60: =IF(N60>0,(F60-L60-N60),(F60-L60+N60)) -> 0 | AS60: =SUM(R60:AE60) -> 0 | AT60: 0 | AY60: =+AT60+AU60+AV60+AW60+AX60 -> 0 | BG60: =SUM(AZ60:BB60) -> 0
A61: 1.08.05 | B61: Mant. y rep. de equipo de transporte | C61: 0 | D61: =+BG61 -> 0 | E61: =+AS61+AY61 -> 0 | F61: =+C61+D61+E61 -> 0 | G61: 0 | H61: ='CK GASTOS OSN AC MES 1'!AV$39 -> 0 | I61: ='CK GASTOS OSN AC MES 2'!AV$101 -> 0 | J61: ='CK GASTOS OSN AC MES 3'!AV$102 -> 0 | K61: =SUM(H61:J61) -> 0 | L61: =K61+G61 -> 0 | M61: =+'Cert.OSN AC'!AS14 -> 0 | N61: =IF(M61>0,(L61-M61),0) -> 0 | O61: =F61-L61 -> 0 | P61: =F61-M61 -> 0 | Q61: =IF(N61>0,(F61-L61-N61),(F61-L61+N61)) -> 0 | AS61: =SUM(R61:AE61) -> 0 | AT61: 0 | AY61: =+AT61+AU61+AV61+AW61+AX61 -> 0 | BG61: =SUM(AZ61:BB61) -> 0
A62: 1.08.06 | B62: Mant. y rep. de equipo de comunicación | C62: 0 | D62: =+BG62 -> 0 | E62: =+AS62+AY62 -> 0 | F62: =+C62+D62+E62 -> 0 | G62: 0 | H62: ='CK GASTOS OSN AC MES 1'!AW$39 -> 0 | I62: ='CK GASTOS OSN AC MES 2'!AW$101 -> 0 | J62: ='CK GASTOS OSN AC MES 3'!AW$102 -> 0 | K62: =SUM(H62:J62) -> 0 | L62: =K62+G62 -> 0 | M62: =+'Cert.OSN AC'!AT14 -> 0 | N62: =IF(M62>0,(L62-M62),0) -> 0 | O62: =F62-L62 -> 0 | P62: =F62-M62 -> 0 | Q62: =IF(N62>0,(F62-L62-N62),(F62-L62+N62)) -> 0 | AS62: =SUM(R62:AE62) -> 0 | AT62: 0 | AY62: =+AT62+AU62+AV62+AW62+AX62 -> 0 | BG62: =SUM(AZ62:BB62) -> 0
A63: 1.08.07 | B63: Mant. y rep. de equipo y mob. de oficina | C63: 0 | D63: =+BG63 -> 0 | E63: =+AS63+AY63 -> 0 | F63: =+C63+D63+E63 -> 0 | G63: 0 | H63: ='CK GASTOS OSN AC MES 1'!AX$39 -> 0 | I63: ='CK GASTOS OSN AC MES 2'!AX$101 -> 0 | J63: ='CK GASTOS OSN AC MES 3'!AX$102 -> 0 | K63: =SUM(H63:J63) -> 0 | L63: =K63+G63 -> 0 | M63: =+'Cert.OSN AC'!AU14 -> 0 | N63: =IF(M63>0,(L63-M63),0) -> 0 | O63: =F63-L63 -> 0 | P63: =F63-M63 -> 0 | Q63: =IF(N63>0,(F63-L63-N63),(F63-L63+N63)) -> 0 | AS63: =SUM(R63:AE63) -> 0 | AT63: 0 | AY63: =+AT63+AU63+AV63+AW63+AX63 -> 0 | BG63: =SUM(AZ63:BB63) -> 0
A64: 1.08.08 | B64: Mant. y rep. de equipo de cómputo y sistemas de información | C64: 0 | D64: =+BG64 -> 0 | E64: =+AS64+AY64 -> 0 | F64: =+C64+D64+E64 -> 0 | G64: 0 | H64: ='CK GASTOS OSN AC MES 1'!AY$39 -> 0 | I64: ='CK GASTOS OSN AC MES 2'!AY$101 -> 0 | J64: ='CK GASTOS OSN AC MES 3'!AY$102 -> 0 | K64: =SUM(H64:J64) -> 0 | L64: =K64+G64 -> 0 | M64: =+'Cert.OSN AC'!AV14 -> 0 | N64: =IF(M64>0,(L64-M64),0) -> 0 | O64: =F64-L64 -> 0 | P64: =F64-M64 -> 0 | Q64: =IF(N64>0,(F64-L64-N64),(F64-L64+N64)) -> 0 | AS64: =SUM(R64:AE64) -> 0 | AT64: 0 | AY64: =+AT64+AU64+AV64+AW64+AX64 -> 0 | BG64: =SUM(AZ64:BB64) -> 0
A65: 1.08.99 | B65: Mantenimiento y reparación de otros equipos | C65: 0 | D65: =+BG65 -> 0 | E65: =+AS65+AY65 -> 0 | F65: =+C65+D65+E65 -> 0 | G65: 0 | H65: ='CK GASTOS OSN AC MES 1'!AZ$39 -> 0 | I65: ='CK GASTOS OSN AC MES 2'!AZ$101 -> 0 | J65: ='CK GASTOS OSN AC MES 3'!AZ$102 -> 0 | K65: =SUM(H65:J65) -> 0 | L65: =K65+G65 -> 0 | M65: =+'Cert.OSN AC'!AW14 -> 0 | N65: =IF(M65>0,(L65-M65),0) -> 0 | O65: =F65-L65 -> 0 | P65: =F65-M65 -> 0 | Q65: =IF(N65>0,(F65-L65-N65),(F65-L65+N65)) -> 0 | AS65: =SUM(R65:AE65) -> 0 | AT65: 0 | AY65: =+AT65+AU65+AV65+AW65+AX65 -> 0 | BG65: =SUM(AZ65:BB65) -> 0
A66: 1.09.02 | B66: Impuestos sobre bienes inmuebles | C66: 0 | D66: =+BG66 -> 0 | E66: =+AS66+AY66 -> 0 | F66: =+C66+D66+E66 -> 0 | G66: 0 | H66: 0 | I66: 0 | J66: 0 | K66: =SUM(H66:J66) -> 0 | L66: =K66+G66 -> 0 | N66: =IF(M66>0,(L66-M66),0) -> 0 | AT66: 0
A67: 1.09.99 | B67: Otros impuestos | D67: =+BG67 -> 0 | E67: =+AS67+AY67 -> 0 | F67: =+C67+D67+E67 -> 0 | N67: =IF(M67>0,(L67-M67),0) -> 0 | AT67: 0
A68: 1.99.02 | B68: Multas | C68: 0 | D68: =+BG68 -> 0 | E68: =+AS68+AY68 -> 0 | F68: =+C68+D68+E68 -> 0 | G68: 0 | H68: ='CK GASTOS OSN AC MES 1'!BA$39 -> 0 | I68: ='CK GASTOS OSN AC MES 2'!BA$101 -> 0 | J68: ='CK GASTOS OSN AC MES 3'!BA$102 -> 0 | K68: =SUM(H68:J68) -> 0 | L68: =K68+G68 -> 0 | M68: =+'Cert.OSN AC'!AX14 -> 0 | N68: =IF(M68>0,(L68-M68),0) -> 0 | O68: =F68-L68 -> 0 | P68: =F68-M68 -> 0 | Q68: =IF(N68>0,(F68-L68-N68),(F68-L68+N68)) -> 0 | AS68: =SUM(R68:AE68) -> 0 | AT68: 0 | AY68: =+AT68+AU68+AV68+AW68+AX68 -> 0 | BG68: =SUM(AZ68:BB68) -> 0
A69: 1.99.99 | B69: Otros servicios no especificados | C69: 0 | D69: =+BG69 -> 0 | E69: =+AS69+AY69 -> 0 | F69: =+C69+D69+E69 -> 0 | G69: 0 | H69: ='CK GASTOS OSN AC MES 1'!BB$39 -> 0 | I69: ='CK GASTOS OSN AC MES 2'!BB$101 -> 0 | J69: ='CK GASTOS OSN AC MES 3'!BB$102 -> 0 | K69: =SUM(H69:J69) -> 0 | L69: =K69+G69 -> 0 | M69: =+'Cert.OSN AC'!AY14 -> 0 | N69: =IF(M69>0,(L69-M69),0) -> 0 | O69: =F69-L69 -> 0 | P69: =F69-M69 -> 0 | Q69: =IF(N69>0,(F69-L69-N69),(F69-L69+N69)) -> 0 | AS69: =SUM(R69:AE69) -> 0 | AT69: 0 | AY69: =+AT69+AU69+AV69+AW69+AX69 -> 0 | BG69: =SUM(AZ69:BB69) -> 0
N70: =IF(M70>0,(L70-M70),0) -> 0 | O70: =F70-L70 -> 0 | P70: =F70-M70 -> 0 | Q70: =IF(N70>0,(F70-L70-N70),(F70-L70+N70)) -> 0 | AT70: 0
A71: 2 | B71: MATERIALES Y SUMINISTROS | C71: =SUM(C73:C92) -> 0 | D71: =SUM(D73:D92) -> 0 | E71: =SUM(E73:E92) -> 0 | F71: =SUM(F73:F92) -> 0 | G71: 0 | H71: =SUM(H73:H92) -> 0 | I71: =SUM(I73:I92) -> 0 | J71: =SUM(J73:J92) -> 0 | K71: =SUM(K73:K92) -> 0 | L71: =SUM(L73:L92) -> 0 | M71: =SUM(M73:M92) -> 0 | N71: =SUM(N73:N92) -> 0 | O71: =SUM(O73:O92) -> 0 | ... X71: =SUM(X73:X92) -> 0 | AA71: =SUM(AA73:AA92) -> 0 | AB71: =SUM(AB73:AB92) -> 0 | AC71: =SUM(AC73:AC92) -> 0 | AE71: =SUM(AE73:AE92) -> 0 | AF71: =SUM(AF73:AF92) -> 0 | AG71: =SUM(AG73:AG92) -> 0 | AH71: =SUM(AH73:AH92) -> 0 | AS71: =SUM(AS73:AS92) -> 0 | AT71: 0 | AU71: =SUM(AU73:AU92) -> 0 | AV71: =SUM(AV73:AV92) -> 0 | AW71: =SUM(AW73:AW92) -> 0 | AX71: =SUM(AX73:AX92) -> 0 | AY71: =SUM(AY73:AY92) -> 0 | AZ71: =SUM(AZ73:AZ92) -> 0 | BA71: =SUM(BA73:BA92) -> 0 | BB71: =SUM(BB73:BB92) -> 0 | BG71: =SUM(BG73:BG92) -> 0
N72: =IF(M72>0,(L72-M72),0) -> 0 | AT72: 0
A73: 2.01.01 | B73: Combustibles y lubricantes | C73: 0 | D73: =+BG73 -> 0 | E73: =+AS73+AY73 -> 0 | F73: =+C73+D73+E73 -> 0 | G73: 0 | H73: ='CK GASTOS OSN AC MES 1'!BC$39 -> 0 | I73: ='CK GASTOS OSN AC MES 2'!BC$101 -> 0 | J73: ='CK GASTOS OSN AC MES 3'!BC$102 -> 0 | K73: =SUM(H73:J73) -> 0 | L73: =K73+G73 -> 0 | M73: =+'Cert.OSN AC'!AZ14 -> 0 | N73: =IF(M73>0,(L73-M73),0) -> 0 | O73: =F74-L74 -> 0 | P73: =F74-M74 -> 0 | Q73: =IF(N73>0,(F74-L74-N73),(F74-L74+N73)) -> 0 | AS73: =SUM(R73:AE73) -> 0 | AT73: 0 | AY73: =+AT73+AU73+AV73+AW73+AX73 -> 0 | BG73: =SUM(AZ73:BB73) -> 0
A74: 2.01.02 | B74: Productos farmacéuticos y medicinales | C74: 0 | D74: =+BG74 -> 0 | E74: =+AS74+AY74 -> 0 | F74: =+C74+D74+E74 -> 0 | G74: 0 | H74: ='CK GASTOS OSN AC MES 1'!BD$39 -> 0 | I74: ='CK GASTOS OSN AC MES 2'!BD$101 -> 0 | J74: ='CK GASTOS OSN AC MES 3'!BD$102 -> 0 | K74: =SUM(H74:J74) -> 0 | L74: =K74+G74 -> 0 | M74: =+'Cert.OSN AC'!BA14 -> 0 | N74: =IF(M74>0,(L74-M74),0) -> 0 | O74: =F75-L75 -> 0 | P74: =F75-M75 -> 0 | Q74: =IF(N74>0,(F75-L75-N74),(F75-L75+N74)) -> 0 | AS74: =SUM(R74:AE74) -> 0 | AT74: 0 | AY74: =+AT74+AU74+AV74+AW74+AX74 -> 0 | BG74: =SUM(AZ74:BB74) -> 0
A75: 2.01.04 | B75: Tintas, pinturas y diluyentes | C75: 0 | D75: =+BG75 -> 0 | E75: =+AS75+AY75 -> 0 | F75: =+C75+D75+E75 -> 0 | G75: 0 | H75: ='CK GASTOS OSN AC MES 1'!BE$39 -> 0 | I75: ='CK GASTOS OSN AC MES 2'!BE$101 -> 0 | J75: ='CK GASTOS OSN AC MES 3'!BE$102 -> 0 | K75: =SUM(H75:J75) -> 0 | L75: =K75+G75 -> 0 | M75: =+'Cert.OSN AC'!BB14 -> 0 | N75: =IF(M75>0,(L75-M75),0) -> 0 | O75: =F76-L76 -> 0 | P75: =F76-M76 -> 0 | Q75: =IF(N75>0,(F76-L76-N75),(F76-L76+N75)) -> 0 | AS75: =SUM(R75:AE75) -> 0 | AT75: 0 | AY75: =+AT75+AU75+AV75+AW75+AX75 -> 0 | BG75: =SUM(AZ75:BB75) -> 0
A76: 2.01.99 | B76: Otros productos químicos | C76: 0 | D76: =+BG76 -> 0 | E76: =+AS76+AY76 -> 0 | F76: =+C76+D76+E76 -> 0 | G76: 0 | H76: ='CK GASTOS OSN AC MES 1'!BF$39 -> 0 | I76: ='CK GASTOS OSN AC MES 2'!BF$101 -> 0 | J76: ='CK GASTOS OSN AC MES 3'!BF$102 -> 0 | K76: =SUM(H76:J76) -> 0 | L76: =K76+G76 -> 0 | M76: =+'Cert.OSN AC'!BC14 -> 0 | N76: =IF(M76>0,(L76-M76),0) -> 0 | O76: =F77-L77 -> 0 | P76: =F77-M77 -> 0 | Q76: =IF(N76>0,(F77-L77-N76),(F77-L77+N76)) -> 0 | AS76: =SUM(R76:AE76) -> 0 | AT76: 0 | AY76: =+AT76+AU76+AV76+AW76+AX76 -> 0 | BG76: =SUM(AZ76:BB76) -> 0
A77: 2.02.03 | B77: Alimentos y bebidas | C77: 0 | D77: =+BG77 -> 0 | E77: =+AS77+AY77 -> 0 | F77: =+C77+D77+E77 -> 0 | G77: 0 | H77: ='CK GASTOS OSN AC MES 1'!BG$39 -> 0 | I77: ='CK GASTOS OSN AC MES 2'!BG$101 -> 0 | J77: ='CK GASTOS OSN AC MES 3'!BG$102 -> 0 | K77: =SUM(H77:J77) -> 0 | L77: =K77+G77 -> 0 | M77: =+'Cert.OSN AC'!BD14 -> 0 | N77: =IF(M77>0,(L77-M77),0) -> 0 | O77: =F78-L78 -> 0 | P77: =F78-M78 -> 0 | Q77: =IF(N77>0,(F78-L78-N77),(F78-L78+N77)) -> 0 | AS77: =SUM(R77:AE77) -> 0 | AT77: 0 | AY77: =+AT77+AU77+AV77+AW77+AX77 -> 0 | BG77: =SUM(AZ77:BB77) -> 0
A78: 2.03.01 | B78: Materiales y productos metálicos | C78: 0 | D78: =+BG78 -> 0 | E78: =+AS78+AY78 -> 0 | F78: =+C78+D78+E78 -> 0 | G78: 0 | H78: ='CK GASTOS OSN AC MES 1'!BH$39 -> 0 | I78: ='CK GASTOS OSN AC MES 2'!BH$101 -> 0 | J78: ='CK GASTOS OSN AC MES 3'!BH$102 -> 0 | K78: =SUM(H78:J78) -> 0 | L78: =K78+G78 -> 0 | M78: =+'Cert.OSN AC'!BE14 -> 0 | N78: =IF(M78>0,(L78-M78),0) -> 0 | O78: =F79-L79 -> 0 | P78: =F79-M79 -> 0 | Q78: =IF(N78>0,(F79-L79-N78),(F79-L79+N78)) -> 0 | AS78: =SUM(R78:AE78) -> 0 | AT78: 0 | AY78: =+AT78+AU78+AV78+AW78+AX78 -> 0 | BG78: =SUM(AZ78:BB78) -> 0
A79: 2.03.03 | B79: Madera y sus derivados | C79: 0 | D79: =+BG79 -> 0 | E79: =+AS79+AY79 -> 0 | F79: =+C79+D79+E79 -> 0 | G79: 0 | H79: ='CK GASTOS OSN AC MES 1'!BI$39 -> 0 | I79: ='CK GASTOS OSN AC MES 2'!BI$101 -> 0 | J79: ='CK GASTOS OSN AC MES 3'!BI$102 -> 0 | K79: =SUM(H79:J79) -> 0 | L79: =K79+G79 -> 0 | M79: =+'Cert.OSN AC'!BF14 -> 0 | N79: =IF(M79>0,(L79-M79),0) -> 0 | O79: =F80-L80 -> 0 | P79: =F80-M80 -> 0 | Q79: =IF(N79>0,(F80-L80-N79),(F80-L80+N79)) -> 0 | AS79: =SUM(R79:AE79) -> 0 | AT79: 0 | AY79: =+AT79+AU79+AV79+AW79+AX79 -> 0 | BG79: =SUM(AZ79:BB79) -> 0
A80: 2.03.04 | B80: Materiales y prod. eléct., telef. y de cómputo | C80: 0 | D80: =+BG80 -> 0 | E80: =+AS80+AY80 -> 0 | F80: =+C80+D80+E80 -> 0 | G80: 0 | H80: ='CK GASTOS OSN AC MES 1'!BJ$39 -> 0 | I80: ='CK GASTOS OSN AC MES 2'!BJ$101 -> 0 | J80: ='CK GASTOS OSN AC MES 3'!BJ$102 -> 0 | K80: =SUM(H80:J80) -> 0 | L80: =K80+G80 -> 0 | M80: =+'Cert.OSN AC'!BG14 -> 0 | N80: =IF(M80>0,(L80-M80),0) -> 0 | O80: =F81-L81 -> 0 | P80: =F81-M81 -> 0 | Q80: =IF(N80>0,(F81-L81-N80),(F81-L81+N80)) -> 0 | AS80: =SUM(R80:AE80) -> 0 | AT80: 0 | AY80: =+AT80+AU80+AV80+AW80+AX80 -> 0 | BG80: =SUM(AZ80:BB80) -> 0
A81: 2.03.05 | B81: Materiales y productos de vidrio | C81: 0 | D81: =+BG81 -> 0 | E81: =+AS81+AY81 -> 0 | F81: =+C81+D81+E81 -> 0 | G81: 0 | H81: ='CK GASTOS OSN AC MES 1'!BK$39 -> 0 | I81: ='CK GASTOS OSN AC MES 2'!BK$101 -> 0 | J81: ='CK GASTOS OSN AC MES 3'!BK$102 -> 0 | K81: =SUM(H81:J81) -> 0 | L81: =K81+G81 -> 0 | M81: =+'Cert.OSN AC'!BH14 -> 0 | N81: =IF(M81>0,(L81-M81),0) -> 0 | O81: =F82-L82 -> 0 | P81: =F82-M82 -> 0 | Q81: =IF(N81>0,(F82-L82-N81),(F82-L82+N81)) -> 0 | AS81: =SUM(R81:AE81) -> 0 | AT81: 0 | AY81: =+AT81+AU81+AV81+AW81+AX81 -> 0 | BG81: =SUM(AZ81:BB81) -> 0
A82: 2.03.06 | B82: Materiales y productos de plástico | C82: 0 | D82: =+BG82 -> 0 | E82: =+AS82+AY82 -> 0 | F82: =+C82+D82+E82 -> 0 | G82: 0 | H82: ='CK GASTOS OSN AC MES 1'!BL$39 -> 0 | I82: ='CK GASTOS OSN AC MES 2'!BL$101 -> 0 | J82: ='CK GASTOS OSN AC MES 3'!BL$102 -> 0 | K82: =SUM(H82:J82) -> 0 | L82: =K82+G82 -> 0 | M82: =+'Cert.OSN AC'!BI14 -> 0 | N82: =IF(M82>0,(L82-M82),0) -> 0 | O82: =F83-L83 -> 0 | P82: =F83-M83 -> 0 | Q82: =IF(N82>0,(F83-L83-N82),(F83-L83+N82)) -> 0 | AS82: =SUM(R82:AE82) -> 0 | AT82: 0 | AY82: =+AT82+AU82+AV82+AW82+AX82 -> 0 | BG82: =SUM(AZ82:BB82) -> 0
A83: 2.03.99 | B83: Otros mat. y productos de uso en construcción | C83: 0 | D83: =+BG83 -> 0 | E83: =+AS83+AY83 -> 0 | F83: =+C83+D83+E83 -> 0 | G83: 0 | H83: ='CK GASTOS OSN AC MES 1'!BM$39 -> 0 | I83: ='CK GASTOS OSN AC MES 2'!BM$101 -> 0 | J83: ='CK GASTOS OSN AC MES 3'!BM$102 -> 0 | K83: =SUM(H83:J83) -> 0 | L83: =K83+G83 -> 0 | M83: =+'Cert.OSN AC'!BJ14 -> 0 | N83: =IF(M83>0,(L83-M83),0) -> 0 | O83: =F84-L84 -> 0 | P83: =F84-M84 -> 0 | Q83: =IF(N83>0,(F84-L84-N83),(F84-L84+N83)) -> 0 | AS83: =SUM(R83:AE83) -> 0 | AT83: 0 | AY83: =+AT83+AU83+AV83+AW83+AX83 -> 0 | BG83: =SUM(AZ83:BB83) -> 0
A84: 2.04.01 | B84: Herramientas e instrumentos | C84: 0 | D84: =+BG84 -> 0 | E84: =+AS84+AY84 -> 0 | F84: =+C84+D84+E84 -> 0 | G84: 0 | H84: ='CK GASTOS OSN AC MES 1'!BN$39 -> 0 | I84: ='CK GASTOS OSN AC MES 2'!BN$101 -> 0 | J84: ='CK GASTOS OSN AC MES 3'!BN$102 -> 0 | K84: =SUM(H84:J84) -> 0 | L84: =K84+G84 -> 0 | M84: =+'Cert.OSN AC'!BK14 -> 0 | N84: =IF(M84>0,(L84-M84),0) -> 0 | O84: =F85-L85 -> 0 | P84: =F85-M85 -> 0 | Q84: =IF(N84>0,(F85-L85-N84),(F85-L85+N84)) -> 0 | AS84: =SUM(R84:AE84) -> 0 | AT84: 0 | AY84: =+AT84+AU84+AV84+AW84+AX84 -> 0 | BG84: =SUM(AZ84:BB84) -> 0
A85: 2.04.02 | B85: Repuestos y accesorios | C85: 0 | D85: =+BG85 -> 0 | E85: =+AS85+AY85 -> 0 | F85: =+C85+D85+E85 -> 0 | G85: 0 | H85: ='CK GASTOS OSN AC MES 1'!BO$39 -> 0 | I85: ='CK GASTOS OSN AC MES 2'!BO$101 -> 0 | J85: ='CK GASTOS OSN AC MES 3'!BO$102 -> 0 | K85: =SUM(H85:J85) -> 0 | L85: =K85+G85 -> 0 | M85: =+'Cert.OSN AC'!BL14 -> 0 | N85: =IF(M85>0,(L85-M85),0) -> 0 | O85: =F86-L86 -> 0 | P85: =F86-M86 -> 0 | Q85: =IF(N85>0,(F86-L86-N85),(F86-L86+N85)) -> 0 | AS85: =SUM(R85:AE85) -> 0 | AT85: 0 | AY85: =+AT85+AU85+AV85+AW85+AX85 -> 0 | BG85: =SUM(AZ85:BB85) -> 0
A86: 2.99.01 | B86: Útiles y materiales de oficina y cómputo | C86: 0 | D86: =+BG86 -> 0 | E86: =+AS86+AY86 -> 0 | F86: =+C86+D86+E86 -> 0 | G86: 0 | H86: ='CK GASTOS OSN AC MES 1'!BP$39 -> 0 | I86: ='CK GASTOS OSN AC MES 2'!BP$101 -> 0 | J86: ='CK GASTOS OSN AC MES 3'!BP$102 -> 0 | K86: =SUM(H86:J86) -> 0 | L86: =K86+G86 -> 0 | M86: =+'Cert.OSN AC'!BM14 -> 0 | N86: =IF(M86>0,(L86-M86),0) -> 0 | O86: =F87-L87 -> 0 | P86: =F87-M87 -> 0 | Q86: =IF(N86>0,(F87-L87-N86),(F87-L87+N86)) -> 0 | AS86: =SUM(R86:AE86) -> 0 | AT86: 0 | AY86: =+AT86+AU86+AV86+AW86+AX86 -> 0 | BG86: =SUM(AZ86:BB86) -> 0
A87: 2.99.03 | B87: Productos de papel y cartón e impresos | C87: 0 | D87: =+BG87 -> 0 | E87: =+AS87+AY87 -> 0 | F87: =+C87+D87+E87 -> 0 | G87: 0 | H87: ='CK GASTOS OSN AC MES 1'!BQ$39 -> 0 | I87: ='CK GASTOS OSN AC MES 2'!BQ$101 -> 0 | J87: ='CK GASTOS OSN AC MES 3'!BQ$102 -> 0 | K87: =SUM(H87:J87) -> 0 | L87: =K87+G87 -> 0 | M87: =+'Cert.OSN AC'!BN14 -> 0 | N87: =IF(M87>0,(L87-M87),0) -> 0 | O87: =F88-L88 -> 0 | P87: =F88-M88 -> 0 | Q87: =IF(N87>0,(F88-L88-N87),(F88-L88+N87)) -> 0 | AS87: =SUM(R87:AE87) -> 0 | AT87: 0 | AY87: =+AT87+AU87+AV87+AW87+AX87 -> 0 | BG87: =SUM(AZ87:BB87) -> 0
A88: 2.99.04 | B88: Textiles y vestuario | C88: 0 | D88: =+BG88 -> 0 | E88: =+AS88+AY88 -> 0 | F88: =+C88+D88+E88 -> 0 | G88: 0 | H88: ='CK GASTOS OSN AC MES 1'!BR$39 -> 0 | I88: ='CK GASTOS OSN AC MES 2'!BR$101 -> 0 | J88: ='CK GASTOS OSN AC MES 3'!BR$102 -> 0 | K88: =SUM(H88:J88) -> 0 | L88: =K88+G88 -> 0 | M88: =+'Cert.OSN AC'!BO14 -> 0 | N88: =IF(M88>0,(L88-M88),0) -> 0 | O88: =F89-L89 -> 0 | P88: =F89-M89 -> 0 | Q88: =IF(N88>0,(F89-L89-N88),(F89-L89+N88)) -> 0 | AS88: =SUM(R88:AE88) -> 0 | AT88: 0 | AY88: =+AT88+AU88+AV88+AW88+AX88 -> 0 | BG88: =SUM(AZ88:BB88) -> 0
A89: 2.99.05 | B89: Útiles y materiales de limpieza | C89: 0 | D89: =+BG89 -> 0 | E89: =+AS89+AY89 -> 0 | F89: =+C89+D89+E89 -> 0 | G89: 0 | H89: ='CK GASTOS OSN AC MES 1'!BS$39 -> 0 | I89: ='CK GASTOS OSN AC MES 2'!BS$101 -> 0 | J89: ='CK GASTOS OSN AC MES 3'!BS$102 -> 0 | K89: =SUM(H89:J89) -> 0 | L89: =K89+G89 -> 0 | M89: =+'Cert.OSN AC'!BP14 -> 0 | N89: =IF(M89>0,(L89-M89),0) -> 0 | O89: =F90-L90 -> 0 | P89: =F90-M90 -> 0 | Q89: =IF(N89>0,(F90-L90-N89),(F90-L90+N89)) -> 0 | AS89: =SUM(R89:AE89) -> 0 | AT89: 0 | AY89: =+AT89+AU89+AV89+AW89+AX89 -> 0 | BG89: =SUM(AZ89:BB89) -> 0
A90: 2.99.06 | B90: Útiles y materiales de resguardo y seguridad | C90: 0 | D90: =+BG90 -> 0 | E90: =+AS90+AY90 -> 0 | F90: =+C90+D90+E90 -> 0 | G90: 0 | H90: ='CK GASTOS OSN AC MES 1'!BT$39 -> 0 | I90: ='CK GASTOS OSN AC MES 2'!BT$101 -> 0 | J90: ='CK GASTOS OSN AC MES 3'!BT$102 -> 0 | K90: =SUM(H90:J90) -> 0 | L90: =K90+G90 -> 0 | M90: =+'Cert.OSN AC'!BQ14 -> 0 | N90: =IF(M90>0,(L90-M90),0) -> 0 | O90: =F91-L91 -> 0 | P90: =F91-M91 -> 0 | Q90: =IF(N90>0,(F91-L91-N90),(F91-L91+N90)) -> 0 | AS90: =SUM(R90:AE90) -> 0 | AT90: 0 | AY90: =+AT90+AU90+AV90+AW90+AX90 -> 0 | BG90: =SUM(AZ90:BB90) -> 0
A91: 2.99.07 | B91: Útiles y materiales de cocina y comedor | C91: 0 | D91: =+BG91 -> 0 | E91: =+AS91+AY91 -> 0 | F91: =+C91+D91+E91 -> 0 | G91: 0 | H91: ='CK GASTOS OSN AC MES 1'!BU$39 -> 0 | I91: ='CK GASTOS OSN AC MES 2'!BU$101 -> 0 | J91: ='CK GASTOS OSN AC MES 3'!BU$102 -> 0 | K91: =SUM(H91:J91) -> 0 | L91: =K91+G91 -> 0 | M91: =+'Cert.OSN AC'!BR14 -> 0 | N91: =IF(M91>0,(L91-M91),0) -> 0 | O91: =F92-L92 -> 0 | P91: =F92-M92 -> 0 | Q91: =IF(N91>0,(F92-L92-N91),(F92-L92+N91)) -> 0 | AS91: =SUM(R91:AE91) -> 0 | AT91: 0 | AY91: =+AT91+AU91+AV91+AW91+AX91 -> 0 | BG91: =SUM(AZ91:BB91) -> 0
A92: 2.99.99 | B92: Otros útiles, materiales y suministros | C92: 0 | D92: =+BG92 -> 0 | E92: =+AS92+AY92 -> 0 | F92: =+C92+D92+E92 -> 0 | G92: 0 | H92: ='CK GASTOS OSN AC MES 1'!BV$39 -> 0 | I92: ='CK GASTOS OSN AC MES 2'!BV$101 -> 0 | J92: ='CK GASTOS OSN AC MES 3'!BV$102 -> 0 | K92: =SUM(H92:J92) -> 0 | L92: =K92+G92 -> 0 | M92: =+'Cert.OSN AC'!BS14 -> 0 | N92: =IF(M92>0,(L92-M92),0) -> 0 | O92: =F93-L93 -> 0 | P92: =F93-M93 -> 0 | Q92: =IF(N92>0,(F93-L93-N92),(F93-L93+N92)) -> 0 | AS92: =SUM(R92:AE92) -> 0 | AT92: 0 | AY92: =+AT92+AU92+AV92+AW92+AX92 -> 0 | BG92: =SUM(AZ92:BB92) -> 0
N93: =IF(M93>0,(L93-M93),0) -> 0 | AT93: 0
A94: 3 | B94: INTERESES Y COMISIONES | C94: =SUM(C96:C96) -> 0 | D94: =SUM(D96:D96) -> 0 | E94: =SUM(E96:E96) -> 0 | F94: =SUM(F96:F96) -> 0 | G94: 0 | H94: =SUM(H96:H96) -> 0 | I94: =SUM(I96:I96) -> 0 | J94: =SUM(J96:J96) -> 0 | K94: =SUM(K96:K96) -> 0 | L94: =SUM(L96:L96) -> 0 | M94: =SUM(M96:M96) -> 0 | N94: =SUM(N96:N96) -> 0 | O94: =SUM(O96:O96) -> 0 | ... X94: =SUM(X96:X96) -> 0 | AA94: =SUM(AA96:AA96) -> 0 | AB94: =SUM(AB96:AB96) -> 0 | AC94: =SUM(AC96:AC96) -> 0 | AE94: =SUM(AE96:AE96) -> 0 | AF94: =SUM(AF96:AF96) -> 0 | AG94: =SUM(AG96:AG96) -> 0 | AH94: =SUM(AH96:AH96) -> 0 | AS94: =SUM(AS96:AS96) -> 0 | AT94: 0 | AU94: =SUM(AU96:AU96) -> 0 | AV94: =SUM(AV96:AV96) -> 0 | AW94: =SUM(AW96:AW96) -> 0 | AX94: =SUM(AX96:AX96) -> 0 | AY94: =SUM(AY96:AY96) -> 0 | AZ94: =SUM(AZ96:AZ96) -> 0 | BA94: =SUM(BA96:BA96) -> 0 | BB94: =SUM(BB96:BB96) -> 0 | BG94: =SUM(BG96:BG96) -> 0
N95: =IF(M95>0,(L95-M95),0) -> 0 | AT95: 0
A96: 3.04.05 | B96: Diferencias por tipo de cambio | C96: 0 | D96: =+BG96 -> 0 | E96: =+AS96+AY96 -> 0 | F96: =+C96+D96+E96 -> 0 | G96: 0 | H96: ='CK GASTOS OSN AC MES 1'!BW39 -> 0 | I96: ='CK GASTOS OSN AC MES 2'!BW$101 -> 0 | J96: ='CK GASTOS OSN AC MES 3'!BW$102 -> 0 | K96: 0 | L96: =K96+G96 -> 0 | M96: =+'Cert.OSN AC'!BT14 -> 0 | N96: =IF(M96>0,(L96-M96),0) -> 0 | O96: =F97-L97 -> 0 | P96: =F97-M97 -> 0 | Q96: =IF(N96>0,(F97-L97-N96),(F97-L97+N96)) -> 0 | AS96: =SUM(R96:AE96) -> 0 | AT96: 0 | AY96: =+AT96+AU96+AV96+AW96+AX96 -> 0 | BG96: =SUM(AZ96:BB96) -> 0
N97: =IF(M97>0,(L97-M97),0) -> 0 | Q97: =+Q107/1000000 -> 0 | AT97: 0
A98: 5 | B98: BIENES DURADEROS | C98: =SUM(C100:C110) -> 0 | D98: =SUM(D100:D110) -> 0 | E98: =SUM(E100:E110) -> 0 | F98: =SUM(F100:F110) -> 0 | G98: 0 | H98: =SUM(H101:H110) -> 0 | I98: =SUM(I101:I109) -> 0 | J98: =SUM(J101:J109) -> 0 | K98: =SUM(K101:K110) -> 0 | L98: =SUM(L101:L110) -> 0 | M98: =SUM(M100:M110) -> 0 | N98: =IF(M98>0,(L98-M98),0) -> 0 | O98: =SUM(O100:O110) -> 0 | P98: =SUM(P100:P110) -> 0 | Q98: =SUM(Q100:Q110) -> 0 | R98: =SUM(R100:R110) -> 0 | S98: =SUM(S100:S110) -> 0 | T98: =SUM(T100:T110) -> 0 | U98: =SUM(U100:U110) -> 0 | V98: =SUM(V100:V110) -> 0 | ... Y98: =SUM(Y100:Y110) -> 0 | AA98: =SUM(AA100:AA110) -> 0 | AB98: =SUM(AB100:AB110) -> 0 | AC98: =SUM(AC100:AC110) -> 0 | AE98: =SUM(AE100:AE110) -> 0 | AF98: =SUM(AF100:AF110) -> 0 | AG98: =SUM(AG100:AG110) -> 0 | AH98: =SUM(AH100:AH110) -> 0 | AS98: =SUM(AS100:AS110) -> 0 | AT98: 0 | AU98: =SUM(AU100:AU110) -> 0 | AV98: =SUM(AV100:AV110) -> 0 | AW98: =SUM(AW100:AW110) -> 0 | AX98: =SUM(AX100:AX110) -> 0 | AY98: =SUM(AY100:AY110) -> 0 | AZ98: =SUM(AZ100:AZ110) -> 0 | BA98: =SUM(BA100:BA110) -> 0 | BB98: =SUM(BB100:BB110) -> 0 | BG98: =SUM(BG100:BG110) -> 0
N99: =IF(M99>0,(L99-M99),0) -> 0 | AT99: 0
A100: 5.01.01 | B100: Maquinaria y equipo para la produccion | C100: 0 | D100: =+BG100 -> 0 | E100: =+AS100+AY100 -> 0 | F100: =+C100+D100+E100 -> 0 | G100: 0 | H100: ='CK GASTOS OSN AC MES 1'!BX39 -> 0 | I100: ='CK GASTOS OSN AC MES 2'!BX101 -> 0 | J100: ='CK GASTOS OSN AC MES 3'!BX102 -> 0 | K100: =SUM(H100:J100) -> 0 | L100: =K100+G100 -> 0 | M100: =+'Cert.OSN AC'!BU14 -> 0 | N100: =IF(M100>0,(L100-M100),0) -> 0 | O100: =F100-L100 -> 0 | P100: =F100-M100 -> 0 | Q100: =IF(N100>0,(F100-L100-N100),(F100-L100+N100)) -> 0 | T100: 0 | AT100: 0 | AY100: =+AT100+AU100+AV100+AW100+AX100 -> 0 | BG100: =SUM(AZ100:BB100) -> 0
A101: 5.01.02 | B101: Equipo de transporte | C101: 0 | D101: =+BG101 -> 0 | E101: =+AS101+AY101 -> 0 | F101: =+C101+D101+E101 -> 0 | G101: 0 | H101: ='CK GASTOS OSN AC MES 1'!BY39 -> 0 | I101: ='CK GASTOS OSN AC MES 2'!BY101 -> 0 | J101: ='CK GASTOS OSN AC MES 3'!BY102 -> 0 | K101: =SUM(H101:J101) -> 0 | L101: =K101+G101 -> 0 | M101: =+'Cert.OSN AC'!BV14 -> 0 | N101: =IF(M101>0,(L101-M101),0) -> 0 | O101: =F101-L101 -> 0 | P101: =F101-M101 -> 0 | Q101: =IF(N101>0,(F101-L101-N101),(F101-L101+N101)) -> 0 | AS101: =SUM(R101:AE101) -> 0 | AT101: 0 | AY101: =+AT101+AU101+AV101+AW101+AX101 -> 0 | BG101: =SUM(AZ101:BB101) -> 0
A102: 5.01.03 | B102: Equipo de comunicación | C102: 0 | D102: =+BG102 -> 0 | E102: =+AS102+AY102 -> 0 | F102: =+C102+D102+E102 -> 0 | G102: 0 | H102: ='CK GASTOS OSN AC MES 1'!BZ39 -> 0 | I102: ='CK GASTOS OSN AC MES 2'!BZ101 -> 0 | J102: ='CK GASTOS OSN AC MES 3'!BZ102 -> 0 | K102: =SUM(H102:J102) -> 0 | L102: =K102+G102 -> 0 | M102: =+'Cert.OSN AC'!BW14 -> 0 | N102: =IF(M102>0,(L102-M102),0) -> 0 | O102: =F102-L102 -> 0 | P102: =F102-M102 -> 0 | Q102: =IF(N102>0,(F102-L102-N102),(F102-L102+N102)) -> 0 | AS102: =SUM(R102:AE102) -> 0 | AT102: 0 | AY102: =+AT102+AU102+AV102+AW102+AX102 -> 0 | BG102: =SUM(AZ102:BB102) -> 0
A103: 5.01.04 | B103: Equipo y mobiliario de oficina | C103: 0 | D103: =+BG103 -> 0 | E103: =+AS103+AY103 -> 0 | F103: =+C103+D103+E103 -> 0 | G103: 0 | H103: ='CK GASTOS OSN AC MES 1'!CA39 -> 0 | I103: ='CK GASTOS OSN AC MES 2'!CA101 -> 0 | J103: ='CK GASTOS OSN AC MES 3'!CA102 -> 0 | K103: =SUM(H103:J103) -> 0 | L103: =K103+G103 -> 0 | M103: =+'Cert.OSN AC'!BX14 -> 0 | N103: =IF(M103>0,(L103-M103),0) -> 0 | O103: =F103-L103 -> 0 | P103: =F103-M103 -> 0 | Q103: =IF(N103>0,(F103-L103-N103),(F103-L103+N103)) -> 0 | AS103: =SUM(R103:AE103) -> 0 | AT103: 0 | AY103: =+AT103+AU103+AV103+AW103+AX103 -> 0 | BG103: =SUM(AZ103:BB103) -> 0
...

Sheet TOTAL OSN
A1: CENTRO NACIONAL DE LA MÚSICA | X1: MINISTERIO DE CULTURA JUVENTUD Y DEPORTES
A2: PRESUPUESTO ORDINARIO 2011 | X2: ORQUESTA SINFONICA NACIONAL
A3: TOTAL EGRESOS
A4: ORQUESTA SINFONICA NACIONAL
C7: P R E S U P U E S T O 2 0 1 1 | G7: ACUMULADO AL 30-09-2004 | H7: ENERO | I7: FEBRERO | J7: MARZO | K7: ESTE TRIMESTRE | L7: TOTAL | M7: ACUMULADO | N7: ENERO | O7: FEBRERO | P7: MARZO | Q7: ESTE TRIMESTRE | R7: TOTAL | S7: CERTIFICADO TOTAL | T7: COMPROMISOS | U7: DISPONIBLE SEGÚN EJECUCION | V7: DISPONIBLE SEGUN EJE CERTIFICADA | W7: DISPONIBLE CON COMPROMISOS | X7: CUADRO DE MODIFICACIONES INTERNAS | AQ7: CUADRO DE MODIFICACIONES EXTERNAS | AW7: CUADRO DE PRESUPUESTO EXTRAORDINARIO
A8: PARTIDAS Y SUBPARTIDAS | C8: PRESUPUESTO ORDINARIO | D8: PRESUPUESTO EXTRAORDINARIO #1 | E8: TOTAL MODIFICACIONES INT. - EXT. | F8: PRESUPUESTO FINAL | X8: INTERNA Nº 1 | Y8: INTERNA Nº 2 | Z8: INTERNA Nº 3 | AA8: INTERNA Nº 4 | AB8: INTERNA Nº 5 | AC8: INTERNA Nº 6 | AD8: INTERNA Nº 7 | AE8: INTERNA Nº 8 | AF8: INTERNA Nº 9 | AG8: INTERNA Nº 10 | AH8: INTERNA Nº 11 | AI8: INTERNA Nº 12 | AJ8: INTERNA Nº 14 | AK8: INTERNA Nº 15 | AL8: INTERNA Nº 16 | AM8: INTERNA Nº 17 | AN8: INTERNA Nº 18 | AO8: INTERNA Nº 19 | AP8: TOTAL MODIFICACION INTERNA | AQ8: EXTERNA Nº 01 | AR8: EXTERNA Nº 02 | AS8: EXTERNA Nº 03 | AT8: EXTERNA Nº 04 | AU8: EXTERNA Nº05 | AV8: TOTAL MODIFICACION EXTERNA | AW8: EXTRAORD Nº 01 | AX8: EXTRAORD Nº 002 | AY8: EXTRAORD Nº 003 | AZ8: TOTAL EXTRAOR
A10: 0 | B10: REMUNERACIONES | C10: =SUM(C12:C25) -> #REF! | D10: =SUM(D12:D25) -> 0 | E10: =SUM(E12:E25) -> -1.4816161e+08 | F10: =SUM(F12:F25) -> #REF! | G10: =SUM(G12:G25) -> 0 | H10: =SUM(H12:H25) -> 0 | I10: =SUM(I12:I25) -> 0 | J10: =SUM(J12:J25) -> 0 | ... AH10: =SUM(AH12:AH25) -> 0 | AJ10: =SUM(AJ12:AJ25) -> 0 | AK10: =SUM(AK12:AK25) -> 0 | AM10: =SUM(AM12:AM25) -> 0 | AN10: =SUM(AN12:AN25) -> 0 | AO10: =SUM(AO12:AO25) -> 0 | AP10: =SUM(AP12:AP25) -> -1.4816161e+08 | AQ10: =SUM(AQ12:AQ25) -> 0 | AR10: =SUM(AR12:AR25) -> 0 | AS10: =SUM(AS12:AS25) -> 0 | AT10: =SUM(AT12:AT25) -> 0 | ... AV10: =SUM(AV12:AV25) -> 0 | AX10: =SUM(AX12:AX25) -> #REF! | AY10: =SUM(AY12:AY25) -> #REF! | AZ10: =SUM(AZ12:AZ25) -> #REF!
A12: 0.01.01 | B12: Sueldos para cargos fijos | C12: 720607914 | E12: -27299291 | F12: =+C12+D12+E12 -> 693308623 | M12: 3.7425291e+08 | N12: 54496173 | O12: 57782850 | P12: 62105425 | Q12: =SUM(N12:P12) -> 1.7438445e+08 | R12: =SUM(Q12,M12) -> 5.4863735e+08 | S12: 0 | T12: 0 | U12: 1.4467127e+08 | V12: 693308623 | W12: 1.4467127e+08 | X12: 39645344 | Y12: 0 | Z12: -2362500 | AA12: 0 | AB12: -2000000 | AC12: -47043450 | AD12: -15538685 | AF12: =+'OSN PD'!Z12 -> 0 | AG12: 0 | AH12: 0 | AJ12: =+'OSN PD'!AC12 -> 0 | AK12: 0 | AL12: 0 | AM12: 0 | AO12: 0 | AP12: =SUM(X12:AN12) -> -27299291 | AQ12: 0 | AR12: 0 | AS12: 0 | AT12: 0 | AU12: 0 | AV12: =+AQ12+AR12+AS12+AT12+AU12 -> 0 | AX12: #REF! | AY12: #REF! | AZ12: =SUM(AW12:AY12) -> #REF!
A13: 0.01.05 | B13: Suplencias | C13: 0 | E13: 0 | F13: =+C13+D13+E13 -> 0 | M13: 0 | N13: 0 | O13: 0 | P13: 0 | Q13: =SUM(N13:P13) -> 0 | R13: =SUM(Q13,M13) -> 0 | S13: 0 | T13: 0 | U13: 0 | V13: 0 | W13: 0 | X13: 0 | Y13: 0 | Z13: 0 | AA13: 0 | AB13: 0 | AC13: 0 | AD13: 0 | AF13: =+'OSN PD'!Z13 -> 0 | AG13: 0 | AH13: 0 | AJ13: =+'OSN PD'!AC13 -> 0 | AK13: 0 | AL13: 0 | AM13: 0 | AO13: 0 | AP13: =SUM(X13:AN13) -> 0 | AQ13: 0 | AR13: 0 | AS13: 0 | AT13: 0 | AU13: 0 | AV13: =+AQ13+AR13+AS13+AT13+AU13 -> 0 | AX13: #REF! | AY13: #REF! | AZ13: =SUM(AW13:AY13) -> #REF!
A14: 0.02.01 | B14: Tiempo extraordinario | C14: 2424000 | E14: 0 | F14: =+C14+D14+E14 -> 2424000 | M14: 0 | N14: 27220 | O14: 0 | P14: 21549.15 | Q14: =SUM(N14:P14) -> 48769.15 | R14: =SUM(Q14,M14) -> 48769.15 | S14: 0 | T14: 0 | U14: 2375230.9 | V14: 2424000 | W14: 2375230.9 | X14: 0 | Y14: 0 | Z14: 0 | AA14: 0 | AB14: 0 | AC14: 0 | AD14: 0 | AF14: =+'OSN PD'!Z14 -> 0 | AG14: 0 | AH14: 0 | AJ14: =+'OSN PD'!AC14 -> 0 | AK14: 0 | AL14: 0 | AM14: 0 | AO14: 0 | AP14: =SUM(X14:AN14) -> 0 | AQ14: 0 | AR14: 0 | AS14: 0 | AT14: 0 | AU14: 0 | AV14: =+AQ14+AR14+AS14+AT14+AU14 -> 0 | AX14: #REF! | AY14: #REF! | AZ14: =SUM(AW14:AY14) -> #REF!
A15: 0.02.04 | B15: Vacaciones | C15: #REF! | E15: 0 | F15: =+C15+D15+E15 -> #REF! | M15: 0 | N15: 0 | O15: 0 | P15: 0 | Q15: =SUM(N15:P15) -> 0 | R15: =SUM(Q15,M15) -> 0 | S15: 0 | T15: 0 | U15: 0 | V15: 0 | W15: 0 | X15: 0 | Y15: 0 | Z15: 0 | AA15: 0 | AB15: 0 | AC15: 0 | AD15: 0 | AF15: =+'OSN PD'!Z15 -> 0 | AG15: 0 | AH15: 0 | AJ15: =+'OSN PD'!AC15 -> 0 | AK15: 0 | AL15: 0 | AM15: 0 | AO15: 0 | AP15: =SUM(X15:AN15) -> 0 | AQ15: 0 | AR15: 0 | AS15: 0 | AT15: 0 | AU15: 0 | AV15: =+AQ15+AR15+AS15+AT15+AU15 -> 0 | AX15: #REF! | AY15: #REF! | AZ15: =SUM(AW15:AY15) -> #REF!
A16: 0.03.01 | B16: Retribuciòn por años servidos | C16: 234900000 | E16: -61156795 | F16: =+C16+D16+E16 -> 173743205 | M16: 1.353252e+08 | N16: 18928851 | O16: 18387825 | P16: 9860609.2 | Q16: =SUM(N16:P16) -> 47177286 | R16: =SUM(Q16,M16) -> 1.8250248e+08 | S16: 0 | T16: 0 | U16: 18783140 | V16: 201285624 | W16: 18783140 | X16: -36246795 | Y16: 0 | Z16: 0 | AA16: 0 | AB16: -15000000 | AC16: -9910000 | AD16: 0 | AF16: =+'OSN PD'!Z16 -> 0 | AG16: 0 | AH16: 0 | AJ16: =+'OSN PD'!AC16 -> 0 | AK16: 0 | AL16: 0 | AM16: 0 | AO16: 0 | AP16: =SUM(X16:AN16) -> -61156795 | AQ16: 0 | AR16: 0 | AS16: 0 | AT16: 0 | AU16: 0 | AV16: =+AQ16+AR16+AS16+AT16+AU16 -> 0 | AX16: #REF! | AY16: #REF! | AZ16: =SUM(AW16:AY16) -> #REF!
A17: 0.03.02 | B17: Restricciòn al ejercicio liberal de la profesiòn | C17: 87734749 | E17: -12839535 | F17: =+C17+D17+E17 -> 74895214 | M17: 36042560 | N17: 7578011.8 | O17: 9242022.8 | P17: 5791169.5 | Q17: =SUM(N17:P17) -> 22611204 | R17: =SUM(Q17,M17) -> 58653764 | S17: 0 | T17: 0 | U17: 39441672 | V17: 98095436 | W17: 39441672 | X17: -8669680 | Y17: 0 | Z17: 0 | AA17: 0 | AB17: -1000000 | AC17: -3169855 | AD17: 0 | AF17: =+'OSN PD'!Z17 -> 0 | AG17: 0 | AH17: 0 | AJ17: =+'OSN PD'!AC17 -> 0 | AK17: 0 | AL17: 0 | AM17: 0 | AO17: 0 | AP17: =SUM(X17:AN17) -> -12839535 | AQ17: 0 | AR17: 0 | AS17: 0 | AT17: 0 | AU17: 0 | AV17: =+AQ17+AR17+AS17+AT17+AU17 -> 0 | AX17: #REF! | AY17: #REF! | AZ17: =SUM(AW17:AY17) -> #REF!
A18: 0.03.03 | B18: Dècimo tercer mes | C18: 150568793 | E18: -7928600 | F18: =+C18+D18+E18 -> 142640193 | M18: 5066328 | N18: 0 | O18: 0 | P18: 76038494 | Q18: =SUM(N18:P18) -> 76038494 | R18: =SUM(Q18,M18) -> 81104822 | S18: 0 | T18: 0 | U18: 30137109 | V18: 111241931 | W18: 30137109 | X18: 0 | Y18: 0 | Z18: 0 | AA18: 0 | AB18: -2665600 | AC18: -5263000 | AD18: 0 | AF18: =+'OSN PD'!Z18 -> 0 | AG18: 0 | AH18: 0 | AJ18: =+'OSN PD'!AC18 -> 0 | AK18: 0 | AL18: 0 | AM18: 0 | AO18: 0 | AP18: =SUM(X18:AN18) -> -7928600 | AQ18: 0 | AR18: 0 | AS18: 0 | AT18: 0 | AU18: 0 | AV18: =+AQ18+AR18+AS18+AT18+AU18 -> 0 | AX18: #REF! | AY18: 0 | AZ18: =SUM(AW18:AY18) -> #REF!
A19: 0.03.04 | B19: Salario escolar | C19: 90804343 | E19: -3399769 | F19: =+C19+D19+E19 -> 87404574 | M19: 67191130 | N19: 13200510 | O19: 1435343.4 | P19: 0 | Q19: =SUM(N19:P19) -> 14635853 | R19: =SUM(Q19,M19) -> 81826983 | S19: 0 | T19: 0 | U19: 3892044.2 | V19: 85719027 | W19: 3892044.2 | X19: -5762269 | Y19: 0 | Z19: 2362500 | AA19: 0 | AB19: 0 | AC19: 0 | AD19: 0 | AF19: =+'OSN PD'!Z19 -> 0 | AG19: 0 | AH19: 0 | AJ19: =+'OSN PD'!AC19 -> 0 | AK19: 0 | AL19: 0 | AM19: 0 | AO19: 0 | AP19: =SUM(X19:AN19) -> -3399769 | AQ19: 0 | AR19: 0 | AS19: 0 | AT19: 0 | AU19: 0 | AV19: =+AQ19+AR19+AS19+AT19+AU19 -> 0 | AX19: #REF! | AY19: 0 | AZ19: =SUM(AW19:AY19) -> #REF!
A20: 0.03.99 | B20: Otros incentivos salariales | C20: 109353252 | E20: -11751110 | F20: =+C20+D20+E20 -> 97602142 | M20: 60097211 | N20: 8080049.7 | O20: 7922261.8 | P20: 7137449.9 | Q20: =SUM(N20:P20) -> 23139761 | R20: =SUM(Q20,M20) -> 83236972 | S20: 0 | T20: 0 | U20: 7126065.8 | V20: 90363038 | W20: 7126065.8 | X20: -6249164 | Y20: 0 | Z20: 0 | AA20: 0 | AB20: -4000000 | AC20: -1501946 | AD20: 0 | AF20: =+'OSN PD'!Z20 -> 0 | AG20: 0 | AH20: 0 | AJ20: =+'OSN PD'!AC20 -> 0 | AK20: 0 | AL20: 0 | AM20: 0 | AO20: 0 | AP20: =SUM(X20:AN20) -> -11751110 | AQ20: 0 | AR20: 0 | AS20: 0 | AT20: 0 | AU20: 0 | AV20: =+AQ20+AR20+AS20+AT20+AU20 -> 0 | AX20: 0 | AY20: 0 | AZ20: =SUM(AW20:AY20) -> 0
A21: 0.04.01 | B21: Contribuciòn Pat.Seguro Salud CCSS | C21: 129579491 | E21: -12106866 | F21: =+C21+D21+E21 -> 1.1747262e+08 | M21: 62388587 | N21: 10665420 | O21: 12530447 | P21: 13908552 | Q21: =SUM(N21:P21) -> 37104420 | R21: =SUM(Q21,M21) -> 99493007 | S21: 0 | T21: 0 | U21: 29040744 | V21: 1.2853375e+08 | W21: 29040744 | X21: 0 | Y21: 0 | Z21: 0 | AA21: 0 | AB21: -2960000 | AC21: -7709538.1 | AD21: -1437328 | AF21: =+'OSN PD'!Z21 -> 0 | AG21: 0 | AH21: 0 | AJ21: =+'OSN PD'!AC21 -> 0 | AK21: 0 | AL21: 0 | AM21: 0 | AO21: 0 | AP21: =SUM(X21:AN21) -> -12106866 | AQ21: 0 | AR21: 0 | AS21: 0 | AT21: 0 | AU21: 0 | AV21: =+AQ21+AR21+AS21+AT21+AU21 -> 0 | AX21: #REF! | AY21: 0 | AZ21: =SUM(AW21:AY21) -> #REF!
A22: 0.04.05 | B22: Contribución Pat. BPDC | C22: 27185837 | E22: -584918 | F22: =+C22+D22+E22 -> 26600919 | M22: 3214425.9 | N22: 414632.62 | O22: 550004.59 | P22: 634343.39 | Q22: =SUM(N22:P22) -> 1598980.6 | R22: =SUM(Q22,M22) -> 4813406.5 | S22: 0 | T22: 0 | U22: 1467785.5 | V22: 6281192 | W22: 1467785.5 | X22: 0 | Y22: 0 | Z22: 0 | AA22: 0 | AB22: -160000 | AC22: -347225 | AD22: -77693 | AF22: =+'OSN PD'!Z22 -> 0 | AG22: 0 | AH22: 0 | AJ22: =+'OSN PD'!AC22 -> 0 | AK22: 0 | AL22: 0 | AM22: 0 | AO22: 0 | AP22: =SUM(X22:AN22) -> -584918 | AQ22: 0 | AR22: 0 | AS22: 0 | AT22: 0 | AU22: 0 | AV22: =+AQ22+AR22+AS22+AT22+AU22 -> 0 | AX22: #REF! | AY22: 0 | AZ22: =SUM(AW22:AY22) -> #REF!
A23: 0.05.01 | B23: Contribución Pat. Seguro Pensiones CCSS | C23: 58032903 | E23: -6276507 | F23: =+C23+D23+E23 -> 51756396 | M23: 34856095 | N23: 4441034.5 | O23: 5721073.3 | P23: 5021470.5 | Q23: =SUM(N23:P23) -> 15183578 | R23: =SUM(Q23,M23) -> 50039673 | S23: 0 | T23: 0 | U23: 15836030 | V23: 65875703 | W23: 15836030 | X23: 0 | Y23: 0 | Z23: 0 | AA23: 0 | AB23: -1734400 | AC23: -3699910 | AD23: -842197 | AF23: =+'OSN PD'!Z23 -> 0 | AG23: 0 | AH23: 0 | AJ23: =+'OSN PD'!AC23 -> 0 | AK23: 0 | AL23: 0 | AM23: 0 | AO23: 0 | AP23: =SUM(X23:AN23) -> -6276507 | AQ23: 0 | AR23: 0 | AS23: 0 | AT23: 0 | AU23: 0 | AV23: =+AQ23+AR23+AS23+AT23+AU23 -> 0 | AX23: #REF! | AY23: 0 | AZ23: =SUM(AW23:AY23) -> #REF!
A24: 0.05.02 | B24: Aporte Pat. Régimen Obligatorio Pens.Com. | C24: 46759276 | E24: -3226161 | F24: =+C24+D24+E24 -> 43533115 | M24: 19286583 | N24: 2251380.8 | O24: 2743078.4 | P24: 2554863.3 | Q24: =SUM(N24:P24) -> 7549322.4 | R24: =SUM(Q24,M24) -> 26835906 | S24: 0 | T24: 0 | U24: 3344246.5 | V24: 30180152 | W24: 3344246.5 | X24: 0 | Y24: 0 | Z24: 0 | AA24: 0 | AB24: -960000 | AC24: -1800000 | AD24: -466161 | AF24: =+'OSN PD'!Z24 -> 0 | AG24: 0 | AH24: 0 | AJ24: =+'OSN PD'!AC24 -> 0 | AK24: 0 | AL24: 0 | AM24: 0 | AO24: 0 | AP24: =SUM(X24:AN24) -> -3226161 | AQ24: 0 | AR24: 0 | AS24: 0 | AT24: 0 | AU24: 0 | AV24: =+AQ24+AR24+AS24+AT24+AU24 -> 0 | AX24: 0 | AY24: 0 | AZ24: =SUM(AW24:AY24) -> 0
A25: 0.05.03 | B25: Aporte Pat. al Fondo Cap. Laboral | C25: 17666892 | E25: -1592060 | F25: =+C25+D25+E25 -> 16074832 | M25: 9643276.8 | N25: 1480324.7 | O25: 2088647.3 | P25: 1662577.8 | Q25: =SUM(N25:P25) -> 5231549.9 | R25: =SUM(Q25,M25) -> 14874827 | S25: 0 | T25: 0 | U25: 6239297.3 | V25: 21114124 | W25: 6239297.3 | X25: 0 | Y25: 0 | Z25: 0 | AA25: 0 | AB25: -480000 | AC25: -878980 | AD25: -233080 | AF25: =+'OSN PD'!Z25 -> 0 | AG25: 0 | AH25: 0 | AJ25: =+'OSN PD'!AC25 -> 0 | AK25: 0 | AL25: 0 | AM25: 0 | AO25: 0 | AP25: =SUM(X25:AN25) -> -1592060 | AQ25: 0 | AR25: 0 | AS25: 0 | AT25: 0 | AU25: 0 | AV25: =+AQ25+AR25+AS25+AT25+AU25 -> 0 | AX25: #REF! | AY25: 0 | AZ25: =SUM(AW25:AY25) -> #REF!
A27: 1 | B27: SERVICIOS | C27: =SUM(C29:C64) -> 198313426 | D27: =SUM(D29:D64) -> 0 | E27: =SUM(E29:E64) -> 16145359 | F27: =SUM(F29:F64) -> 214458785 | G27: =SUM(G29:G64) -> 0 | H27: =SUM(H29:H64) -> 0 | I27: =SUM(I29:I64) -> 0 | J27: =SUM(J29:J64) -> 0 | ... AH27: =SUM(AH29:AH64) -> 0 | AJ27: =SUM(AJ29:AJ64) -> 0 | AK27: =SUM(AK29:AK64) -> -10000000 | AM27: =SUM(AM29:AM64) -> #REF! | AN27: =SUM(AN29:AN64) -> -8600000 | AO27: =SUM(AO29:AO64) -> 0 | AP27: =SUM(AP29:AP64) -> #REF! | AQ27: =SUM(AQ29:AQ64) -> 0 | AR27: =SUM(AR29:AR64) -> 0 | AS27: =SUM(AS29:AS64) -> 0 | AT27: =SUM(AT29:AT64) -> 0 | ... AZ27: =SUM(AZ29:AZ64) -> #REF!
A29: 1.01.01 | B29: Alquiler de edificios, locales y terrenos | C29: 0 | E29: 0 | F29: =+C29+D29+E29 -> 0 | M29: 0 | N29: 0 | O29: 0 | P29: 0 | Q29: =SUM(N29:P29) -> 0 | R29: =SUM(Q29,M29) -> 0 | S29: 0 | T29: 0 | U29: 0 | V29: 0 | W29: 0 | X29: 0 | Y29: 0 | Z29: 0 | AA29: 0 | AB29: 0 | AC29: 0 | AD29: 0 | AE29: =+'OSN PD'!Y30 -> 0 | AF29: =+'OSN PD'!Z30 -> 0 | AG29: 0 | AH29: 0 | AJ29: =+' INM'!AD30 -> 0 | AK29: -5000000 | AL29: 0 | AM29: 0 | AO29: 0 | AP29: =SUM(X29:AN29) -> -5000000 | AQ29: 0 | AR29: 0 | AS29: 0 | AT29: 0 | AU29: 0 | AV29: =+AQ29+AR29+AS29+AT29+AU29 -> 0 | AX29: #REF! | AY29: 0 | AZ29: =SUM(AW29:AY29) -> #REF!
A30: 1.01.02 | B30: Alquiler de maquinaria, equipo y mobiliario | C30: 0 | E30: 0 | F30: =+C30+D30+E30 -> 0 | M30: 0 | N30: 0 | O30: 0 | P30: 0 | Q30: =SUM(N30:P30) -> 0 | R30: =SUM(Q30,M30) -> 0 | S30: 0 | T30: 0 | U30: 0 | V30: 0 | W30: 0 | X30: 0 | Y30: 0 | Z30: 0 | AA30: 0 | AB30: 0 | AC30: 0 | AD30: 0 | AE30: =+'OSN PD'!Y31 -> 0 | AF30: =+'OSN PD'!Z31 -> 0 | AG30: 0 | AH30: 0 | AJ30: =+' INM'!AD31 -> 0 | AL30: 0 | AM30: 0 | AO30: 0 | AP30: =SUM(X30:AN30) -> 0 | AQ30: 0 | AR30: 0 | AS30: 0 | AT30: 0 | AU30: 0 | AV30: =+AQ30+AR30+AS30+AT30+AU30 -> 0 | AX30: #REF! | AY30: 0 | AZ30: =SUM(AW30:AY30) -> #REF!
A31: 1.01.04 | B31: Alquileres y derechos para telecomunicaciones | C31: 0 | E31: 0 | F31: =+C31+D31+E31 -> 0 | M31: 0 | N31: 0 | O31: 0 | P31: 0 | Q31: =SUM(N31:P31) -> 0 | R31: =SUM(Q31,M31) -> 0 | S31: 0 | T31: 0 | U31: #REF! | V31: #REF! | W31: #REF! | X31: 0 | Y31: 0 | AA31: 0 | AB31: 0 | AC31: 0 | AD31: 0 | AE31: =+'OSN PD'!Y33 -> 0 | AF31: =+'OSN PD'!Z33 -> 0 | AG31: 0 | AH31: 0 | AJ31: =+' INM'!AD33 -> 0 | AL31: 0 | AM31: 0 | AO31: 0 | AP31: =SUM(X31:AN31) -> 0 | AQ31: 0 | AR31: 0 | AS31: 0 | AT31: 0 | AU31: 0 | AV31: =+AQ31+AR31+AS31+AT31+AU31 -> 0 | AX31: #REF! | AY31: 0 | AZ31: =SUM(AW31:AY31) -> #REF!
A32: 1.01.99 | B32: Otros alquileres | C32: 0 | E32: 3435954 | F32: =+C32+D32+E32 -> 3435954 | M32: 3435954 | N32: 0 | O32: 0 | P32: 0 | Q32: =SUM(N32:P32) -> 0 | R32: =SUM(Q32,M32) -> 3435954 | S32: 3435954 | T32: 0 | U32: 0 | V32: 0 | W32: 0 | X32: 0 | Y32: 3435965 | Z32: 0 | AA32: -11 | AB32: 0 | AC32: 0 | AD32: 0 | AE32: =+'OSN PD'!Y34 -> 0 | AF32: =+'OSN PD'!Z34 -> 0 | AG32: 0 | AH32: 0 | AJ32: =+' INM'!AD34 -> 0 | AK32: -5000000 | AL32: 0 | AM32: 0 | AN32: -5000000 | AO32: 0 | AP32: =SUM(X32:AN32) -> -6564046 | AQ32: 0 | AR32: 0 | AS32: 0 | AT32: 0 | AU32: 0 | AV32: =+AQ32+AR32+AS32+AT32+AU32 -> 0 | AX32: #REF! | AY32: 0 | AZ32: =SUM(AW32:AY32) -> #REF!
A33: 1.02.01 | B33: Servicio de agua y alcantarillado | C33: 6600020 | E33: 0 | F33: =+C33+D33+E33 -> 6600020 | M33: 5368347.6 | N33: 757680 | O33: 184680 | P33: 12861 | Q33: =SUM(N33:P33) -> 955221 | R33: =SUM(Q33,M33) -> 6323568.6 | S33: 0 | T33: 0 | U33: 276451.36 | V33: 6600020 | W33: 276451.36 | X33: 0 | Y33: 0 | Z33: 0 | AA33: #REF! | AB33: 0 | AC33: 0 | AD33: 0 | AE33: =+'OSN PD'!Y35 -> 0 | AF33: =+'OSN PD'!Z35 -> 0 | AG33: 0 | AH33: 0 | AJ33: =+' INM'!AD35 -> 0 | AL33: 0 | AM33: #REF! | AO33: 0 | AP33: =SUM(X33:AN33) -> #REF! | AQ33: 0 | AR33: 0 | AS33: 0 | AT33: 0 | AU33: 0 | AV33: =+AQ33+AR33+AS33+AT33+AU33 -> 0 | AX33: #REF! | AY33: 0 | AZ33: =SUM(AW33:AY33) -> #REF!
A34: 1.02.02 | B34: Servicio de energìa elèctrica | C34: 5236000 | E34: -2260000 | F34: =+C34+D34+E34 -> 2976000 | M34: 2976000 | N34: 0 | O34: 0 | P34: 0 | Q34: =SUM(N34:P34) -> 0 | R34: =SUM(Q34,M34) -> 2976000 | S34: 0 | T34: 0 | U34: 0 | V34: 2976000 | W34: 0 | X34: 0 | Y34: -2260000 | Z34: 0 | AA34: 0 | AB34: 0 | AC34: 0 | AD34: 0 | AE34: =+'OSN PD'!Y36 -> 0 | AF34: =+'OSN PD'!Z36 -> 0 | AG34: 0 | AH34: 0 | AJ34: =+' INM'!AD36 -> 0 | AL34: 0 | AM34: #REF! | AO34: 0 | AP34: =SUM(X34:AN34) -> #REF! | AQ34: 0 | AR34: 0 | AS34: 0 | AT34: 0 | AU34: 0 | AV34: =+AQ34+AR34+AS34+AT34+AU34 -> 0 | AX34: #REF! | AY34: 0 | AZ34: =SUM(AW34:AY34) -> #REF!
A35: 1.02.03 | B35: Servicio de correo | C35: 480000 | E35: -280000 | F35: =+C35+D35+E35 -> 200000 | M35: 157965 | N35: 0 | O35: 0 | P35: 0 | Q35: =SUM(N35:P35) -> 0 | R35: =SUM(Q35,M35) -> 157965 | S35: 157965 | T35: 0 | U35: 42035 | V35: 42035 | W35: 42035 | X35: 0 | Y35: -280000 | Z35: 0 | AA35: 0 | AB35: 0 | AC35: 0 | AD35: 0 | AE35: =+'OSN PD'!Y37 -> 0 | AF35: =+'OSN PD'!Z37 -> 0 | AG35: 0 | AH35: 0 | AJ35: =+' INM'!AD37 -> 0 | AL35: 0 | AM35: #REF! | AO35: 0 | AP35: =SUM(X35:AN35) -> #REF! | AQ35: 0 | AR35: 0 | AS35: 0 | AT35: 0 | AU35: 0 | AV35: =+AQ35+AR35+AS35+AT35+AU35 -> 0 | AX35: #REF! | AY35: 0 | AZ35: =SUM(AW35:AY35) -> #REF!
A36: 1.02.04 | B36: Servicio de telecomunicaciones | C36: 12537320 | E36: -4336275 | F36: =+C36+D36+E36 -> 8201045 | M36: 6725167.1 | N36: 887805.26 | O36: 0 | P36: 588062.65 | Q36: =SUM(N36:P36) -> 1475867.9 | R36: =SUM(Q36,M36) -> 8201035 | S36: 8201035 | T36: 0 | U36: 10 | V36: 10 | W36: 10 | X36: 0 | Y36: -3313595 | Z36: 0 | AA36: #REF! | AB36: 0 | AC36: 0 | AD36: 0 | AE36: =+'OSN PD'!Y38 -> 0 | AF36: =+'OSN PD'!Z38 -> 0 | AG36: 0 | AH36: 0 | AJ36: =+' INM'!AD38 -> 0 | AL36: 0 | AM36: #REF! | AO36: 0 | AP36: =SUM(X36:AN36) -> #REF! | AQ36: 0 | AR36: 0 | AS36: 0 | AT36: 0 | AU36: 0 | AV36: =+AQ36+AR36+AS36+AT36+AU36 -> 0 | AX36: #REF! | AY36: 0 | AZ36: =SUM(AW36:AY36) -> #REF!
A37: 1.03.01 | B37: Información | C37: 500000 | E37: -300000 | F37: =+C37+D37+E37 -> 200000 | M37: 0 | N37: 0 | O37: 0 | P37: 0 | Q37: =SUM(N37:P37) -> 0 | R37: =SUM(Q37,M37) -> 0 | S37: 200000 | T37: -200000 | U37: 200000 | V37: 0 | W37: 0 | X37: 0 | Y37: -300000 | Z37: 0 | AA37: 0 | AB37: 0 | AC37: 0 | AD37: 0 | AE37: =+'OSN PD'!Y39 -> 0 | AF37: =+'OSN PD'!Z39 -> 0 | AG37: 0 | AH37: 0 | AJ37: =+' INM'!AD39 -> 0 | AL37: 0 | AM37: #REF! | AO37: 0 | AP37: =SUM(X37:AN37) -> #REF! | AQ37: 0 | AR37: 0 | AS37: 0 | AT37: 0 | AU37: 0 | AV37: =+AQ37+AR37+AS37+AT37+AU37 -> 0 | AX37: #REF! | AY37: 0 | AZ37: =SUM(AW37:AY37) -> #REF!
A38: 1.03.02 | B38: Publicidad y propaganda | C38: 700000 | E38: 0 | F38: =+C38+D38+E38 -> 700000 | M38: 697904.08 | N38: 0 | O38: 0 | P38: 0 | Q38: =SUM(N38:P38) -> 0 | R38: =SUM(Q38,M38) -> 697904.08 | S38: 697904.08 | T38: 0 | U38: 2095.92 | V38: 2095.92 | W38: 2095.92 | X38: 0 | Y38: 0 | Z38: 0 | AA38: 0 | AB38: 0 | AC38: 0 | AD38: 0 | AE38: =+'OSN PD'!Y40 -> 0 | AF38: =+'OSN PD'!Z40 -> 0 | AG38: 0 | AH38: 0 | AJ38: =+' INM'!AD40 -> 0 | AL38: 0 | AM38: #REF! | AO38: 0 | AP38: =SUM(X38:AN38) -> #REF! | AQ38: 0 | AR38: 0 | AS38: 0 | AT38: 0 | AU38: 0 | AV38: =+AQ38+AR38+AS38+AT38+AU38 -> 0 | AX38: #REF! | AY38: 0 | AZ38: =SUM(AW38:AY38) -> #REF!
A39: 1.03.03 | B39: Impresión, encuadernación y otros | C39: 150000 | E39: 0 | F39: =+C39+D39+E39 -> 150000 | M39: 150000 | N39: 0 | O39: 0 | P39: 0 | Q39: =SUM(N39:P39) -> 0 | R39: =SUM(Q39,M39) -> 150000 | S39: 150000 | T39: 0 | U39: 0 | V39: 0 | W39: 0 | X39: 0 | Y39: 0 | Z39: 0 | AA39: 0 | AB39: 0 | AC39: 0 | AD39: 0 | AE39: =+'OSN PD'!Y41 -> 0 | AF39: =+'OSN PD'!Z41 -> 0 | AG39: 0 | AH39: 0 | AJ39: =+' INM'!AD41 -> 0 | AL39: 0 | AM39: #REF! | AO39: 0 | AP39: =SUM(X39:AN39) -> #REF! | AQ39: 0 | AR39: 0 | AS39: 0 | AT39: 0 | AU39: 0 | AV39: =+AQ39+AR39+AS39+AT39+AU39 -> 0 | AX39: #REF! | AY39: 0 | AZ39: =SUM(AW39:AY39) -> #REF!
A40: 1.03.04 | B40: Transporte de bienes | C40: 7000000 | E40: 1680000 | F40: =+C40+D40+E40 -> 8680000 | M40: 6785989 | N40: 732918 | O40: 748512 | P40: 0 | Q40: =SUM(N40:P40) -> 1481430 | R40: =SUM(Q40,M40) -> 8267419 | S40: 8680000 | T40: -412581 | U40: 412581 | V40: 0 | W40: 0 | X40: 0 | Y40: 1680000 | Z40: 0 | AA40: 0 | AB40: 0 | AC40: 0 | AD40: 0 | AE40: =+'OSN PD'!Y42 -> 0 | AF40: =+'OSN PD'!Z42 -> 0 | AG40: 0 | AH40: 0 | AJ40: =+' INM'!AD42 -> 0 | AL40: 0 | AM40: #REF! | AO40: 0 | AP40: =SUM(X40:AN40) -> #REF! | AQ40: 0 | AR40: 0 | AS40: 0 | AT40: 0 | AU40: 0 | AV40: =+AQ40+AR40+AS40+AT40+AU40 -> 0 | AX40: #REF! | AY40: 0 | AZ40: =SUM(AW40:AY40) -> #REF!
A41: 1.03.05 | B41: Servicios aduaneros | C41: 0 | E41: 0 | F41: =+C41+D41+E41 -> 0 | M41: 0 | N41: 0 | O41: 0 | P41: 0 | Q41: =SUM(N41:P41) -> 0 | R41: =SUM(Q41,M41) -> 0 | S41: 0 | T41: 0 | U41: 0 | V41: 0 | W41: 0 | X41: 0 | Y41: 0 | Z41: 0 | AA41: 0 | AB41: 0 | AC41: 0 | AD41: 0 | AE41: =+'OSN PD'!Y43 -> 0 | AF41: =+'OSN PD'!Z43 -> 0 | AG41: 0 | AH41: 0 | AJ41: =+' INM'!AD43 -> 0 | AL41: 0 | AM41: #REF! | AO41: 0 | AP41: =SUM(X41:AN41) -> #REF! | AQ41: 0 | AR41: 0 | AS41: 0 | AT41: 0 | AU41: 0 | AV41: =+AQ41+AR41+AS41+AT41+AU41 -> 0 | AX41: #REF! | AY41: 0 | AZ41: =SUM(AW41:AY41) -> #REF!
A42: 1.03.06 | B42: Comisiones y gastos por serv.financieros y com. | C42: 5470086 | E42: -50000 | F42: =+C42+D42+E42 -> 5420086 | M42: 3749135.7 | N42: 417586.56 | O42: 397958.22 | P42: 395652.38 | Q42: =SUM(N42:P42) -> 1211197.2 | R42: =SUM(Q42,M42) -> 4960332.8 | S42: 5401477.8 | T42: -441144.94 | U42: 459753.16 | V42: 18608.22 | W42: 18608.22 | X42: 0 | Y42: 0 | Z42: -50000 | AA42: 0 | AB42: 0 | AC42: 0 | AD42: 0 | AE42: =+'OSN PD'!Y44 -> 0 | AF42: =+'OSN PD'!Z44 -> 0 | AG42: 0 | AH42: 0 | AJ42: =+' INM'!AD44 -> 0 | AL42: 0 | AM42: #REF! | AO42: 0 | AP42: =SUM(X42:AN42) -> #REF! | AQ42: 0 | AR42: 0 | AS42: 0 | AT42: 0 | AU42: 0 | AV42: =+AQ42+AR42+AS42+AT42+AU42 -> 0 | AX42: #REF! | AY42: 0 | AZ42: =SUM(AW42:AY42) -> #REF!
A43: 1.04.02 | B43: Servicios Jurídicos | C43: 0 | E43: 0 | F43: =+C43+D43+E43 -> 0 | M43: 0 | N43: 0 | O43: 0 | P43: 0 | Q43: =SUM(N43:P43) -> 0 | R43: =SUM(Q43,M43) -> 0 | S43: 0 | T43: 0 | U43: 0 | V43: 0 | W43: 0 | X43: 0 | Y43: 0 | Z43: 0 | AA43: 0 | AB43: 0 | AC43: 0 | AD43: 0 | AE43: =+'OSN PD'!Y45 -> 0 | AF43: =+'OSN PD'!Z45 -> 0 | AG43: 0 | AH43: 0 | AJ43: =+' INM'!AD45 -> 0 | AL43: 0 | AM43: #REF! | AN43: -2600000 | AO43: 0 | AP43: =SUM(X43:AN43) -> #REF!
A44: 1.04.03 | B44: Servicio de Ingeniería | C44: 0 | E44: 1463000 | F44: =+C44+D44+E44 -> 1463000 | M44: 0 | N44: 0 | O44: 0 | P44: 1462500 | Q44: =SUM(N44:P44) -> 1462500 | R44: =SUM(Q44,M44) -> 1462500 | S44: 1463000 | T44: -500 | U44: 500 | V44: 0 | W44: 0 | X44: 0 | Y44: 0 | Z44: 1463000 | AA44: 0 | AB44: 0 | AC44: 0 | AD44: 0 | AE44: =+'OSN PD'!Y46 -> 0 | AF44: =+'OSN PD'!Z46 -> 0 | AG44: 0 | AH44: 0 | AJ44: =+' INM'!AD46 -> 0 | AL44: 0 | AM44: #REF! | AN44: -1000000 | AO44: 0 | AP44: =SUM(X44:AN44) -> #REF! | AQ44: 0 | AR44: 0 | AS44: 0 | AT44: 0 | AU44: 0 | AV44: =+AQ44+AR44+AS44+AT44+AU44 -> 0 | AX44: #REF! | AY44: 0 | AZ44: =SUM(AW44:AY44) -> #REF!
A45: 1.04.04 | B45: Servicios Ciencias Economicas y sociales | C45: 0 | E45: 0 | F45: =+C45+D45+E45 -> 0 | M45: 0 | N45: 0 | O45: 0 | P45: 0 | Q45: =SUM(N45:P45) -> 0 | R45: =SUM(Q45,M45) -> 0 | S45: 0 | T45: 0 | U45: 0 | V45: 0 | W45: 0 | X45: 0 | Y45: 0 | Z45: 0 | AA45: 0 | AB45: 0 | AC45: 0 | AD45: 0 | AE45: =+'OSN PD'!Y47 -> 0 | AF45: =+'OSN PD'!Z47 -> 0 | AG45: 0 | AH45: 0 | AJ45: =+' INM'!AD47 -> 0 | AL45: 0 | AM45: #REF! | AO45: 0 | AP45: =SUM(X45:AN45) -> #REF! | AQ45: 0 | AR45: 0 | AS45: 0 | AT45: 0 | AU45: 0 | AV45: =+AQ45+AR45+AS45+AT45+AU45 -> 0 | AX45: #REF! | AY45: 0 | AZ45: =SUM(AW45:AY45) -> #REF!
A46: 1.04.05 | B46: Servicios de desarrollo sistemas infromaticos | C46: 0 | E46: 0 | F46: =+C46+D46+E46 -> 0 | M46: 0 | N46: 0 | O46: 0 | P46: 0 | Q46: =SUM(N46:P46) -> 0 | R46: =SUM(Q46,M46) -> 0 | S46: 0 | T46: 0 | U46: 0 | V46: 0 | W46: 0 | X46: 0 | Y46: 0 | Z46: 0 | AA46: 0 | AB46: 0 | AC46: 0 | AD46: 0 | AE46: =+'OSN PD'!Y48 -> 0 | AF46: =+'OSN PD'!Z48 -> 0 | AG46: 0 | AH46: 0 | AJ46: =+' INM'!AD48 -> 0 | AL46: 0 | AM46: #REF! | AO46: 0 | AP46: =SUM(X46:AN46) -> #REF! | AQ46: 0 | AR46: 0 | AS46: 0 | AT46: 0 | AU46: 0 | AV46: =+AQ46+AR46+AS46+AT46+AU46 -> 0 | AX46: #REF! | AY46: 0 | AZ46: =SUM(AW46:AY46) -> #REF!
A47: 1.04.06 | B47: Servicios generales | C47: 10000000 | E47: 1022680 | F47: =+C47+D47+E47 -> 11022680 | M47: 10000000 | N47: 0 | O47: 0 | P47: 0 | Q47: =SUM(N47:P47) -> 0 | R47: =SUM(Q47,M47) -> 10000000 | S47: 10000000 | T47: 0 | U47: 1022680 | V47: 1022680 | W47: 1022680 | X47: 0 | Y47: 0 | Z47: 0 | AA47: 1022680 | AB47: 0 | AC47: 0 | AD47: 0 | AE47: =+'OSN PD'!Y49 -> 0 | AF47: =+'OSN PD'!Z49 -> 0 | AG47: 0 | AH47: 0 | AJ47: =+' INM'!AD49 -> 0 | AL47: 0 | AM47: #REF! | AO47: 0 | AP47: =SUM(X47:AN47) -> #REF! | AQ47: 0 | AR47: 0 | AS47: 0 | AT47: 0 | AU47: 0 | AV47: =+AQ47+AR47+AS47+AT47+AU47 -> 0 | AX47: #REF! | AY47: 0 | AZ47: =SUM(AW47:AY47) -> #REF!
A48: 1.04.99 | B48: Otros servicios de gestión y apoyo | C48: 90000000 | E48: 15000000 | F48: =+C48+D48+E48 -> 105000000 | M48: 72851614 | N48: 10517688 | O48: 8523881.9 | P48: 8246492.4 | Q48: =SUM(N48:P48) -> 27288062 | R48: =SUM(Q48,M48) -> 1.0013968e+08 | S48: 1.0013968e+08 | T48: 0 | U48: 4860323.5 | V48: 4860323.5 | W48: 4860323.5 | X48: 0 | Y48: 0 | Z48: 10000000 | AA48: 0 | AB48: 0 | AC48: 5000000 | AD48: 0 | AE48: =+'OSN PD'!Y50 -> 0 | AF48: =+'OSN PD'!Z50 -> 0 | AG48: 0 | AH48: 0 | AJ48: =+' INM'!AD50 -> 0 | AL48: 0 | AM48: #REF! | AN48: 3000000 | AO48: 0 | AP48: =SUM(X48:AN48) -> #REF! | AQ48: 0 | AR48: 0 | AS48: 0 | AT48: 0 | AU48: 0 | AV48: =+AQ48+AR48+AS48+AT48+AU48 -> 0 | AX48: #REF! | AY48: 0 | AZ48: =SUM(AW48:AY48) -> #REF!
A49: 1.05.01 | B49: Transporte dentro del país | C49: 10350000 | E49: 0 | F49: =+C49+D49+E49 -> 10350000 | M49: 5559870 | N49: 564315 | O49: 2034000 | P49: 2191815 | Q49: =SUM(N49:P49) -> 4790130 | R49: =SUM(Q49,M49) -> 10350000 | S49: 10350000 | T49: 0 | U49: 0 | V49: 0 | W49: 0 | X49: 0 | Y49: 0 | Z49: 0 | AA49: 0 | AB49: 0 | AC49: 0 | AD49: 0 | AE49: =+'OSN PD'!Y51 -> 0 | AF49: =+'OSN PD'!Z51 -> 0 | AG49: 0 | AH49: 0 | AJ49: =+' INM'!AD51 -> 0 | AL49: 0 | AM49: #REF! | AN49: -1500000 | AO49: 0 | AP49: =SUM(X49:AN49) -> #REF! | AQ49: 0 | AR49: 0 | AS49: 0 | AT49: 0 | AU49: 0 | AV49: =+AQ49+AR49+AS49+AT49+AU49 -> 0 | AX49: #REF! | AY49: 0 | AZ49: =SUM(AW49:AY49) -> #REF!
A50: 1.05.02 | B50: Viáticos dentro del país | C50: 24500000 | E50: 0 | F50: =+C50+D50+E50 -> 24500000 | M50: 19636144 | N50: 1427158.9 | O50: 730173.1 | P50: 781732.47 | Q50: =SUM(N50:P50) -> 2939064.4 | R50: =SUM(Q50,M50) -> 22575208 | S50: 24434901 | T50: -1859693 | U50: 1924791.8 | V50: 65098.85 | W50: 65098.85 | X50: 0 | Y50: 0 | Z50: 0 | AA50: 0 | AB50: 0 | AC50: 0 | AD50: 0 | AE50: =+'OSN PD'!Y52 -> 0 | AF50: =+'OSN PD'!Z52 -> 0 | AG50: 0 | AH50: 0 | AJ50: =+' INM'!AD52 -> 0 | AL50: 0 | AM50: #REF! | AO50: 0 | AP50: =SUM(X50:AN50) -> #REF! | AQ50: 0 | AR50: 0 | AS50: 0 | AT50: 0 | AU50: 0 | AV50: =+AQ50+AR50+AS50+AT50+AU50 -> 0 | AX50: #REF! | AY50: 0 | AZ50: =SUM(AW50:AY50) -> #REF!
A51: 1.05.03 | B51: Transporte en el exterior | C51: 0 | E51: 0 | F51: =+C51+D51+E51 -> 0 | M51: 0 | N51: 0 | O51: 0 | P51: 0 | Q51: =SUM(N51:P51) -> 0 | R51: =SUM(Q51,M51) -> 0 | S51: 0 | T51: 0 | U51: 0 | V51: 0 | W51: 0 | X51: 0 | Y51: 0 | Z51: 0 | AA51: 0 | AB51: 0 | AC51: 0 | AD51: 0 | AE51: =+'OSN PD'!Y53 -> 0 | AF51: =+'OSN PD'!Z53 -> 0 | AG51: 0 | AH51: 0 | AJ51: =+' INM'!AD53 -> 0 | AL51: 0 | AM51: #REF! | AO51: 0 | AP51: =SUM(X51:AN51) -> #REF! | AQ51: 0 | AR51: 0 | AS51: 0 | AT51: 0 | AU51: 0 | AV51: =+AQ51+AR51+AS51+AT51+AU51 -> 0 | AX51: #REF! | AY51: 0 | AZ51: =SUM(AW51:AY51) -> #REF!
A52: 1.05.04 | B52: Viáticos en el exterior | C52: 0 | E52: 0 | F52: =+C52+D52+E52 -> 0 | M52: 0 | N52: 0 | O52: 0 | P52: 0 | Q52: =SUM(N52:P52) -> 0 | R52: =SUM(Q52,M52) -> 0 | S52: 0 | T52: 0 | U52: 0 | V52: 0 | W52: 0 | X52: 0 | Y52: 0 | Z52: 0 | AA52: 0 | AB52: 0 | AC52: 0 | AD52: 0 | AE52: =+'OSN PD'!Y54 -> 0 | AF52: =+'OSN PD'!Z54 -> 0 | AG52: 0 | AH52: 0 | AJ52: =+' INM'!AD54 -> 0 | AL52: 0 | AM52: #REF! | AO52: 0 | AP52: =SUM(X52:AN52) -> #REF! | AQ52: 0 | AR52: 0 | AS52: 0 | AT52: 0 | AU52: 0 | AV52: =+AQ52+AR52+AS52+AT52+AU52 -> 0 | AX52: #REF! | AY52: 0 | AZ52: =SUM(AW52:AY52) -> #REF!
A53: 1.06.01 | B53: Seguros | C53: 7150000 | E53: -727000 | F53: =+C53+D53+E53 -> 6423000 | M53: 5068736.9 | N53: 446259 | O53: 187793.25 | P53: 100297 | Q53: =SUM(N53:P53) -> 734349.25 | R53: =SUM(Q53,M53) -> 5803086.2 | S53: 6423000 | T53: -619913.85 | U53: 619913.85 | V53: 0 | W53: 0 | X53: 0 | Y53: -727000 | Z53: 0 | AA53: 0 | AB53: 0 | AC53: 0 | AD53: 0 | AE53: =+'OSN PD'!Y55 -> 0 | AF53: =+'OSN PD'!Z55 -> 0 | AG53: 0 | AH53: 0 | AJ53: =+' INM'!AD55 -> 0 | AL53: 0 | AM53: 0 | AO53: 0 | AP53: =SUM(X53:AN53) -> -727000 | AQ53: 0 | AR53: 0 | AS53: 0 | AT53: 0 | AU53: 0 | AV53: =+AQ53+AR53+AS53+AT53+AU53 -> 0 | AX53: #REF! | AY53: 0 | AZ53: =SUM(AW53:AY53) -> #REF!
A54: 1.07.01 | B54: Actividades de capacitación | C54: 1050000 | E54: -50000 | F54: =+C54+D54+E54 -> 1000000 | M54: 0 | N54: 0 | O54: 1000000 | P54: 0 | Q54: =SUM(N54:P54) -> 1000000 | R54: =SUM(Q54,M54) -> 1000000 | S54: 1000000 | T54: 0 | U54: 0 | V54: 0 | W54: 0 | X54: 0 | Y54: 0 | Z54: -50000 | AA54: 0 | AB54: 0 | AC54: 0 | AD54: 0 | AE54: =+'OSN PD'!Y56 -> 0 | AF54: =+'OSN PD'!Z56 -> 0 | AG54: 0 | AH54: 0 | AJ54: =+' INM'!AD56 -> 0 | AL54: 0 | AM54: 0 | AO54: 0 | AP54: =SUM(X54:AN54) -> -50000 | AQ54: 0 | AR54: 0 | AS54: 0 | AT54: 0 | AU54: 0 | AV54: =+AQ54+AR54+AS54+AT54+AU54 -> 0 | AX54: #REF! | AY54: 0 | AZ54: =SUM(AW54:AY54) -> #REF!
A55: 1.07.02 | B55: Actividades protocolarias y sociales | C55: 0 | E55: 0 | F55: =+C55+D55+E55 -> 0 | M55: 0 | N55: 0 | O55: 0 | P55: 0 | Q55: =SUM(N55:P55) -> 0 | R55: =SUM(Q55,M55) -> 0 | S55: 0 | T55: 0 | U55: 0 | V55: 0 | W55: 0 | X55: 0 | Y55: 0 | Z55: 0 | AA55: 0 | AB55: 0 | AC55: 0 | AD55: 0 | AE55: =+'OSN PD'!Y57 -> 0 | AF55: =+'OSN PD'!Z57 -> 0 | AG55: 0 | AH55: 0 | AJ55: =+' INM'!AD57 -> 0 | AL55: 0 | AM55: 0 | AO55: 0 | AP55: =SUM(X55:AN55) -> 0 | AQ55: 0 | AR55: 0 | AS55: 0 | AT55: 0 | AU55: 0 | AV55: =+AQ55+AR55+AS55+AT55+AU55 -> 0 | AX55: #REF! | AY55: 0 | AZ55: =SUM(AW55:AY55) -> #REF!
A56: 1.08.01 | B56: Mantenimiento de edificios y locales | C56: 10500000 | E56: 0 | F56: =+C56+D56+E56 -> 10500000 | M56: 8534204.2 | N56: 635471.67 | O56: 415925.55 | P56: 807950 | Q56: =SUM(N56:P56) -> 1859347.2 | R56: =SUM(Q56,M56) -> 10393551 | S56: 10393551 | T56: 0 | U56: 106448.59 | V56: 106448.59 | W56: 106448.59 | X56: 0 | Y56: 0 | Z56: 0 | AA56: 0 | AB56: 0 | AC56: 0 | AD56: 0 | AE56: =+'OSN PD'!Y59 -> 0 | AF56: =+'OSN PD'!Z59 -> 0 | AG56: 0 | AH56: 0 | AJ56: =+' INM'!AD59 -> 0 | AL56: 0 | AM56: 0 | AN56: -500000 | AO56: 0 | AP56: =SUM(X56:AN56) -> -500000 | AQ56: 0 | AR56: 0 | AS56: 0 | AT56: 0 | AU56: 0 | AV56: =+AQ56+AR56+AS56+AT56+AU56 -> 0 | AX56: #REF! | AY56: 0 | AZ56: =SUM(AW56:AY56) -> #REF!
A57: 1.08.04 | B57: Mantenimiento y repracion de equipo de produccion | C57: 0 | E57: 0 | F57: =+C57+D57+E57 -> 0 | M57: 0 | N57: 0 | O57: 0 | P57: 0 | Q57: =SUM(N57:P57) -> 0 | R57: =SUM(Q57,M57) -> 0 | S57: 0 | T57: 0 | U57: 0 | V57: 0 | W57: 0 | X57: 0 | Y57: 0 | Z57: 0 | AA57: 0 | AB57: 0 | AC57: 0 | AD57: 0 | AE57: =+'OSN PD'!Y60 -> 0 | AF57: =+'OSN PD'!Z60 -> 0 | AG57: 0 | AH57: 0 | AJ57: =+' INM'!AD60 -> 0 | AL57: 0 | AM57: 0 | AO57: 0 | AP57: =SUM(X57:AN57) -> 0 | AQ57: 0 | AR57: 0 | AS57: 0 | AT57: 0 | AU57: 0 | AV57: =+AQ57+AR57+AS57+AT57+AU57 -> 0 | AX57: #REF! | AY57: 0 | AZ57: =SUM(AW57:AY57) -> #REF!
A58: 1.08.05 | B58: Mant. y rep. de equipo de transporte | C58: 3000000 | E58: 450000 | F58: =+C58+D58+E58 -> 3450000 | M58: 2795364.5 | N58: 171031.88 | O58: 259393.76 | P58: 213715.77 | Q58: =SUM(N58:P58) -> 644141.41 | R58: =SUM(Q58,M58) -> 3439505.9 | S58: 3450000 | T58: -10494.1 | U58: 10494.1 | V58: 0 | W58: 0 | X58: 0 | Y58: 0 | Z58: 450000 | AA58: 0 | AB58: 0 | AC58: 0 | AD58: 0 | AE58: =+'OSN PD'!Y61 -> 0 | AF58: =+'OSN PD'!Z61 -> 0 | AG58: 0 | AH58: 0 | AJ58: =+' INM'!AD61 -> 0 | AL58: 0 | AM58: 0 | AN58: -1000000 | AO58: 0 | AP58: =SUM(X58:AN58) -> -550000 | AQ58: 0 | AR58: 0 | AS58: 0 | AT58: 0 | AU58: 0 | AV58: =+AQ58+AR58+AS58+AT58+AU58 -> 0 | AX58: #REF! | AY58: 0 | AZ58: =SUM(AW58:AY58) -> #REF!
A59: 1.08.06 | B59: Mant. y rep. de equipo de comunicación | C59: 0 | E59: 0 | F59: =+C59+D59+E59 -> 0 | M59: 0 | N59: 0 | O59: 0 | P59: 0 | Q59: =SUM(N59:P59) -> 0 | R59: =SUM(Q59,M59) -> 0 | S59: 0 | T59: 0 | U59: 0 | V59: 0 | W59: 0 | X59: 0 | Y59: 0 | Z59: 0 | AA59: 0 | AB59: 0 | AC59: 0 | AD59: 0 | AE59: =+'OSN PD'!Y62 -> 0 | AF59: =+'OSN PD'!Z62 -> 0 | AG59: 0 | AH59: 0 | AJ59: =+' INM'!AD62 -> 0 | AL59: 0 | AM59: 0 | AO59: 0 | AP59: =SUM(X59:AN59) -> 0 | AQ59: 0 | AR59: 0 | AS59: 0 | AT59: 0 | AU59: 0 | AV59: =+AQ59+AR59+AS59+AT59+AU59 -> 0 | AX59: #REF! | AY59: 0 | AZ59: =SUM(AW59:AY59) -> #REF!
A60: 1.08.07 | B60: Mant. y rep. de equipo y mob. de oficina | C60: 1700000 | E60: 100000 | F60: =+C60+D60+E60 -> 1800000 | M60: 782739.66 | N60: 252413.64 | O60: 92095.31 | P60: 621500 | Q60: =SUM(N60:P60) -> 966008.95 | R60: =SUM(Q60,M60) -> 1748748.6 | S60: 1750098 | T60: -1349.41 | U60: 51251.39 | V60: 49901.98 | W60: 49901.98 | X60: 0 | Y60: 0 | Z60: 100000 | AA60: 0 | AB60: 0 | AC60: 0 | AD60: 0 | AE60: =+'OSN PD'!Y63 -> 0 | AF60: =+'OSN PD'!Z63 -> 0 | AG60: 0 | AH60: 0 | AJ60: =+' INM'!AD63 -> 0 | AL60: 0 | AM60: 0 | AO60: 0 | AP60: =SUM(X60:AN60) -> 100000 | AQ60: 0 | AR60: 0 | AS60: 0 | AT60: 0 | AU60: 0 | AV60: =+AQ60+AR60+AS60+AT60+AU60 -> 0 | AX60: 0 | AY60: 0 | AZ60: =SUM(AW60:AY60) -> 0
A61: 1.08.08 | B61: Mant. y rep. de equipo de cómputo y sistemas de información | C61: 500000 | E61: -450000 | F61: =+C61+D61+E61 -> 50000 | M61: 39490 | N61: 0 | O61: 10499.96 | P61: 0 | Q61: =SUM(N61:P61) -> 10499.96 | R61: =SUM(Q61,M61) -> 49989.96 | S61: 50000 | T61: -10.04 | U61: 10.04 | V61: 0 | W61: 0 | X61: 0 | Y61: 0 | Z61: -450000 | AA61: 0 | AB61: 0 | AC61: 0 | AD61: 0 | AE61: =+'OSN PD'!Y64 -> 0 | AF61: =+'OSN PD'!Z64 -> 0 | AG61: 0 | AH61: 0 | AJ61: =+' INM'!AD64 -> 0 | AL61: 0 | AM61: 0 | AO61: 0 | AP61: =SUM(X61:AN61) -> -450000 | AQ61: 0 | AR61: 0 | AS61: 0 | AT61: 0 | AU61: 0 | AV61: =+AQ61+AR61+AS61+AT61+AU61 -> 0 | AX61: #REF! | AY61: 0 | AZ61: =SUM(AW61:AY61) -> #REF!
A62: 1.08.99 | B62: Mantenimiento y reparación de otros equipos | C62: 500000 | E62: 1587000 | F62: =+C62+D62+E62 -> 2087000 | M62: 367250 | N62: 499400 | O62: 776640 | P62: 193689.17 | Q62: =SUM(N62:P62) -> 1469729.2 | R62: =SUM(Q62,M62) -> 1836979.2 | S62: 2087000 | T62: -250020.83 | U62: 250020.83 | V62: 0 | W62: 0 | X62: 0 | Y62: 1587000 | Z62: 0 | AA62: 0 | AB62: 0 | AC62: 0 | AD62: 0 | AE62: =+'OSN PD'!Y65 -> 0 | AF62: =+'OSN PD'!Z65 -> 0 | AG62: 0 | AH62: 0 | AJ62: =+' INM'!AD65 -> 0 | AL62: 0 | AM62: 0 | AO62: 0 | AP62: =SUM(X62:AN62) -> 1587000 | AQ62: 0 | AR62: 0 | AS62: 0 | AT62: 0 | AU62: 0 | AV62: =+AQ62+AR62+AS62+AT62+AU62 -> 0 | AX62: #REF! | AY62: 0 | AZ62: =SUM(AW62:AY62) -> #REF!
A63: 1.99.02 | B63: Multas | C63: 0 | E63: 0 | F63: =+C63+D63+E63 -> 0 | M63: 0 | N63: 0 | O63: 0 | P63: 0 | Q63: =SUM(N63:P63) -> 0 | R63: =SUM(Q63,M63) -> 0 | S63: 0 | T63: 0 | U63: 0 | V63: 0 | W63: 0 | X63: 0 | Y63: 0 | Z63: 0 | AA63: 0 | AB63: 0 | AC63: 0 | AD63: 0 | AE63: =+'OSN PD'!Y68 -> 0 | AF63: =+'OSN PD'!Z68 -> 0 | AG63: 0 | AH63: 0 | AJ63: =+' INM'!AD68 -> 0 | AL63: 0 | AM63: 0 | AO63: 0 | AP63: =SUM(X63:AN63) -> 0 | AQ63: 0 | AR63: 0 | AS63: 0 | AT63: 0 | AU63: 0 | AV63: =+AQ63+AR63+AS63+AT63+AU63 -> 0 | AX63: #REF! | AY63: 0 | AZ63: =SUM(AW63:AY63) -> #REF!
A64: 1.99.99 | B64: Otros servicios no especificados | C64: 390000 | E64: -140000 | F64: =+C64+D64+E64 -> 250000 | M64: 151466 | N64: 7926.95 | O64: 0 | P64: 85000 | Q64: =SUM(N64:P64) -> 92926.95 | R64: =SUM(Q64,M64) -> 244392.95 | S64: 250000 | T64: -5607.05 | U64: 5607.05 | V64: 0 | W64: 0 | X64: 0 | Y64: 0 | Z64: -140000 | AA64: 0 | AB64: 0 | AC64: 0 | AD64: 0 | AE64: =+'OSN PD'!Y69 -> 0 | AF64: =+'OSN PD'!Z69 -> 0 | AG64: 0 | AH64: 0 | AJ64: =+' INM'!AD69 -> 0 | AL64: 0 | AM64: 0 | AO64: 0 | AP64: =SUM(X64:AN64) -> -140000 | AQ64: 0 | AR64: 0 | AS64: 0 | AT64: 0 | AU64: 0 | AV64: =+AQ64+AR64+AS64+AT64+AU64 -> 0 | AX64: #REF! | AY64: 0 | AZ64: =SUM(AW64:AY64) -> #REF!
A66: 2 | B66: MATERIALES Y SUMINISTROS | C66: =SUM(C68:C87) -> 6665863 | D66: =SUM(D68:D87) -> 0 | E66: =SUM(E68:E87) -> 0 | F66: =SUM(F68:F87) -> 6665863 | G66: =SUM(G68:G87) -> 0 | H66: =SUM(H68:H87) -> 0 | I66: =SUM(I68:I87) -> 0 | J66: =SUM(J68:J87) -> 0 | ... AH66: =SUM(AH68:AH87) -> 0 | AJ66: =SUM(AJ68:AJ87) -> 0 | AK66: =SUM(AK68:AK87) -> 0 | AM66: =SUM(AM68:AM87) -> 0 | AN66: =SUM(AN68:AN87) -> 7600000 | AO66: =SUM(AO68:AO87) -> 0 | AP66: =SUM(AP68:AP87) -> #REF! | AQ66: =SUM(AQ68:AQ87) -> 0 | AR66: =SUM(AR68:AR87) -> 0 | AS66: =SUM(AS68:AS87) -> 0 | AT66: =SUM(AT68:AT87) -> 0 | ... AZ66: =SUM(AZ68:AZ87) -> #REF!
A68: 2.01.01 | B68: Combustibles y lubricantes | C68: 3500000 | E68: -600000 | F68: =+C68+D68+E68 -> 2900000 | M68: 1258015 | N68: 215500 | O68: 265669 | P68: 125000 | Q68: =SUM(N68:P68) -> 606169 | R68: =SUM(Q68,M68) -> 1864184 | S68: 2900000 | T68: -1035816 | U68: 1035816 | V68: 0 | W68: 0 | X68: 0 | Y68: -600000 | Z68: 0 | AA68: 0 | AB68: 0 | AC68: 0 | AD68: 0 | AE68: =+'OSN PD'!Y73 -> 0 | AF68: =+'OSN PD'!Z73 -> 0 | AG68: 0 | AH68: 0 | AJ68: =+' INM'!AD73 -> 0 | AL68: 0 | AM68: 0 | AO68: 0 | AP68: =SUM(X68:AN68) -> -600000 | AQ68: 0 | AR68: 0 | AS68: 0 | AT68: 0 | AU68: 0 | AV68: =+AQ68+AR68+AS68+AT68+AU68 -> 0 | AX68: #REF! | AY68: 0 | AZ68: =SUM(AW68:AY68) -> #REF!
A69: 2.01.02 | B69: Productos farmacéuticos y medicinales | C69: 0 | E69: 0 | F69: =+C69+D69+E69 -> 0 | M69: 0 | N69: 0 | O69: 0 | P69: 0 | Q69: =SUM(N69:P69) -> 0 | R69: =SUM(Q69,M69) -> 0 | S69: 0 | T69: 0 | U69: 0 | V69: 0 | W69: 0 | X69: 0 | Y69: 0 | Z69: 0 | AA69: 0 | AB69: 0 | AC69: 0 | AD69: 0 | AE69: =+'OSN PD'!Y74 -> 0 | AF69: =+'OSN PD'!Z74 -> 0 | AG69: 0 | AH69: 0 | AJ69: =+' INM'!AD74 -> 0 | AL69: 0 | AM69: 0 | AO69: 0 | AP69: =SUM(X69:AN69) -> 0 | AQ69: 0 | AR69: 0 | AS69: 0 | AT69: 0 | AU69: 0 | AV69: =+AQ69+AR69+AS69+AT69+AU69 -> 0 | AX69: #REF! | AY69: 0 | AZ69: =SUM(AW69:AY69) -> #REF!
